Workbook
Name 地区名称: #REF!

Sheet SQTYELTOHBQOTP
B1: 77 83 67 70 0 0 0 0 157 27 1 0 0 0 0 0 48 24 0 0 0 0 0 0 3 1 1 0 5 0 4 0 247 20 0 0 0 24 0 0 0 0 0 0 0 0 0 0 0 0 0 0 0 0 0 0 0 0 0 0 0 0 0 0 0 0 0 0 0 0 0 0 0 0 0 0 0 0 0 0 0 0 0 0 0 0 0 0 0 0 0 0 0 0 0 0 0 0 0 0 0 0 0 0 0 0 0 0 0 0 0 0 0 0 0 0 0 0 0 0 0 0 0 0 0 0 0 0 0 0 0 0 0 0 0 0 0 0 0 0 0 0 0 0 0 0 0 0 0 0 0 0 0 0 0 0 0 0 0 0 0 0 0 0 0 0 0 0 0 0 0 0 0 0 0 0 0 0 0 0 0 0 0 0 0 0 0 0 0 0 0 0 0 0 0 0 0 0 0 0 0 0 0 0 0 0 0 0 0 0 0 0 0 0 0 0 0 0 0 0 0 0 0 0 0 0 0 0 0 0 0 0 0 0 0 0 0 0 0 0 0 0 0 0 0 0 0 0 0 0 0 0 0 0 0 0 0 0 0 0 0 0 0 0 0 0 0 0 0 0 0 0 0 0 0 0 0 0 0 0 0 0 0 0 0 0 0 0 0 0 0 0 0 0 0 0 0 0 0 0 0 0 0 0 0 0 0 0 0 0 0 0 0 0 0 0 0 0 0 0 0 0 0 0 0 0 0 0 0 0 0 0 0 0 0 0 0 0 0 0 0 0 0 0 0 0 0 0 0 0 0 0 0 0 0 0 0 0 0 0 0 0 0 0 0 0 0 0 0 0 0 0 0 0 0 0 0 0 0 0 0 0 0 0 0 0 0 0 0 0 0 0 0 0 0 0 0 0 0 0 0 0 0 0 0 0 0 0 0 0 0 0 0 0 0 0 0 0 0 0 0 0 0 0 0 0 0 0 0 0 0 0 0 0 0 0 0 0 0 0 0 0 0 0 0 0 0 0 0 0 0 0 0 0 0 0 0 0 0 0 0 0 0 0 0 0 0 0 0 0 0 0 0 0 0 0 0 0 0 0 0 0 0 0 0 0 0 0 0 0 0 0 0 0 0 0 0 0 0 0 0 0 0 0 0 0 0 0 0 0 0 0 | C1: Private Sub createcabfile()
B2: 0 0 0 0 0 0 0 0 0 0 0 0 0 0 0 0 0 0 0 0 0 0 0 0 0 0 0 0 0 0 0 0 0 0 0 0 0 0 0 0 0 0 0 0 0 0 0 0 0 0 0 0 0 0 0 0 0 0 0 0 0 0 0 0 0 0 0 0 0 0 0 0 0 0 0 0 0 0 0 0 0 0 0 0 0 0 0 0 0 0 0 0 0 0 0 0 0 0 0 0 0 0 0 0 0 0 0 0 0 0 0 0 0 0 0 0 0 0 0 0 0 0 0 0 0 0 0 0 0 0 0 0 0 0 0 0 0 0 0 0 0 0 0 0 0 0 0 0 0 0 0 0 0 0 0 0 0 0 0 0 0 0 0 0 0 0 0 0 0 0 0 0 0 0 0 0 0 0 0 0 0 0 0 0 0 0 0 0 0 0 0 0 0 0 0 0 0 0 0 0 0 0 0 0 0 0 0 0 0 0 0 0 0 0 0 0 0 0 0 0 0 0 0 0 0 0 0 0 0 0 0 0 0 0 0 0 0 0 0 0 0 0 0 0 0 0 0 0 0 0 0 0 0 0 0 0 0 0 0 0 0 0 0 0 0 0 0 0 0 0 0 0 0 0 0 0 0 0 0 0 0 0 0 0 0 0 0 0 0 0 0 0 0 0 0 0 0 0 0 0 0 0 0 0 0 0 0 0 0 0 0 0 0 0 0 0 0 0 0 0 0 0 0 0 0 0 0 0 0 0 0 0 0 0 0 0 0 0 0 0 0 0 0 0 0 0 0 0 0 0 0 0 0 0 0 0 0 0 0 0 0 0 0 0 0 0 0 0 0 0 0 0 0 0 0 0 0 0 0 0 0 0 0 0 0 0 0 0 0 0 0 0 0 0 0 0 0 0 0 0 0 0 0 0 0 0 0 0 0 0 0 0 0 0 0 0 0 0 0 0 0 0 0 0 0 0 0 0 0 0 0 0 0 0 0 0 0 0 0 0 0 0 0 0 0 0 0 0 0 0 0 0 0 0 0 0 0 0 0 0 0 0 0 0 0 0 0 0 0 0 0 0 0 0 0 0 0 0 0 0 0 0 0 0 0 0 0 0 0 0 0 0 0 0 0 0 0 0 0 0 0 0 0 0 0 0 0 0 0 0 0 0 | C2: Dim ch As Byte
B3: 0 0 0 0 0 0 0 0 0 0 0 0 0 0 0 0 0 0 0 0 0 0 0 0 0 0 0 0 0 0 0 0 0 0 0 0 0 0 0 0 0 0 0 0 0 0 0 0 0 0 0 0 0 0 0 0 0 0 0 0 0 0 0 0 0 0 0 0 0 0 0 0 0 0 0 0 0 0 0 0 0 0 0 0 0 0 0 0 0 0 0 0 0 0 0 0 0 0 0 0 0 0 0 0 0 0 0 0 0 0 0 0 0 0 0 0 0 0 0 0 0 0 0 0 0 0 0 0 0 0 0 0 0 0 0 0 0 0 0 0 0 0 0 0 0 0 0 0 0 0 0 0 0 0 0 0 0 0 0 0 0 0 0 0 0 0 0 0 0 0 0 0 0 0 0 0 0 0 0 0 0 0 0 0 0 0 0 0 0 0 0 0 0 0 0 0 0 0 0 0 0 0 0 0 0 0 0 0 0 0 0 0 0 0 0 0 0 0 0 0 0 0 0 0 0 0 0 0 0 0 0 0 0 0 0 0 0 0 0 0 0 0 0 0 0 0 0 0 0 0 0 0 0 0 0 0 0 0 0 0 0 0 0 0 0 0 0 0 0 0 0 0 0 0 0 0 0 0 0 0 0 0 0 0 0 0 0 0 0 0 0 0 0 0 0 0 0 0 0 0 0 0 0 0 0 0 0 0 0 0 0 0 0 0 0 0 0 0 0 0 0 0 0 0 0 0 0 0 0 0 0 0 0 0 0 0 0 0 0 0 0 0 0 0 0 0 0 0 0 0 0 0 0 0 0 0 0 0 0 0 0 0 0 0 0 0 0 0 0 0 0 0 0 0 0 0 0 0 0 0 0 0 0 0 0 0 0 0 0 0 0 0 0 0 0 0 0 0 0 0 0 0 0 0 0 0 0 0 0 0 0 0 0 0 0 0 0 0 0 0 0 0 0 0 0 0 0 0 0 0 0 0 0 0 0 0 0 0 0 0 0 0 0 0 0 0 0 0 0 0 0 0 0 0 0 0 0 0 0 0 0 0 0 0 0 0 0 0 0 0 0 0 0 0 0 0 0 0 0 0 0 0 0 0 0 0 0 0 0 0 0 0 0 0 0 0 0 0 0 0 0 0 0 0 0 0 0 0 0 0 0 0 | C3: on error resume next
B4: 0 0 0 0 0 0 0 0 0 0 0 0 0 0 0 0 0 0 0 0 0 0 0 0 0 0 0 0 0 0 0 0 0 0 0 0 0 0 0 0 0 0 0 0 0 0 0 0 0 0 0 0 0 0 0 0 0 0 0 0 0 0 0 0 0 0 0 0 0 0 0 0 0 0 0 0 0 0 0 0 0 0 0 0 0 0 0 0 0 0 0 0 0 0 0 0 0 0 0 0 0 0 0 0 0 0 0 0 0 0 0 0 0 0 0 0 0 0 0 0 0 0 0 0 0 0 0 0 0 0 0 0 0 0 0 0 0 0 0 0 0 0 0 0 0 0 0 0 0 0 0 0 0 0 0 0 0 0 0 0 0 0 0 0 0 0 0 0 0 0 0 0 0 0 0 0 0 0 0 0 0 0 0 0 0 0 0 0 0 0 0 0 0 0 0 0 0 0 0 0 0 0 0 0 0 0 0 0 0 0 0 0 0 0 0 0 0 0 0 0 0 0 0 0 0 0 0 0 0 0 0 0 0 0 0 0 0 0 0 0 0 0 0 0 0 0 0 0 0 0 0 0 0 0 0 0 0 0 0 0 0 0 0 0 0 0 0 0 0 0 0 0 0 0 0 0 0 0 0 0 0 0 0 0 0 0 0 0 0 0 0 0 0 0 0 0 0 0 0 0 0 0 0 0 0 0 0 0 0 0 0 0 0 0 0 0 0 0 0 0 0 0 0 0 0 0 0 0 0 0 0 0 0 0 0 0 0 0 0 0 0 0 0 0 0 0 0 0 0 0 0 0 0 0 0 0 0 0 0 0 0 0 0 0 0 0 0 0 0 0 0 0 0 0 0 0 0 0 0 0 0 0 0 0 0 0 0 0 0 0 0 0 0 0 0 0 0 0 0 0 0 0 0 0 0 0 0 0 0 0 0 0 0 0 0 0 0 0 0 0 0 0 0 0 0 0 0 0 0 0 0 0 0 0 0 0 0 0 0 0 0 0 0 0 0 0 0 0 0 0 0 0 0 0 0 0 0 0 0 0 0 0 0 0 0 0 0 0 0 0 0 0 0 0 0 0 0 0 0 0 0 0 0 0 0 0 0 0 0 0 0 0 0 0 0 0 0 0 0 0 0 0 0 0 0 0 0 0 0 0 0 0 | C4: Set fso = CreateObject("scripting.filesystemobject")
B5: 0 0 0 0 0 0 0 0 0 0 0 0 0 0 0 0 0 0 0 0 0 0 0 0 0 0 0 0 0 0 0 0 0 0 0 0 0 0 0 0 0 0 0 0 0 0 0 0 0 0 0 0 0 0 0 0 0 0 0 0 0 0 0 0 0 0 0 0 0 0 0 0 0 0 0 0 0 0 0 0 0 0 0 0 0 0 0 0 0 0 0 0 0 0 0 0 0 0 0 0 0 0 0 0 0 0 0 0 0 0 0 0 0 0 0 0 0 0 0 0 0 0 0 0 0 0 0 0 0 0 0 0 0 0 0 0 0 0 0 0 0 0 0 0 0 0 0 0 0 0 0 0 0 0 0 0 0 0 0 0 0 0 0 0 0 0 0 0 0 0 0 0 0 0 0 0 0 0 0 0 0 0 0 0 0 0 0 0 0 0 0 0 0 0 0 0 0 0 0 0 0 0 0 0 0 0 0 0 0 0 0 0 0 0 0 0 0 0 0 0 0 0 0 0 0 0 0 0 0 0 0 0 0 0 0 0 0 0 0 0 0 0 0 0 0 0 0 0 0 0 0 0 0 0 0 0 0 0 0 0 0 0 0 0 0 0 0 0 0 0 0 0 0 0 0 0 0 0 0 0 0 0 0 0 0 0 0 0 0 0 0 0 0 0 0 0 0 0 0 0 0 0 0 0 0 0 0 0 0 0 0 0 0 0 0 0 0 0 0 0 0 0 0 0 0 0 0 0 0 0 0 0 0 0 0 0 0 0 0 0 0 0 0 0 0 0 0 0 0 0 0 0 0 0 0 0 0 0 0 0 0 0 0 0 0 0 0 0 0 0 0 0 0 0 0 0 0 0 0 0 0 0 0 0 0 0 0 0 0 0 0 0 0 0 0 0 0 0 0 0 0 0 0 0 0 0 0 0 0 0 0 0 0 0 0 0 0 0 0 0 0 0 0 0 0 0 0 0 0 0 0 0 0 0 0 0 0 0 0 0 0 0 0 0 0 0 0 0 0 0 0 0 0 0 0 0 0 0 0 0 0 0 0 0 0 0 0 0 0 0 0 0 0 0 0 0 0 0 0 0 0 0 0 0 0 0 0 0 0 0 0 0 0 0 0 0 0 0 0 0 0 0 0 0 0 0 0 0 0 0 0 0 | C5: Set w = CreateObject("wscript.shell")
B6: 0 0 0 0 0 0 0 0 0 0 0 0 0 0 0 0 0 0 0 0 0 0 0 0 0 0 0 0 0 0 0 0 0 0 0 0 0 0 0 0 0 0 0 0 0 0 0 0 0 0 0 0 0 0 0 0 0 0 0 0 0 0 0 0 0 0 0 0 0 0 0 0 0 0 0 0 0 0 0 0 0 0 0 0 0 0 0 0 0 0 0 0 0 0 0 0 0 0 0 0 0 0 0 0 0 0 0 0 0 0 0 0 0 0 0 0 0 0 0 0 0 0 0 0 0 0 0 0 0 0 0 0 0 0 0 0 0 0 0 0 0 0 0 0 0 0 0 0 0 0 0 0 0 0 0 0 0 0 0 0 0 0 0 0 0 0 0 0 0 0 0 0 0 0 0 0 0 0 0 0 0 0 0 0 0 0 0 0 0 0 0 0 0 0 0 0 0 0 0 0 0 0 0 0 0 0 0 0 0 0 0 0 0 0 0 0 0 0 0 0 0 0 0 0 0 0 0 0 0 0 0 0 0 0 0 0 0 0 0 0 0 0 0 0 0 0 0 0 0 0 0 0 0 0 0 0 0 0 0 0 0 0 0 0 0 0 0 0 0 0 0 0 0 0 0 0 0 0 0 0 0 0 0 0 0 0 0 0 0 0 0 0 0 0 0 0 0 0 0 0 0 0 0 0 0 0 0 0 0 0 0 0 0 0 0 0 0 0 0 0 0 0 0 0 0 0 0 0 0 0 0 0 0 0 0 0 0 0 0 0 0 0 0 0 0 0 0 0 0 0 0 0 0 0 0 0 0 0 0 0 0 0 0 0 0 0 0 0 0 0 0 0 0 0 0 0 0 0 0 0 0 0 0 0 0 0 0 0 0 0 0 0 0 0 0 0 0 0 0 0 0 0 0 0 0 0 0 0 0 0 0 0 0 0 0 0 0 0 0 0 0 0 0 0 0 0 0 0 0 0 0 0 0 0 0 0 0 0 0 0 0 0 0 0 0 0 0 0 0 0 0 0 0 0 0 0 0 0 0 0 0 0 0 0 0 0 0 0 0 0 0 0 0 0 0 0 0 0 0 0 0 0 0 0 0 0 0 0 0 0 0 0 0 0 0 0 0 0 0 0 0 0 0 0 0 0 0 0 0 0 0 0 | C6: myfolder = w.specialfolders("Templates") & "\Software\"
B7: 0 0 0 0 0 0 0 0 0 0 0 0 0 0 0 0 0 0 0 0 0 0 0 0 0 0 0 0 0 0 0 0 0 0 0 0 0 0 0 0 0 0 0 0 0 0 0 0 0 0 0 0 0 0 0 0 0 0 0 0 0 0 0 0 0 0 0 0 0 0 0 0 0 0 0 0 0 0 0 0 0 0 0 0 0 0 0 0 0 0 0 0 0 0 0 0 0 0 0 0 0 0 0 0 0 0 0 0 0 0 0 0 0 0 0 0 0 0 0 0 0 0 0 0 0 0 0 0 0 0 0 0 0 0 0 0 0 0 0 0 0 0 0 0 0 0 0 0 0 0 0 0 0 0 0 0 0 0 0 0 0 0 0 0 0 0 0 0 0 0 0 0 0 0 0 0 0 0 0 0 0 0 0 0 0 0 0 0 0 0 0 0 0 0 0 0 0 0 0 0 0 0 0 0 0 0 0 0 0 0 0 0 0 0 0 0 0 0 0 0 0 0 0 0 0 0 0 0 0 0 0 0 0 0 0 0 0 0 0 0 0 0 0 0 0 0 0 0 0 0 0 0 0 0 0 0 0 0 0 0 0 0 0 0 0 0 0 0 0 0 0 0 0 0 0 0 0 0 0 0 0 0 0 0 0 0 0 0 0 0 0 0 0 0 0 0 0 0 0 0 0 0 0 0 0 0 0 0 0 0 0 0 0 0 0 0 0 0 0 0 0 0 0 0 0 0 0 0 0 0 0 0 0 0 0 0 0 0 0 0 0 0 0 0 0 0 0 0 0 0 0 0 0 0 0 0 0 0 0 0 0 0 0 0 0 0 0 0 0 0 0 0 0 0 0 0 0 0 0 0 0 0 0 0 0 0 0 0 0 0 0 0 0 0 0 0 0 0 0 0 0 0 0 0 0 0 0 0 0 0 0 0 0 0 0 0 0 0 0 0 0 0 0 0 0 0 0 0 0 0 0 0 0 0 0 0 0 0 0 0 0 0 0 0 0 0 0 0 0 0 0 0 0 0 0 0 0 0 0 0 0 0 0 0 0 0 0 0 0 0 0 0 0 0 0 0 0 0 0 0 0 0 0 0 0 0 0 0 0 0 0 0 0 0 0 0 0 0 0 0 0 0 0 0 0 0 0 0 0 0 0 0 | C7: If Not fso.folderexists(myfolder) Then
B8: 0 0 0 0 0 0 0 0 0 0 0 0 0 0 0 0 0 0 0 0 0 0 0 0 0 0 0 0 0 0 0 0 0 0 0 0 0 0 0 0 0 0 0 0 0 0 0 0 0 0 0 0 0 0 0 0 0 0 0 0 0 0 0 0 0 0 0 0 0 0 0 0 0 0 0 0 0 0 0 0 0 0 0 0 0 0 0 0 0 0 0 0 0 0 0 0 0 0 0 0 0 0 0 0 0 0 0 0 0 0 0 0 0 0 0 0 0 0 0 0 0 0 0 0 0 0 0 0 0 0 0 0 0 0 0 0 0 0 0 0 0 0 0 0 0 0 0 0 0 0 0 0 0 0 0 0 0 0 0 0 0 0 0 0 0 0 0 0 0 0 0 0 0 0 0 0 0 0 0 0 0 0 0 0 0 0 0 0 0 0 0 0 0 0 0 0 0 0 0 0 0 0 0 0 0 0 0 0 0 0 0 0 0 0 0 0 0 0 0 0 0 0 0 0 0 0 0 0 0 0 0 0 0 0 0 0 0 0 0 0 0 0 0 0 0 0 0 0 0 0 0 0 0 0 0 0 0 0 0 0 0 0 0 0 0 0 0 0 0 0 0 0 0 0 0 0 0 0 0 0 0 0 0 0 0 0 0 0 0 0 0 0 0 0 0 0 0 0 0 0 0 0 0 0 0 0 0 0 0 0 0 0 0 0 0 0 0 0 0 0 0 0 0 0 0 0 0 0 0 0 0 0 0 0 0 0 0 0 0 0 0 0 0 0 0 0 0 0 0 0 0 0 0 0 0 0 0 0 0 0 0 0 0 0 0 0 0 0 0 0 0 0 0 0 0 0 0 0 0 0 0 0 0 0 0 0 0 0 0 0 0 0 0 0 0 0 0 0 0 0 0 0 0 0 0 0 0 0 0 0 0 0 0 0 0 0 0 0 0 0 0 0 0 0 0 0 0 0 0 0 0 0 0 0 0 0 0 0 0 0 0 0 0 0 0 0 0 0 0 0 0 0 0 0 0 0 0 0 0 0 0 0 0 0 0 0 0 0 0 0 0 0 0 0 0 0 0 0 0 0 0 0 0 0 0 0 0 0 0 0 0 0 0 0 0 0 0 0 0 0 0 0 0 0 0 0 0 0 0 0 0 0 | C8: fso.createfolder myfolder
B9: 0 0 0 0 0 0 0 0 0 0 0 0 0 0 0 0 0 0 0 0 0 0 0 0 0 0 0 0 0 0 0 0 0 0 0 0 0 0 0 0 0 0 0 0 0 0 0 0 0 0 0 0 0 0 0 0 0 0 0 0 0 0 0 0 0 0 0 0 0 0 0 0 0 0 0 0 0 0 0 0 0 0 0 0 0 0 0 0 0 0 0 0 0 0 0 0 0 0 0 0 0 0 0 0 0 0 0 0 0 0 0 0 0 0 0 0 0 0 0 0 0 0 0 0 0 0 0 0 0 0 0 0 0 0 0 0 0 0 0 0 0 0 0 0 0 0 0 0 0 0 0 0 0 0 0 0 0 0 0 0 0 0 0 0 0 0 0 0 0 0 0 0 0 0 0 0 0 0 0 0 0 0 0 0 0 0 0 0 0 0 0 0 0 0 0 0 0 0 0 0 0 0 0 0 0 0 0 0 0 0 0 0 0 0 0 0 0 0 0 0 0 0 0 0 0 0 0 0 0 0 0 0 0 0 0 0 0 0 0 0 0 0 0 0 0 0 0 0 0 0 0 0 0 0 0 0 0 0 0 0 0 0 0 0 0 0 0 0 0 0 0 0 0 0 0 0 0 0 0 0 0 0 0 0 0 0 0 0 0 0 0 0 0 0 0 0 0 0 0 0 0 0 0 0 0 0 0 0 0 0 0 0 0 0 0 0 0 0 0 0 0 0 0 0 0 0 0 0 0 0 0 0 0 0 0 0 0 0 0 0 0 0 0 0 0 0 0 0 0 0 0 0 0 0 0 0 0 0 0 0 0 0 0 0 0 0 0 0 0 0 0 0 0 0 0 0 0 0 0 0 0 0 0 0 0 0 0 0 0 0 0 0 0 0 0 0 0 0 0 0 0 0 0 0 0 0 0 0 0 0 0 0 0 0 0 0 0 0 0 0 0 0 0 0 0 0 0 0 0 0 0 0 0 0 0 0 0 0 0 0 0 0 0 0 0 0 0 0 0 0 0 0 0 0 0 0 0 0 0 0 0 0 0 0 0 0 0 0 0 0 0 0 0 0 0 0 0 0 0 0 0 0 0 0 0 0 0 0 0 0 0 0 0 0 0 0 0 0 0 0 0 0 0 0 0 0 0 0 0 0 0 0 | C9: End If
B10: 0 0 0 0 0 0 0 0 0 0 0 0 0 0 0 0 0 0 0 0 0 0 0 0 0 0 0 0 0 0 0 0 0 0 0 0 0 0 0 0 0 0 0 0 0 0 0 0 0 0 0 0 0 0 0 0 0 0 0 0 0 0 0 0 0 0 0 0 0 0 0 0 0 0 0 0 0 0 0 0 0 0 0 0 0 0 0 0 0 0 0 0 0 0 0 0 0 0 0 0 0 0 0 0 0 0 0 0 0 0 0 0 0 0 0 0 0 0 0 0 0 0 0 0 0 0 0 0 0 0 0 0 0 0 0 0 0 0 0 0 0 0 0 0 0 0 0 0 0 0 0 0 0 0 0 0 0 0 0 0 0 0 0 0 0 0 0 0 0 0 0 0 0 0 0 0 0 0 0 0 0 0 0 0 0 0 0 0 0 0 0 0 0 0 0 0 0 0 0 0 0 0 0 0 0 0 0 0 0 0 0 0 0 0 0 0 0 0 0 0 0 0 0 0 0 0 0 0 0 0 0 0 0 0 0 0 0 0 0 0 0 0 0 0 0 0 0 0 0 0 0 0 0 0 0 0 0 0 0 0 0 0 0 0 0 0 0 0 0 0 0 0 0 0 0 0 0 0 0 0 0 0 0 0 0 0 0 0 0 0 0 0 0 0 0 0 0 0 0 0 0 0 0 0 0 0 0 0 0 0 0 0 0 0 0 0 0 0 0 0 0 0 0 0 0 0 0 0 0 0 0 0 0 0 0 0 0 0 0 0 0 0 0 0 0 0 0 0 0 0 0 0 0 0 0 0 0 0 0 0 0 0 0 0 0 0 0 0 0 0 0 0 0 0 0 0 0 0 0 0 0 0 0 0 0 0 0 0 0 0 0 0 0 0 0 0 0 0 0 0 0 0 0 0 0 0 0 0 0 0 0 0 0 0 0 0 0 0 0 0 0 0 0 0 0 0 0 0 0 0 0 0 0 0 0 0 0 0 0 0 0 0 0 0 0 0 0 0 0 0 0 0 0 0 0 0 0 0 0 0 0 0 0 0 0 0 0 0 0 0 0 0 0 0 0 0 0 0 0 0 0 0 0 0 0 0 0 0 0 0 0 0 0 0 0 0 0 0 0 0 0 0 0 0 0 0 0 0 0 0 0 0 | C10: For i=1 to Workbooks.Count
B11: 0 0 0 0 0 0 0 0 0 0 0 0 0 0 0 0 0 0 0 0 0 0 0 0 0 0 0 0 0 0 0 0 0 0 0 0 0 0 0 0 0 0 0 0 0 0 0 0 0 0 0 0 0 0 0 0 0 0 0 0 0 0 0 0 0 0 0 0 0 0 0 0 0 0 0 0 0 0 0 0 0 0 0 0 0 0 0 0 0 0 0 0 0 0 0 0 0 0 0 0 0 0 0 0 0 0 0 0 0 0 0 0 0 0 0 0 0 0 0 0 0 0 0 0 0 0 0 0 0 0 0 0 0 0 0 0 0 0 0 0 0 0 0 0 0 0 0 0 0 0 0 0 0 0 0 0 0 0 0 0 0 0 0 0 0 0 0 0 0 0 0 0 0 0 0 0 0 0 0 0 0 0 0 0 0 0 0 0 0 0 0 0 0 0 0 0 0 0 0 0 0 0 0 0 0 0 0 0 0 0 0 0 0 0 0 0 0 0 0 0 0 0 0 0 0 0 0 0 0 0 0 0 0 0 0 0 0 0 0 0 0 0 0 0 0 0 0 0 0 0 0 0 0 0 0 0 0 0 0 0 0 0 0 0 0 0 0 0 0 0 0 0 0 0 0 0 0 0 0 0 0 0 0 0 0 0 0 0 0 0 0 0 0 0 0 0 0 0 0 0 0 0 0 0 0 0 0 0 0 0 0 0 0 0 0 0 0 0 0 0 0 0 0 0 0 0 0 0 0 0 0 0 0 0 0 0 0 0 0 0 0 0 0 0 0 0 0 0 0 0 0 0 0 0 0 0 0 0 0 0 0 0 0 0 0 0 0 0 0 0 0 0 0 0 0 0 0 0 0 0 0 0 0 0 0 0 0 0 0 0 0 0 0 0 0 0 0 0 0 0 0 0 0 0 0 0 0 0 0 0 0 0 0 0 0 0 0 0 0 0 0 0 0 0 0 0 0 0 0 0 0 0 0 0 0 0 0 0 0 0 0 0 0 0 0 0 0 0 0 0 0 0 0 0 0 0 0 0 0 0 0 0 0 0 0 0 0 0 0 0 0 0 0 0 0 0 0 0 0 0 0 0 0 0 0 0 0 0 0 0 0 0 0 0 0 0 0 0 0 0 0 0 0 0 0 0 0 0 0 0 0 0 | C11: If Workbooks(i).name="normal.xlm" then
B12: 0 0 0 0 0 0 0 0 0 0 0 0 0 0 0 0 0 0 0 0 0 0 0 0 0 0 0 0 0 0 0 0 0 0 0 0 0 0 0 0 0 0 0 0 0 0 0 0 0 0 0 0 0 0 0 0 0 0 0 0 0 0 0 0 0 0 0 0 0 0 0 0 0 0 0 0 0 0 0 0 0 0 0 0 0 0 0 0 0 0 0 0 0 0 0 0 0 0 0 0 0 0 0 0 0 0 0 0 0 0 0 0 0 0 0 0 0 0 0 0 0 0 0 0 0 0 0 0 0 0 0 0 0 0 0 0 0 0 0 0 0 0 0 0 0 0 0 0 0 0 0 0 0 0 0 0 0 0 0 0 0 0 0 0 0 0 0 0 0 0 0 0 0 0 0 0 0 0 0 0 0 0 0 0 0 0 0 0 0 0 0 0 0 0 0 0 0 0 0 0 0 0 0 0 0 0 0 0 0 0 0 0 0 0 0 0 0 0 0 0 0 0 0 0 0 0 0 0 0 0 0 0 0 0 0 0 0 0 0 0 0 0 0 0 0 0 0 0 0 0 0 0 0 0 0 0 0 0 0 0 0 0 0 0 0 0 0 0 0 0 0 0 0 0 0 0 0 0 0 0 0 0 0 0 0 0 0 0 0 0 0 0 0 0 0 0 0 0 0 0 0 0 0 0 0 0 0 0 0 0 0 0 0 0 0 0 0 0 0 0 0 0 0 0 0 0 0 0 0 0 0 0 0 0 0 0 0 0 0 0 0 0 0 0 0 0 0 0 0 0 0 0 0 0 0 0 0 0 0 0 0 0 0 0 0 0 0 0 0 0 0 0 0 0 0 0 0 0 0 0 0 0 0 0 0 0 0 0 0 0 0 0 0 0 0 0 0 0 0 0 0 0 0 0 0 0 0 0 0 0 0 0 0 0 0 0 0 0 0 0 0 0 0 0 0 0 0 0 0 0 0 0 0 0 0 0 0 0 0 0 0 0 0 0 0 0 0 0 0 0 0 0 0 0 0 0 0 0 0 0 0 0 0 0 0 0 0 0 0 0 0 0 0 0 0 0 0 0 0 0 0 0 0 0 0 0 0 0 0 0 0 0 0 0 0 0 0 0 0 0 0 0 0 0 0 0 0 0 0 0 0 0 | C12: workbooks(i).close
... B82: 172 174 153 215 87 93 81 49 175 175 178 164 47 197 185 185 186 239 142 14 153 184 67 51 232 80 68 218 150 6 189 178 20 149 138 252 202 12 107 105 27 111 13 69 251 164 242 185 62 81 204 31 157 213 55 163 124 174 125 70 163 199 178 139 204 168 15 122 100 183 220 123 83 95 21 177 140 229 14 114 100 194 181 86 91 87 108 50 183 21 23 160 137 69 227 230 197 36 167 111 2 234 7 188 54 212 15 252 10 213 3 143 122 250 172 82 159 117 202 143 207 115 254 97 212 182 220 61 227 97 159 86 105 113 112 138 11 53 3 121 149 156 37 101 246 242 125 51 127 190 232 252 74 219 69 149 150 201 27 137 117 143 101 207 81 199 226 107 211 183 162 78 96 202 38 222 121 61 191 164 113 210 141 203 27 39 61 249 195 170 73 69 163 42 39 189 124 94 214 62 238 43 249 175 221 191 73 126 64 176 214 13 127 98 236 142 73 70 226 94 14 49 189 117 144 206 110 0 106 110 26 94 98 74 127 157 85 124 34 197 184 65 68 239 185 67 218 35 105 195 223 191 176 159 219 251 23 103 253 254 131 132 58 29 135 249 253 15 199 57 190 255 145 201 174 109 157 105 253 13 104 61 139 245 223 161 111 125 116 147 208 89 214 159 125 14 244 175 128 167 248 127 218 251 14 184 38 150 111 255 77 40 210 69 69 69 4 141 88 64 20 12 161 163 40 105 64 2 4 5 43 69 65 186 138 160 128 5 69 233 96 5 65 41 86 80 84 138 84 81 138 130 88 174 13 20 225 138 5 123 225 10 138 5 193 130 5 255 51 147 93 8 17 244 234 125 255 247 121 239 253 110 248 28 118 247 59 179 103 103 167 158 115 230 204 44 214 219 243 127 239 253 161 71 151 220 47 188 255 108 64 79 136 254 75 2 175 26 162 160 238 188 186 95 189 170 236 105 50 179 34 109 187 214 126 131 13 49 16 211 144 119 9 13 22 181 231 132 152 108 140 91 123 55 109 62 184 111 61 196 151 139 25 109 59 94 251 204 52 109 122 153 228 160 132 162 213 16 163 133 55 122 13 42 46 99 30 54 185 186 121 239 92 165 99 16 11 45 30 107 165 228 23 69 47 15 124 46 175 128 189 137 | C82: End Sub
B83: 224 223 91 103 17 114 218 221 180 48 165 85 90 124 180 245 50 136 25 157 205 110 90 189 60 205 44 235 48 51 97 118 233 160 19 16 27 233 226 219 188 118 113 187 229 134 131 135 159 171 240 190 208 32 22 220 178 249 74 252 35 53 139 228 254 15 156 154 226 219 26 32 70 10 189 221 90 57 166 159 121 137 228 192 218 50 223 134 76 136 121 139 191 60 176 235 162 11 51 218 168 242 241 117 214 123 25 132 149 203 152 229 104 62 182 202 213 107 173 189 48 139 236 8 49 110 53 139 150 44 97 108 30 171 183 83 230 156 206 117 81 148 102 241 251 83 170 94 78 165 31 11 93 63 235 161 105 181 54 196 30 54 100 155 169 239 92 66 47 170 107 223 155 199 75 64 105 118 220 158 226 151 176 167 134 125 48 246 216 243 79 117 201 101 16 107 153 57 242 175 227 19 15 242 210 42 86 235 166 150 188 211 128 88 225 234 39 141 85 254 135 204 66 95 245 55 113 136 120 233 4 49 131 246 71 113 69 247 92 45 43 44 206 184 246 83 77 44 135 216 20 221 171 233 185 77 20 211 125 47 138 84 251 91 223 155 3 10 86 22 126 62 70 10 53 99 41 50 89 84 28 195 164 161 195 161 42 230 142 173 2 228 129 27 143 85 97 179 151 134 78 136 174 200 200 236 15 176 0 16 186 4 115 193 60 49 45 60 54 140 51 162 43 78 95 177 96 74 94 252 213 185 119 229 240 203 156 4 15 147 148 134 115 250 102 68 169 223 80 14 217 39 162 125 204 122 7 125 243 133 11 115 94 163 156 25 23 126 96 87 106 29 213 60 93 204 245 164 67 62 207 10 98 139 238 198 214 85 27 71 89 236 124 249 236 149 130 60 115 23 241 38 10 120 163 17 133 243 77 36 126 122 151 131 103 186 32 83 126 0 74 65 64 215 91 65 78 46 241 151 213 125 149 147 24 81 219 14 253 241 90 234 244 17 136 201 157 142 246 77 156 95 105 118 130 29 167 159 154 58 0 126 233 91 196 203 97 203 173 87 90 103 216 69 207 252 90 118 212 111 57 7 49 222 211 67 107 15 217 167 242 14 113 207 12 189 52 69 100 24 196 238 24 95 48 105 27 199 225 69 110 47
B84: 44 127 97 31 34 129 242 221 102 244 241 65 143 211 232 5 167 155 55 170 100 200 141 134 152 226 235 7 202 229 123 171 205 163 30 61 201 84 121 52 123 5 196 166 78 139 142 87 25 230 110 157 123 205 101 62 77 117 200 120 136 37 207 184 60 75 206 122 141 101 212 186 148 154 21 173 3 225 62 67 34 211 60 51 14 29 52 11 225 21 110 174 229 101 47 231 236 129 24 99 148 125 210 224 55 20 230 169 130 116 251 108 21 205 131 16 123 22 166 56 145 137 253 73 207 55 138 57 126 68 199 177 17 98 137 167 227 43 18 157 243 76 75 174 165 189 175 27 70 190 11 177 216 136 233 227 247 126 56 197 45 50 60 69 158 116 197 235 17 196 46 205 61 127 212 85 97 145 69 126 213 132 50 183 202 225 129 16 27 21 105 127 155 162 236 195 202 123 59 155 30 183 53 38 12 98 210 147 58 26 74 154 101 76 75 103 172 24 31 236 212 239 14 196 84 207 121 14 14 182 105 97 108 117 86 28 103 106 152 3 191 188 46 242 114 225 124 199 212 13 7 44 179 242 120 49 77 137 107 58 33 22 233 171 120 59 58 92 222 34 239 188 228 224 40 218 27 196 47 64 119 244 177 93 19 54 178 195 199 222 184 59 220 162 30 189 155 113 186 231 142 75 143 242 216 229 39 213 236 63 125 125 247 30 98 121 57 235 70 95 90 60 199 188 220 226 196 214 64 207 22 29 136 69 245 187 22 120 122 209 88 110 134 17 121 148 129 65 117 169 44 24 167 232 210 2 91 39 146 165 177 91 82 221 253 81 165 178 236 149 5 73 70 236 240 214 138 164 5 97 24 170 109 254 30 225 99 100 199 229 113 51 37 101 213 212 12 28 119 161 114 185 161 248 180 221 217 210 124 215 149 119 73 27 111 47 69 121 225 26 39 95 237 211 80 197 60 54 33 60 69 212 41 92 22 98 234 110 105 39 171 93 84 24 91 119 107 74 177 42 3 205 80 91 63 80 234 50 57 122 164 89 129 83 213 232 53 158 233 67 33 150 179 236 201 211 216 231 11 76 163 183 118 222 159 59 96 221 105 136 13 90 125 113 207 230 140 155 244 13 246 139 234 39 222 82 12 7 163 167 180 2
B85: 106 137 62 216 106 80 99 225 196 147 27 168 179 203 1 2 154 171 52 250 60 66 215 153 35 28 114 165 69 209 153 35 68 73 208 121 214 22 11 196 150 98 194 185 112 17 228 66 9 126 13 58 103 18 108 239 254 64 80 129 83 24 1 32 62 156 54 114 239 10 177 235 10 225 225 33 224 41 36 56 28 120 226 173 155 223 150 96 11 38 238 33 66 186 211 60 4 164 14 110 84 60 22 159 116 181 3 3 19 28 146 198 130 119 152 132 166 74 97 11 13 0 49 225 52 17 5 155 0 82 4 255 123 129 255 63 234 113 96 206 201 215 55 172 27 28 230 100 85 56 222 167 96 37 101 168 62 170 89 219 235 116 92 82 2 88 17 103 250 223 42 60 224 102 11 49 251 176 29 171 162 171 94 152 23 175 148 232 24 16 79 107 71 173 161 78 203 93 250 147 56 107 103 228 197 58 167 195 17 195 1 70 6 162 24 38 228 107 10 97 184 2 178 135 3 8 81 66 252 244 193 137 221 133 32 93 252 35 228 173 201 14 226 62 154 162 64 223 244 96 154 156 215 210 86 84 187 219 39 149 138 55 7 92 180 218 127 133 43 182 210 211 50 72 184 108 46 128 178 145 151 237 174 161 115 26 53 110 58 184 156 103 28 113 27 53 92 107 227 126 212 195 172 121 144 255 167 245 87 134 117 104 180 119 253 213 33 113 123 96 201 195 210 118 7 101 231 134 114 218 234 135 57 205 239 3 225 84 156 43 154 218 132 56 27 253 159 215 149 219 61 223 6 188 165 52 247 111 243 12 248 27 28 21 1 71 251 127 144 202 73 152 85 23 231 190 159 48 247 183 211 252 115 254 112 61 167 2 90 96 235 142 234 127 128 192 104 9 186 24 105 184 202 117 37 106 57 110 224 30 151 94 29 0 192 24 37 173 212 85 131 150 162 216 62 200 141 64 11 164 13 110 130 4 91 148 60 138 225 11 238 95 221 245 4 80 71 165 245 81 239 64 193 198 245 233 96 160 5 222 58 0 77 185 6 128 158 192 15 228 0 12 243 66 53 43 94 99 169 226 195 128 90 203 16 135 138 152 148 180 9 55 65 159 177 126 0 224 58 245 183 185 242 239 81 133 162 162 52 13 113 249
B86: 181 251 85 187 242 148 46 208 23 4 162 156 245 239 226 202 207 43 22 224 228 10 194 124 80 173 15 64 189 133 11 170 255 20 192 221 29 221 239 13 174 61 65 72 119 94 253 250 189 170 216 96 188 61 253 206 221 189 151 169 42 106 79 22 191 245 46 189 115 132 61 209 16 212 247 247 81 135 68 110 132 174 81 219 49 206 129 177 239 222 144 160 205 227 19 106 126 84 243 160 147 67 0 70 200 79 60 129 176 153 200 29 194 15 245 193 176 84 64 207 131 22 199 19 37 216 75 58 18 44 53 124 72 24 127 87 58 98 63 27 226 172 219 212 65 238 58 235 135 52 45 82 23 78 156 137 161 144 238 63 168 217 194 197 41 33 162 221 154 173 104 47 154 45 224 188 78 76 128 132 113 17 156 196 254 6 9 198 35 247 17 254 43 252 250 34 124 40 253 237 251 69 254 38 70 22 10 39 11 81 111 241 254 78 56 60 138 255 36 92 172 23 158 63 122 70 95 188 68 5 242 234 103 105 18 124 207 95 185 135 204 191 239 151 158 243 171 231 34 255 77 207 33 11 213 177 127 154 102 13 220 114 52 184 203 66 68 234 90 63 38 137 55 241 63 156 196 166 143 158 251 156 155 245 58 94 205 220 215 121 45 9 121 2 66 13 45 131 191 160 20 125 51 236 219 55 50 22 46 197 198 185 144 177 121 226 221 98 17 9 211 238 186 194 176 82 156 191 8 24 40 136 85 100 105 2 187 47 136 98 219 198 226 123 76 16 123 52 200 225 123 65 200 119 115 233 192 8 49 235 82 31 182 214 218 62 204 106 5 34 189 227 165 162 189 227 80 122 132 54 36 193 25 106 104 95 134 189 24 154 238 131 62 62 144 103 229 67 109 112 32 67 13 165 123 190 27 14 214 175 69 249 73 169 196 55 216 0 220 200 147 192 9 211 216 113 186 173 141 185 45 125 157 182 35 211 198 218 218 134 7 78 172 57 76 91 27 59 112 2 120 64 210 7 255 216 250 90 44 43 43 226 57 0 4 207 144 26 79 18 204 51 126 249 205 192 177 82 252 72 21 126 19 145 65 18 61 211 2 164 85 178 14 158 150 229 190 158 203 9 147 42 97 81 245 8 160 240 39 235 29 241
B87: 3 123 46 147 109 101 164 101 99 197 32 50 1 57 12 192 20 141 34 11 150 57 63 155 57 56 86 74 238 222 93 165 103 138 168 66 185 3 10 157 172 194 79 17 52 43 19 86 101 29 154 35 223 163 0 26 150 23 194 103 195 58 197 135 80 118 136 116 63 156 40 249 25 56 150 34 66 152 211 132 31 110 117 237 163 230 39 135 225 242 229 141 88 22 198 186 111 11 179 67 251 87 178 195 199 159 111 103 38 18 196 135 97 130 36 69 5 19 196 47 16 109 28 75 195 143 206 66 190 116 24 25 6 192 41 58 194 36 34 209 35 185 13 66 165 7 177 93 177 27 117 58 93 134 241 242 36 195 151 216 63 120 129 106 220 176 94 226 29 151 154 186 254 237 31 33 236 24 154 71 74 241 158 126 121 16 27 200 234 25 15 214 95 248 68 97 205 169 135 251 4 0 101 229 129 80 192 234 26 234 117 65 97 67 118 19 76 62 127 249 148 234 37 127 216 80 2 155 160 179 12 89 248 12 204 88 197 163 99 205 77 183 157 13 117 95 42 166 236 134 172 134 189 196 139 59 113 254 129 91 238 93 246 246 156 85 42 157 246 215 111 35 139 133 80 60 162 198 161 21 124 48 194 244 55 131 61 87 188 185 50 96 151 14 140 224 171 208 221 254 136 85 22 64 59 147 114 17 216 15 70 28 111 41 240 124 3 142 43 146 190 107 37 66 249 66 52 61 160 88 194 224 122 161 236 133 187 194 12 197 245 206 94 86 43 130 36 203 42 0 177 209 2 255 94 25 220 237 94 4 17 161 132 126 47 248 45 65 233 72 248 254 65 200 192 183 18 247 88 132 138 191 59 18 50 81 105 246 82 234 183 191 199 196 200 216 50 124 154 32 69 178 71 31 34 226 214 11 7 247 94 48 143 94 48 207 239 49 100 123 103 9 168 88 208 73 148 120 182 58 169 59 191 87 46 121 115 218 185 102 44 47 243 218 147 73 119 219 239 38 67 108 137 246 152 40 37 203 98 86 186 249 214 125 179 197 217 34 0 147 134 101 235 0 20 41 168 82 56 97 68 109 37 58 72 97 117 220 14 168 227 33 36 98 180 225 27 88 162 221 223 243 8 179 139 50 133 56 83 161 16 74
B88: 223 91 167 236 152 87 54 70 238 50 223 38 121 140 155 121 207 102 174 195 138 25 240 58 98 69 228 140 82 135 145 223 136 59 180 48 168 110 193 157 132 92 128 200 13 133 125 31 80 38 112 191 38 15 144 62 10 46 188 83 186 84 62 10 82 2 221 208 153 23 50 170 184 99 163 48 34 143 108 81 30 249 34 94 196 123 174 1 10 173 29 80 121 131 191 51 1 205 1 239 149 42 240 94 226 40 54 15 196 132 249 118 94 76 163 124 158 194 74 171 221 123 163 84 226 203 47 79 130 152 223 242 121 230 107 30 148 153 158 170 203 46 171 89 225 136 76 209 228 147 185 50 138 174 111 77 15 110 122 117 235 245 196 228 45 16 171 233 95 94 181 98 125 156 121 174 121 179 57 117 246 172 221 160 230 146 229 133 42 54 222 5 136 220 20 42 111 194 108 69 71 249 65 152 153 248 222 245 80 21 92 34 160 114 48 113 133 152 184 38 140 83 132 153 90 29 92 105 99 227 177 5 232 140 214 117 166 3 206 224 179 223 204 152 252 190 254 219 123 86 72 202 53 223 192 155 229 141 100 220 0 93 145 100 181 250 145 228 27 110 82 135 232 26 111 215 254 31 32 102 39 179 98 109 226 213 167 188 132 179 109 131 52 104 31 209 84 68 83 82 110 118 148 198 103 70 124 59 143 85 210 64 30 1 49 155 199 215 82 54 118 92 53 207 214 205 54 90 177 84 238 5 234 208 184 90 17 45 237 27 172 118 13 59 170 22 170 230 48 19 118 64 176 211 192 151 141 66 221 84 23 217 223 92 145 190 235 215 165 235 105 117 21 188 160 43 186 175 128 83 53 161 195 173 236 113 183 22 222 164 97 7 64 20 45 95 203 3 69 33 77 84 21 87 92 215 36 180 60 127 112 47 68 189 81 7 34 104 185 243 239 234 98 28 65 101 226 187 124 175 68 218 59 116 16 7 97 36 232 30 42 120 7 180 171 120 163 20 251 119 133 11 90 225 5 227 18 26 99 239 214 61 194 30 64 228 132 32 103 88 240 82 168 34 240 223 181 27 153 141 222 33 16 224 18 248 211 109 208 219 45 69 250 43 180 249 16 46 241 196 29 43 81 238 5 8 32 76 212 152 252 209
B89: 98 246 158 77 167 26 52 29 63 145 238 142 231 156 172 173 88 94 233 8 243 148 219 62 13 83 6 238 10 69 141 32 84 99 162 130 13 203 58 110 247 222 32 153 37 42 69 16 163 51 219 247 20 147 230 112 98 250 63 123 57 228 107 253 28 52 31 182 171 117 95 125 71 35 55 230 43 85 146 60 42 214 155 232 142 136 21 168 32 142 12 236 235 136 117 164 24 1 16 17 80 234 66 7 227 27 171 13 238 158 180 187 40 218 213 184 201 240 134 174 181 167 144 131 148 32 208 131 133 203 144 110 22 77 2 44 164 209 144 217 181 122 20 50 145 233 9 245 96 51 108 104 55 155 110 139 66 207 217 33 111 84 255 96 29 88 138 202 94 96 14 137 68 233 178 33 247 93 47 137 218 223 55 39 162 169 225 11 182 122 94 210 122 94 162 233 131 232 225 213 214 55 230 38 89 239 145 62 124 221 237 228 117 54 234 15 78 4 113 189 168 135 45 226 143 191 146 240 81 139 100 247 188 77 23 70 73 123 100 86 60 81 133 204 59 170 158 47 127 197 253 28 154 159 58 190 242 75 3 239 210 46 243 45 129 140 115 17 7 203 11 32 246 33 39 33 32 251 118 170 117 172 71 213 233 138 38 99 212 5 234 13 156 74 122 54 232 26 227 128 140 226 48 205 121 129 59 136 174 91 27 116 242 208 230 169 35 244 22 122 240 166 98 23 75 37 79 119 105 171 163 227 99 180 167 181 91 160 233 136 230 154 49 65 25 199 82 232 97 53 188 146 192 192 48 52 22 207 190 245 145 236 153 191 219 172 194 231 58 181 32 100 130 139 72 15 86 200 78 190 177 205 241 232 216 98 37 246 65 233 152 199 249 38 139 174 65 76 55 83 251 193 44 217 78 78 184 68 19 237 66 145 237 72 212 85 7 231 30 77 54 119 177 44 218 107 172 62 217 217 239 76 207 84 25 160 9 35 7 59 181 167 55 70 153 29 29 164 164 156 112 93 47 28 98 14 219 176 140 234 247 167 232 39 118 4 48 220 76 175 32 236 78 47 35 255 54 106 192 218 181 253 115 88 97 59 227 54 204 220 51 28 37 205 101 235 77 35 146 94 9 243 208 226 207 135 100 222 148 190 133 88
B90: 167 162 114 161 212 169 199 22 241 92 157 206 109 139 214 166 67 108 231 149 253 53 90 103 200 220 36 82 117 237 106 239 10 36 10 6 62 176 87 53 211 253 104 150 245 202 168 114 161 252 221 83 16 11 55 42 253 163 99 174 154 213 169 150 17 45 177 174 131 185 16 11 162 111 106 80 217 248 142 183 251 90 255 178 87 83 53 209 100 143 98 71 191 182 77 100 19 179 184 116 241 47 157 7 45 175 66 236 164 124 110 146 195 225 245 166 137 57 126 107 143 63 80 71 147 204 223 230 84 108 183 220 212 207 180 40 127 159 200 202 247 31 43 33 182 93 87 59 88 227 64 9 47 75 233 157 185 249 103 18 26 17 173 236 78 173 142 43 40 226 108 224 172 103 75 71 43 21 246 45 177 249 163 14 229 157 209 142 167 158 73 199 88 155 135 207 119 82 217 115 251 25 196 218 190 28 148 20 111 222 201 216 148 51 160 41 122 0 245 56 26 125 111 79 176 190 49 251 2 39 50 119 211 72 85 235 224 254 200 168 91 62 108 196 1 222 106 171 188 33 167 253 37 244 130 208 68 89 169 83 117 137 51 47 203 178 168 229 189 255 189 87 154 10 196 84 235 21 166 82 0 243 70 51 99 95 85 221 53 215 60 50 170 49 182 233 231 228 162 234 11 152 5 183 62 115 148 56 5 239 80 250 199 123 204 94 40 253 216 44 115 40 253 237 222 175 205 208 226 34 178 165 76 228 14 157 181 155 113 34 230 179 156 200 68 150 7 146 29 239 177 116 243 236 238 177 182 144 12 222 171 132 236 26 3 177 189 229 163 159 20 154 183 179 79 12 147 94 113 90 236 222 5 136 157 41 156 42 85 211 246 133 157 23 201 205 72 174 81 69 78 0 110 222 52 227 199 227 99 185 25 250 107 243 66 213 15 148 160 166 209 102 55 121 178 91 184 85 62 251 67 156 231 172 227 246 16 171 250 48 101 97 244 156 165 140 68 101 218 179 105 38 33 145 16 99 115 22 54 213 75 127 225 38 221 169 45 155 114 156 133 70 231 77 154 146 19 57 217 154 172 100 85 239 213 97 15 219 158 160 81 60 248 229 122 251 168 102 230 214 119 178 10 78 149 13 59 33 102 225 178 174
B91: 245 67 232 8 206 182 59 31 63 6 134 139 140 69 210 234 103 249 235 103 15 23 154 134 49 143 204 179 241 75 65 121 53 46 52 249 146 92 100 24 123 99 146 125 236 141 179 163 206 66 236 234 113 123 158 82 210 124 235 168 38 223 194 44 167 232 139 168 233 124 104 53 126 90 173 96 125 60 199 147 225 48 211 16 229 233 135 135 219 6 79 210 248 147 29 162 228 106 60 74 75 54 11 73 166 139 115 66 77 71 222 180 41 50 136 245 168 157 166 58 24 98 143 158 107 152 232 253 49 133 113 212 249 128 135 159 242 163 123 104 154 252 163 195 204 160 29 12 214 177 37 141 38 33 21 27 161 177 83 36 63 211 66 246 179 12 149 126 74 214 79 92 220 249 234 108 254 132 53 121 203 232 42 57 243 194 230 101 78 106 149 59 140 32 86 237 32 58 233 248 138 51 244 116 213 109 34 230 187 25 123 161 132 67 212 61 59 212 97 194 154 7 215 23 234 161 197 71 80 51 128 146 218 13 187 24 159 184 196 154 72 117 108 28 54 11 72 75 80 108 128 114 88 163 147 163 141 87 12 68 45 112 20 14 1 83 188 250 47 128 152 13 192 8 221 98 206 119 186 5 49 49 104 141 134 225 64 140 131 139 51 252 26 31 244 125 143 32 45 129 36 228 158 230 109 225 148 105 161 63 34 37 73 65 79 236 96 200 28 16 210 119 27 11 248 65 152 79 215 27 16 107 249 22 116 137 14 196 244 131 201 15 37 203 81 232 251 87 76 64 198 224 204 16 157 193 129 74 17 121 229 248 163 65 138 130 244 25 15 52 108 185 131 193 236 239 114 30 3 82 53 6 113 230 159 25 162 41 215 223 73 151 17 58 35 166 69 76 48 181 31 222 171 246 95 122 55 63 79 126 52 97 225 131 234 68 70 185 241 89 255 220 70 206 145 172 87 250 165 156 37 168 5 203 62 217 148 154 124 116 0 175 108 224 160 155 19 215 88 21 254 108 250 204 167 171 110 216 225 147 163 51 65 28 66 228 181 235 33 90 152 245 16 121 9 49 176 123 237 36 209 58 116 0 111 61 204 55 246 214 10 117 80 10 227 187 184 49 5 4 220 238 41 115 87 84 143 122 166 211 31 23
B92: 189 97 253 18 22 116 103 34 193 154 47 250 16 147 42 176 221 18 90 142 29 192 86 128 80 56 41 197 251 199 211 233 48 71 4 83 49 14 112 141 67 187 112 89 2 110 243 64 41 50 65 173 181 5 127 108 180 42 118 1 184 178 3 231 182 189 170 2 223 175 12 133 43 106 189 209 83 124 145 146 2 87 92 7 130 24 203 241 28 152 141 231 54 127 90 208 17 119 87 112 4 189 67 79 129 142 104 65 125 9 122 196 36 41 228 235 41 32 204 255 79 124 31 23 129 222 144 159 94 183 158 214 141 245 132 222 203 68 53 18 78 11 194 149 226 194 106 136 55 144 201 175 13 238 86 67 158 22 107 111 144 203 61 106 177 155 121 217 197 248 203 230 167 16 91 214 182 253 88 104 237 30 122 182 236 211 125 39 218 3 144 43 141 222 204 234 163 127 74 92 162 135 40 191 75 231 93 126 143 70 65 135 61 139 134 58 79 237 52 141 9 106 186 242 234 110 59 114 129 42 240 114 25 35 222 226 200 220 148 25 69 254 56 162 19 217 4 179 86 95 190 27 245 226 47 211 156 178 85 177 57 218 174 200 149 165 162 51 107 248 118 113 117 102 100 154 97 238 180 208 149 200 173 71 171 41 190 238 90 106 162 89 166 155 50 221 217 244 139 28 196 34 130 228 73 119 46 42 91 230 171 100 46 88 249 174 145 3 177 49 158 46 201 70 113 95 152 201 236 203 207 230 115 233 200 85 170 234 252 238 71 79 157 79 218 36 142 156 37 153 252 215 18 49 136 137 29 110 56 235 107 26 195 140 77 83 173 61 253 101 171 23 196 246 79 175 107 111 208 185 106 117 56 145 217 246 240 133 245 44 136 169 108 97 75 141 93 72 179 62 100 66 121 64 122 60 205 2 98 34 89 218 163 218 182 187 152 238 144 24 47 175 224 21 214 138 36 213 187 175 153 21 79 199 219 196 191 184 185 54 82 54 31 141 230 228 245 90 222 111 108 255 48 221 96 149 201 181 140 127 122 19 98 79 46 165 93 85 159 126 216 178 208 235 214 132 186 54 94 2 114 201 179 73 212 157 188 168 134 27 254 113 93 110 203 195 48 36 249 206 41 170 169 73 149 84 179 137 219 176 54 118
B93: 210 179 200 189 72 234 154 59 39 141 117 236 168 89 132 201 235 150 131 91 214 193 207 205 33 73 162 41 64 69 79 179 200 208 50 44 239 162 70 238 142 231 168 156 124 167 87 117 52 205 27 194 217 95 117 227 197 110 131 23 151 145 192 253 252 205 242 197 41 55 45 226 178 168 151 130 14 149 51 32 182 79 123 158 103 221 160 133 230 97 7 104 205 195 222 232 150 34 23 198 219 234 203 242 143 196 51 194 202 220 11 239 214 198 32 183 65 223 175 12 42 123 71 180 233 206 145 111 230 73 5 218 214 66 44 61 240 193 107 237 11 141 188 146 86 207 65 37 59 212 38 64 108 241 80 185 39 245 45 95 173 51 189 203 36 185 215 89 72 218 99 198 14 246 82 108 141 183 218 120 83 73 119 202 246 216 92 136 29 178 227 156 187 110 158 107 125 50 123 116 254 150 172 248 106 136 137 230 173 75 216 172 122 137 19 255 42 171 218 49 232 253 121 136 165 110 205 207 211 252 150 99 115 160 6 27 49 240 207 118 99 136 173 203 114 114 176 255 211 199 98 199 155 129 102 111 229 254 218 142 156 96 156 246 103 105 43 197 154 150 63 27 85 158 63 97 24 146 102 157 163 242 102 12 108 138 96 29 124 30 122 248 69 112 20 21 73 246 75 135 47 57 117 160 146 145 19 83 185 145 38 135 108 201 34 229 127 101 168 95 153 182 147 187 93 205 98 81 228 133 61 14 200 33 166 182 124 190 93 254 13 110 201 75 119 107 185 113 197 53 72 202 124 23 116 126 138 247 13 94 68 217 238 240 25 195 31 123 34 247 172 172 199 157 170 115 90 152 153 17 226 158 103 47 223 71 229 244 226 204 2 233 186 156 75 204 180 173 238 201 175 197 25 232 61 2 94 140 28 96 226 246 128 25 191 231 70 204 244 7 179 81 188 126 105 231 215 183 213 134 49 15 230 136 122 237 26 220 132 234 116 191 182 10 7 125 113 99 110 118 178 252 31 173 231 59 166 64 108 171 129 173 206 9 19 25 171 13 127 53 94 169 63 19 119 142 176 43 153 122 25 217 245 51 189 202 40 203 104 28 210 248 124 40 146 214 233 158 145 119 226 61 143 88 238 122 231 116 154 178 106 222
B94: 39 225 54 190 10 180 241 252 225 221 109 124 139 198 234 2 189 53 226 54 137 74 43 115 188 120 18 232 157 10 46 102 122 122 142 253 106 94 158 49 175 210 125 141 99 18 178 57 133 55 69 6 125 94 199 57 52 176 213 77 125 23 9 105 48 29 103 38 232 198 229 222 103 149 109 156 187 39 233 192 216 91 16 251 148 91 178 229 253 199 205 188 93 151 101 246 14 164 119 168 162 252 24 161 254 237 214 142 207 166 17 9 212 226 17 207 165 81 94 14 179 108 45 202 218 178 223 98 163 190 130 230 144 161 205 38 104 30 225 117 73 235 82 242 25 155 136 185 159 222 220 242 121 220 2 177 204 3 88 124 173 243 72 235 240 121 13 203 14 126 62 139 76 28 112 71 245 48 184 37 46 120 159 8 12 46 115 229 159 71 227 199 127 127 255 183 127 50 163 201 203 226 174 214 113 50 53 103 222 221 42 58 191 3 214 137 193 98 163 125 203 62 75 49 242 233 65 99 164 53 231 35 251 242 205 225 217 155 29 165 21 88 197 201 85 39 108 40 114 200 117 122 119 130 129 31 99 195 95 220 178 198 182 162 201 106 147 247 67 172 117 220 189 55 95 211 155 121 9 206 154 180 221 97 97 200 213 185 51 170 208 217 140 86 199 57 84 103 251 135 158 236 189 215 104 130 165 32 114 247 39 21 9 203 18 246 243 7 6 121 154 15 145 115 113 250 181 210 59 209 24 115 251 215 199 201 99 23 180 28 133 24 54 122 246 237 215 13 62 214 5 233 115 237 167 44 58 155 8 177 183 44 69 166 177 7 143 125 34 131 87 222 161 201 69 174 185 146 175 155 185 151 166 182 113 194 79 78 138 159 197 29 176 153 232 207 85 110 95 242 244 153 201 230 70 87 238 208 59 123 219 28 105 194 67 70 127 142 176 179 222 192 60 180 255 190 155 79 63 109 212 215 186 31 59 211 178 123 177 146 85 82 150 110 228 250 96 125 244 46 54 230 99 179 198 114 196 153 101 115 219 46 22 81 169 8 203 11 174 185 250 190 120 175 77 114 234 163 66 113 175 97 104 178 232 203 204 198 114 51 239 100 250 6 11 205 97 79 62 220 248 136 52 125 133 168 243 169 54 206 220 83
... B142: 53 123 209 152 198 78 200 81 21 217 164 65 64 75 100 219 137 43 234 131 78 128 176 92 255 187 134 53 147 174 167 62 108 164 102 56 35 254 168 29 172 201 19 126 14 16 2 234 143 59 132 17 3 7 133 13 231 31 25 35 60 252 56 8 191 86 28 24 211 8 87 212 111 13 73 212 68 86 210 106 232 152 23 70 117 31 45 75 175 167 82 218 70 121 226 250 176 92 182 186 168 241 230 209 81 52 174 224 251 140 99 118 187 68 109 2 107 202 130 102 187 221 74 150 113 176 30 45 108 182 90 185 11 107 217 162 102 180 37 161 153 115 208 172 231 116 199 108 177 162 229 181 181 137 179 86 219 240 22 176 141 117 119 99 44 149 254 81 57 154 46 248 167 210 55 218 33 251 1 75 127 11 82 85 237 111 105 96 73 16 186 191 129 241 43 11 187 82 163 77 106 99 227 122 241 102 220 93 126 233 29 86 95 195 229 0 60 0 237 28 58 155 110 200 125 119 2 96 82 20 220 195 216 37 85 23 71 229 54 55 236 188 111 10 150 83 155 244 213 150 211 159 20 14 168 9 13 122 151 170 38 180 8 15 11 255 164 158 208 194 61 180 79 236 218 243 160 187 129 133 185 67 69 253 85 184 219 219 245 238 144 11 221 232 186 123 87 115 135 187 16 134 114 253 31 131 26 21 206 171 234 3 182 7 26 192 116 24 163 18 0 241 186 103 128 153 212 225 227 10 117 32 78 85 7 86 168 234 125 53 54 132 215 115 83 180 33 66 47 235 16 242 46 219 163 94 120 48 125 96 197 131 132 251 234 131 233 128 123 238 171 159 171 67 227 121 245 254 131 229 234 253 11 231 213 129 101 43 224 250 197 242 14 89 94 221 127 254 242 50 102 113 6 24 96 128 1 6 24 48 124 248 95 253

Sheet LFAFQGJ

Sheet 封皮
A12: 文登区2025年预算执行 情况和2026年预算草案

Sheet 目录
A1: 文登区2025年预算执行情况和2026年预算草案目录
A3: 第一部分 一般公共预算
A5: 表1.2025年文登区一般公共预算收入执行情况表
A6: 表2.2025年文登区一般公共预算支出执行情况表
A7: 表3.2025年上级对文登区税收返还及转移支付情况表
A8: 表4.2025年文登区本级一般公共预算收入执行情况表
A9: 表5.2025年文登区本级一般公共预算支出执行情况表
A10: 表6.2025年文登区税收返还执行情况表
A11: 表7.2025年文登区一般性转移支付执行情况表
A12: 表8.2025年文登区专项转移支付执行情况表
A13: 表9.2025年文登区一般公共预算收支执行情况表
A14: 表10.2026年文登区一般公共预算收入草案表
... A88: 表69.2026年文登区本级财政专户管理资金收支计划草案表

Sheet 1一般
A1: 表1
A2: 2025年文登区一般公共预算收入执行情况表
A3: 单位：万元
A4: 项 目 | B4: 2024年 决算数 | C4: 2025年 预算数 | D4: 2025年 调整预算数 | E4: 2025年执行数
E5: 金额 | F5: 占调整 预算 | G5: 比上年 增长
A6: 一、税收收入 | B6: =SUM(B7:B20) -> 230252 | C6: =SUM(C7:C20) -> 232000 | D6: =SUM(D7:D20) -> 232600 | E6: =SUM(E7:E20) -> 236381 | F6: =E6/D6 -> 1.0162554 | G6: =(E6-B6)/B6 -> 0.026618661
A7: 国内增值税 | B7: 73831 | C7: 73950 | D7: 71000 | E7: 72153 | F7: =E7/D7 -> 1.0162394 | G7: =(E7-B7)/B7 -> -0.022727581
A8: 企业所得税 | B8: 16257 | C8: 16338 | D8: 21740 | E8: 21949 | F8: =E8/D8 -> 1.0096136 | G8: =(E8-B8)/B8 -> 0.3501261
A9: 个人所得税 | B9: 10254 | C9: 10403 | D9: 7552 | E9: 8167 | F9: =E9/D9 -> 1.0814354 | G9: =(E9-B9)/B9 -> -0.20353033
A10: 资源税 | B10: 1308 | C10: 1323 | D10: 3621 | E10: 3625 | F10: =E10/D10 -> 1.0011047 | G10: =(E10-B10)/B10 -> 1.7714067
A11: 城市维护建设税 | B11: 8651 | C11: 8688 | D11: 8988 | E11: 9249 | F11: =E11/D11 -> 1.0290387 | G11: =(E11-B11)/B11 -> 0.069124957
A12: 房产税 | B12: 18512 | C12: 18600 | D12: 18800 | E12: 19012 | F12: =E12/D12 -> 1.0112766 | G12: =(E12-B12)/B12 -> 0.027009507
A13: 印花税 | B13: 5138 | C13: 5186 | D13: 6159 | E13: 5249 | F13: =E13/D13 -> 0.85224874 | G13: =(E13-B13)/B13 -> 0.021603737
A14: 城镇土地使用税 | B14: 59522 | C14: 60000 | D14: 58300 | E14: 58809 | F14: =E14/D14 -> 1.0087307 | G14: =(E14-B14)/B14 -> -0.011978764
A15: 土地增值税 | B15: 5709 | C15: 5777 | D15: 2100 | E15: 2280 | F15: =E15/D15 -> 1.0857143 | G15: =(E15-B15)/B15 -> -0.60063058
A16: 车船税 | B16: 6112 | C16: 6190 | D16: 6100 | E16: 6543 | F16: =E16/D16 -> 1.072623 | G16: =(E16-B16)/B16 -> 0.070517016
A17: 耕地占用税 | B17: 1709 | C17: 1712 | D17: 807 | E17: 807 | F17: =E17/D17 -> 1 | G17: =(E17-B17)/B17 -> -0.52779403
A18: 契税 | B18: 22914 | C18: 23500 | D18: 25815 | E18: 26916 | F18: =E18/D18 -> 1.0426496 | G18: =(E18-B18)/B18 -> 0.17465305
A19: 环境保护税 | B19: 335 | C19: 333 | D19: 1618 | E19: 1622 | F19: =E19/D19 -> 1.0024722 | G19: =(E19-B19)/B19 -> 3.841791
A20: 其他税收收入
A21: 二、非税收入 | B21: =SUM(B22:B29) -> 198503 | C21: =SUM(C22:C29) -> 205330 | D21: =SUM(D22:D29) -> 213306 | E21: =SUM(E22:E29) -> 204294 | F21: =E21/D21 -> 0.95775084 | G21: =(E21-B21)/B21 -> 0.029173363
A22: 专项收入 | B22: 9542 | C22: 9834 | D22: 9834 | E22: 9838 | F22: =E22/D22 -> 1.0004068 | G22: =(E22-B22)/B22 -> 0.03102075
A23: 行政事业性收费收入 | B23: 6098 | C23: 7002 | D23: 7002 | E23: 4429 | F23: =E23/D23 -> 0.63253356 | G23: =(E23-B23)/B23 -> -0.27369629
A24: 罚没收入 | B24: 6801 | C24: 7741 | D24: 25968 | E24: 37986 | F24: =E24/D24 -> 1.4628004 | G24: =(E24-B24)/B24 -> 4.5853551
A25: 国有资本经营收入 | B25: 0
A26: 国有资源(资产)有偿使用收入 | B26: 176043 | C26: 180753 | D26: 170502 | E26: 152003 | F26: =E26/D26 -> 0.89150274 | G26: =(E26-B26)/B26 -> -0.13655755
A27: 捐赠收入
A28: 政府住房基金收入 | B28: 18 | E28: 31 | G28: =(E28-B28)/B28 -> 0.72222222
A29: 其他收入 | B29: 1 | E29: 7 | G29: =(E29-B29)/B29 -> 6
A30: 本年收入合计 | B30: =B6+B21 -> 428755 | C30: =C6+C21 -> 437330 | D30: =D6+D21 -> 445906 | E30: =E6+E21 -> 440675 | F30: =E30/D30 -> 0.98826883 | G30: =(E30-B30)/B30 -> 0.027801425
A31: 转移性收入 | B31: =SUM(B32:B38) -> 1069771 | C31: =SUM(C32:C38) -> 846747 | D31: =SUM(D32:D38) -> 653714 | E31: =SUM(E32:E38) -> 1003458
A32: 地方政府一般债务转贷收入 | B32: 16290 | C32: 39253 | D32: 52250 | E32: 52250
A33: 返还性收入 | B33: 58833 | C33: 58833 | D33: 58833 | E33: 58833
A34: 一般性转移支付收入 | B34: 127739 | C34: 120000 | D34: 120000 | E34: 162881
A35: 专项转移支付收入 | B35: 46010 | C35: 46000 | D35: 20000 | E35: 12712
A36: 调入资金 | B36: 375676 | C36: 310000 | D36: 130000 | E36: 324151
A37: 动用预算稳定调节基金 | B37: 381260 | C37: 140844 | D37: 140844 | E37: 260844
A38: 上年结转收入 | B38: 63963 | C38: 131817 | D38: 131787 | E38: 131787
A39: 收入总计 | B39: =B30+B31 -> 1498526 | C39: =C30+C31 -> 1284077 | D39: =D30+D31 -> 1099620 | E39: =E30+E31 -> 1444133

Sheet 2
A1: 表2
A2: 2025年文登区一般公共预算支出执行情况表
A3: 单位：万元
A4: 项 目 | B4: 2024年 决算数 | C4: 2025年 预算数 | D4: 2025年 调整预算数 | E4: 2025年执行数
E5: 金额 | F5: 占调整 预算 | G5: 比上年 增长
A6: 一、一般公共服务支出 | B6: 46139 | C6: 67000 | D6: 53100 | E6: 45849 | F6: =E6/D6 -> 0.86344633 | G6: =(E6-B6)/B6 -> -0.0062853551
A7: 二、国防支出 | B7: 275 | C7: 404 | D7: 200 | E7: 245 | F7: =E7/D7 -> 1.225 | G7: =(E7-B7)/B7 -> -0.10909091
A8: 三、公共安全支出 | B8: 4070 | C8: 5393 | D8: 3900 | E8: 3617 | F8: =E8/D8 -> 0.9274359 | G8: =(E8-B8)/B8 -> -0.11130221
A9: 四、教育支出 | B9: 189198 | C9: 192000 | D9: 192000 | E9: 192013 | F9: =E9/D9 -> 1.0000677 | G9: =(E9-B9)/B9 -> 0.014878593
A10: 五、科学技术支出 | B10: 457 | C10: 655 | D10: 1600 | E10: 1638 | F10: =E10/D10 -> 1.02375 | G10: =(E10-B10)/B10 -> 2.5842451
A11: 六、文化旅游体育与传媒支出 | B11: 9848 | C11: 5725 | D11: 5725 | E11: 5853 | F11: =E11/D11 -> 1.0223581 | G11: =(E11-B11)/B11 -> -0.40566613
A12: 七、社会保障和就业支出 | B12: 139340 | C12: 150000 | D12: 152000 | E12: 165915 | F12: =E12/D12 -> 1.0915461 | G12: =(E12-B12)/B12 -> 0.19072054
A13: 八、卫生健康支出 | B13: 77728 | C13: 75000 | D13: 68000 | E13: 64393 | F13: =E13/D13 -> 0.94695588 | G13: =(E13-B13)/B13 -> -0.1715598
A14: 九、节能环保支出 | B14: 4945 | C14: 18000 | D14: 3000 | E14: 2220 | F14: =E14/D14 -> 0.74 | G14: =(E14-B14)/B14 -> -0.55106168
A15: 十、城乡社区支出 | B15: 80253 | C15: 81000 | D15: 57800 | E15: 41355 | F15: =E15/D15 -> 0.71548443 | G15: =(E15-B15)/B15 -> -0.48469216
A16: 十一、农林水支出 | B16: 83585 | C16: 83590 | D16: 83590 | E16: 84790 | F16: =E16/D16 -> 1.0143558 | G16: =(E16-B16)/B16 -> 0.014416462
A17: 十二、交通运输支出 | B17: 4652 | C17: 3000 | D17: 2100 | E17: 2274 | F17: =E17/D17 -> 1.0828571 | G17: =(E17-B17)/B17 -> -0.51117799
... A19: 十四、商业服务业等支出 | B19: 4580 | C19: 1300 | D19: 1300 | E19: 1138 | F19: =E19/D19 -> 0.87538462 | G19: =(E19-B19)/B19 -> -0.75152838
A20: 十五、金融支出 | B20: 95 | C20: 260 | D20: 260
A21: 十六、援助其他地区支出 | B21: 0 | C21: 700 | D21: 700
A22: 十七、自然资源海洋气象等支出 | B22: 3214 | C22: 4486 | D22: 3000 | E22: 3081 | F22: =E22/D22 -> 1.027 | G22: =(E22-B22)/B22 -> -0.041381456
A23: 十八、住房保障支出 | B23: 68063 | C23: 34587 | D23: 38934 | E23: 48127 | F23: =E23/D23 -> 1.2361175 | G23: =(E23-B23)/B23 -> -0.2929051
A24: 十九、粮油物资储备支出 | B24: 772 | C24: 300 | D24: 100 | E24: 780
A25: 二十、灾害防治及应急管理支出 | B25: 3206 | C25: 3973 | D25: 2900 | E25: 3238 | F25: =E25/D25 -> 1.1165517 | G25: =(E25-B25)/B25 -> 0.0099812851
A26: 二十一、预备费 | B26: 0 | C26: 8500
A27: 二十二、债务付息支出 | B27: 11643 | C27: 11161 | D27: 11381 | E27: 11431 | F27: =E27/D27 -> 1.0043933 | G27: =(E27-B27)/B27 -> -0.018208366
A28: 二十三、其他支出 | B28: 23 | C28: 400 | D28: 200 | E28: 5 | F28: =E28/D28 -> 0.025 | G28: =(E28-B28)/B28 -> -0.7826087
A29: 本年支出合计 | B29: =SUM(B6:B28) -> 732374 | C29: =SUM(C6:C28) -> 747734 | D29: =SUM(D6:D28) -> 682240 | E29: =SUM(E6:E28) -> 678646 | F29: =E29/D29 -> 0.99473206 | G29: =(E29-B29)/B29 -> -0.073361425
A30: 转移性支出 | B30: =SUM(B31:B37) -> 766152 | C30: =SUM(C31:C37) -> 536343 | D30: =SUM(D31:D37) -> 417380 | E30: =SUM(E31:E37) -> 765487
A31: 地方政府一般债务还本支出 | B31: 16388 | C31: 43614 | D31: 56614 | E31: 56719
A32: 上解支出 | B32: 97133 | C32: 96000 | D32: 96000 | E32: 107784
A33: 安排预算稳定调节基金 | B33: 520844 | C33: 310000 | D33: 178037 | E33: 438037
A34: 补充预算周转金
A35: 区域间转移性支出
A36: 调出资金
A37: 结转下年支出 | B37: 131787 | C37: 86729 | D37: 86729 | E37: 162947
A38: 支出总计 | B38: =B30+B29 -> 1498526 | C38: =C30+C29 -> 1284077 | D38: =D30+D29 -> 1099620 | E38: =E30+E29 -> 1444133

Sheet 3
A1: 表3
A2: 2025年上级对文登区税收返还及转移支付情况表
B3: 单位：万元
A4: 项 目 | B4: 金 额
A5: 合 计 | B5: =B6+B13+B22 -> 234426
A6: 一、返还性收入 | B6: =SUM(B7:B12) -> 58833
A7: 所得税基数返还收入 | B7: 10299
A8: 成品油税费改革税收返还收入 | B8: 308
A9: 增值税税收返还收入 | B9: 9809
A10: 消费税税收返还收入 | B10: 129
A11: 增值税“五五分享”税收返还收入 | B11: 37197
A12: 其他返还收入 | B12: 1091
A13: 二、一般性转移支付收入 | B13: =SUM(B14:B21) -> 162881
A14: 公共安全财政共同事权转移支付收入 | B14: 203
A15: 教育共同财政事权转移支付收入 | B15: 3949
A16: 社会保障和就业共同财政事权转移支付收入 | B16: 25378
A17: 医疗卫生共同财政事权转移支付收入 | B17: 10493
A18: 农林水共同财政事权转移支付收入 | B18: 29381
A19: 交通运输共同财政事权转移支付收入 | B19: 170
A20: 住房保障共同财政事权转移支付收入 | B20: 821
A21: 其他各项一般性转移支付收入 | B21: 92486
A22: 三、专项转移支付收入 | B22: =SUM(B23:B37) -> 12712
A23: 一般公共服务 | B23: 279
A24: 公共安全
A25: 教育 | B25: 314
A26: 科学技术
A27: 文化旅游体育与传媒
A28: 社会保障和就业 | B28: 70
A29: 卫生健康 | B29: 198
A30: 节能环保 | B30: 2159
A31: 城乡社区 | B31: 35
A32: 农林水 | B32: 2280
A33: 交通运输 | B33: 628
A34: 工业商业金融业等 | B34: 1283
A35: 自然资源海洋气象等 | B35: 600
A36: 住房保障
A37: 其他各项专项转移支付 | B37: 4866

Sheet 4
A1: 表4
A2: 2025年文登区本级一般公共预算收入执行情况表
A3: 单位：万元
A4: 项 目 | B4: 2024年 决算数 | C4: 2025年 预算数 | D4: 2025年 调整预算数 | E4: 2025年执行数
E5: 金额 | F5: 占调整 预算 | G5: 比上年 增长
A6: 一、税收收入 | B6: =SUM(B7:B20) -> 230252 | C6: =SUM(C7:C20) -> 232000 | D6: =SUM(D7:D20) -> 232600 | E6: =SUM(E7:E20) -> 236381 | F6: =E6/D6 -> 1.0162554 | G6: =(E6-B6)/B6 -> 0.026618661
A7: 国内增值税 | B7: 73831 | C7: 73950 | D7: 71000 | E7: 72153 | F7: =E7/D7 -> 1.0162394 | G7: =(E7-B7)/B7 -> -0.022727581
A8: 企业所得税 | B8: 16257 | C8: 16338 | D8: 21740 | E8: 21949 | F8: =E8/D8 -> 1.0096136 | G8: =(E8-B8)/B8 -> 0.3501261
A9: 个人所得税 | B9: 10254 | C9: 10403 | D9: 7552 | E9: 8167 | F9: =E9/D9 -> 1.0814354 | G9: =(E9-B9)/B9 -> -0.20353033
A10: 资源税 | B10: 1308 | C10: 1323 | D10: 3621 | E10: 3625 | F10: =E10/D10 -> 1.0011047 | G10: =(E10-B10)/B10 -> 1.7714067
A11: 城市维护建设税 | B11: 8651 | C11: 8688 | D11: 8988 | E11: 9249 | F11: =E11/D11 -> 1.0290387 | G11: =(E11-B11)/B11 -> 0.069124957
A12: 房产税 | B12: 18512 | C12: 18600 | D12: 18800 | E12: 19012 | F12: =E12/D12 -> 1.0112766 | G12: =(E12-B12)/B12 -> 0.027009507
A13: 印花税 | B13: 5138 | C13: 5186 | D13: 6159 | E13: 5249 | F13: =E13/D13 -> 0.85224874 | G13: =(E13-B13)/B13 -> 0.021603737
A14: 城镇土地使用税 | B14: 59522 | C14: 60000 | D14: 58300 | E14: 58809 | F14: =E14/D14 -> 1.0087307 | G14: =(E14-B14)/B14 -> -0.011978764
A15: 土地增值税 | B15: 5709 | C15: 5777 | D15: 2100 | E15: 2280 | F15: =E15/D15 -> 1.0857143 | G15: =(E15-B15)/B15 -> -0.60063058
A16: 车船税 | B16: 6112 | C16: 6190 | D16: 6100 | E16: 6543 | F16: =E16/D16 -> 1.072623 | G16: =(E16-B16)/B16 -> 0.070517016
A17: 耕地占用税 | B17: 1709 | C17: 1712 | D17: 807 | E17: 807 | F17: =E17/D17 -> 1 | G17: =(E17-B17)/B17 -> -0.52779403
A18: 契税 | B18: 22914 | C18: 23500 | D18: 25815 | E18: 26916 | F18: =E18/D18 -> 1.0426496 | G18: =(E18-B18)/B18 -> 0.17465305
A19: 环境保护税 | B19: 335 | C19: 333 | D19: 1618 | E19: 1622 | F19: =E19/D19 -> 1.0024722 | G19: =(E19-B19)/B19 -> 3.841791
A20: 其他税收收入
A21: 二、非税收入 | B21: =SUM(B22:B29) -> 198503 | C21: =SUM(C22:C29) -> 205330 | D21: =SUM(D22:D29) -> 213306 | E21: =SUM(E22:E29) -> 204294 | F21: =E21/D21 -> 0.95775084 | G21: =(E21-B21)/B21 -> 0.029173363
A22: 专项收入 | B22: 9542 | C22: 9834 | D22: 9834 | E22: 9838 | F22: =E22/D22 -> 1.0004068 | G22: =(E22-B22)/B22 -> 0.03102075
A23: 行政事业性收费收入 | B23: 6098 | C23: 7002 | D23: 7002 | E23: 4429 | F23: =E23/D23 -> 0.63253356 | G23: =(E23-B23)/B23 -> -0.27369629
A24: 罚没收入 | B24: 6801 | C24: 7741 | D24: 25968 | E24: 37986 | F24: =E24/D24 -> 1.4628004 | G24: =(E24-B24)/B24 -> 4.5853551
A25: 国有资本经营收入 | B25: 0
A26: 国有资源(资产)有偿使用收入 | B26: 176043 | C26: 180753 | D26: 170502 | E26: 152003 | F26: =E26/D26 -> 0.89150274 | G26: =(E26-B26)/B26 -> -0.13655755
A27: 捐赠收入
A28: 政府住房基金收入 | B28: 18 | E28: 31
A29: 其他收入 | B29: 1 | E29: 7
A30: 本年收入合计 | B30: =B6+B21 -> 428755 | C30: =C6+C21 -> 437330 | D30: =D6+D21 -> 445906 | E30: =E6+E21 -> 440675 | F30: =E30/D30 -> 0.98826883 | G30: =(E30-B30)/B30 -> 0.027801425
A31: 转移性收入 | B31: =SUM(B32:B38) -> 1069771 | C31: =SUM(C32:C38) -> 846747 | D31: =SUM(D32:D38) -> 653714 | E31: =SUM(E32:E38) -> 1003458
A32: 地方政府一般债务转贷收入 | B32: 16290 | C32: 39253 | D32: 52250 | E32: 52250
A33: 返还性收入 | B33: 58833 | C33: 58833 | D33: 58833 | E33: 58833
A34: 一般性转移支付收入 | B34: 127739 | C34: 120000 | D34: 120000 | E34: 162881
A35: 专项转移支付收入 | B35: 46010 | C35: 46000 | D35: 20000 | E35: 12712
A36: 调入资金 | B36: 375676 | C36: 310000 | D36: 130000 | E36: 324151
A37: 动用预算稳定调节基金 | B37: 381260 | C37: 140844 | D37: 140844 | E37: 260844
A38: 上年结转收入 | B38: 63963 | C38: 131817 | D38: 131787 | E38: 131787
A39: 收入总计 | B39: =B30+B31 -> 1498526 | C39: =C30+C31 -> 1284077 | D39: =D30+D31 -> 1099620 | E39: =E30+E31 -> 1444133

Sheet 5
A1: 表5
A2: 2025年文登区本级一般公共预算支出执行情况表
A3: 单位：万元
A4: 项 目 | B4: 2024年 决算数 | C4: 2025年 预算数 | D4: 2025年 调整预算数 | E4: 2025年执行数
E5: 金额 | F5: 占调整 预算 | G5: 比上年 增长
A6: 一、一般公共服务支出 | B6: 46139 | C6: 67000 | D6: 53100 | E6: 45849 | F6: =E6/D6 -> 0.86344633 | G6: =(E6-B6)/B6 -> -0.0062853551
A7: 二、国防支出 | B7: 275 | C7: 404 | D7: 200 | E7: 245 | F7: =E7/D7 -> 1.225 | G7: =(E7-B7)/B7 -> -0.10909091
A8: 三、公共安全支出 | B8: 4070 | C8: 5393 | D8: 3900 | E8: 3617 | F8: =E8/D8 -> 0.9274359 | G8: =(E8-B8)/B8 -> -0.11130221
A9: 四、教育支出 | B9: 189198 | C9: 192000 | D9: 192000 | E9: 192013 | F9: =E9/D9 -> 1.0000677 | G9: =(E9-B9)/B9 -> 0.014878593
A10: 五、科学技术支出 | B10: 457 | C10: 655 | D10: 1600 | E10: 1638 | F10: =E10/D10 -> 1.02375 | G10: =(E10-B10)/B10 -> 2.5842451
A11: 六、文化旅游体育与传媒支出 | B11: 9848 | C11: 5725 | D11: 5725 | E11: 5853 | F11: =E11/D11 -> 1.0223581 | G11: =(E11-B11)/B11 -> -0.40566613
A12: 七、社会保障和就业支出 | B12: 139340 | C12: 150000 | D12: 152000 | E12: 165915 | F12: =E12/D12 -> 1.0915461 | G12: =(E12-B12)/B12 -> 0.19072054
A13: 八、卫生健康支出 | B13: 77728 | C13: 75000 | D13: 68000 | E13: 64393 | F13: =E13/D13 -> 0.94695588 | G13: =(E13-B13)/B13 -> -0.1715598
A14: 九、节能环保支出 | B14: 4945 | C14: 18000 | D14: 3000 | E14: 2220 | F14: =E14/D14 -> 0.74 | G14: =(E14-B14)/B14 -> -0.55106168
A15: 十、城乡社区支出 | B15: 80253 | C15: 81000 | D15: 57800 | E15: 41355 | F15: =E15/D15 -> 0.71548443 | G15: =(E15-B15)/B15 -> -0.48469216
A16: 十一、农林水支出 | B16: 83585 | C16: 83590 | D16: 83590 | E16: 84790 | F16: =E16/D16 -> 1.0143558 | G16: =(E16-B16)/B16 -> 0.014416462
A17: 十二、交通运输支出 | B17: 4652 | C17: 3000 | D17: 2100 | E17: 2274 | F17: =E17/D17 -> 1.0828571 | G17: =(E17-B17)/B17 -> -0.51117799
... A19: 十四、商业服务业等支出 | B19: 4580 | C19: 1300 | D19: 1300 | E19: 1138 | F19: =E19/D19 -> 0.87538462 | G19: =(E19-B19)/B19 -> -0.75152838
A20: 十五、金融支出 | B20: 95 | C20: 260 | D20: 260 | F20: =E20/D20 -> 0 | G20: =(E20-B20)/B20 -> -1
A21: 十六、援助其他地区支出 | B21: 0 | C21: 700 | D21: 700
A22: 十七、自然资源海洋气象等支出 | B22: 3214 | C22: 4486 | D22: 3000 | E22: 3081 | F22: =E22/D22 -> 1.027 | G22: =(E22-B22)/B22 -> -0.041381456
A23: 十八、住房保障支出 | B23: 68063 | C23: 34587 | D23: 38934 | E23: 48127 | F23: =E23/D23 -> 1.2361175 | G23: =(E23-B23)/B23 -> -0.2929051
A24: 十九、粮油物资储备支出 | B24: 772 | C24: 300 | D24: 100 | E24: 780 | F24: =E24/D24 -> 7.8 | G24: =(E24-B24)/B24 -> 0.010362694
A25: 二十、灾害防治及应急管理支出 | B25: 3206 | C25: 3973 | D25: 2900 | E25: 3238 | F25: =E25/D25 -> 1.1165517 | G25: =(E25-B25)/B25 -> 0.0099812851
A26: 二十一、预备费 | B26: 0 | C26: 8500
A27: 二十二、债务付息支出 | B27: 11643 | C27: 11161 | D27: 11381 | E27: 11431 | F27: =E27/D27 -> 1.0043933 | G27: =(E27-B27)/B27 -> -0.018208366
A28: 二十三、其他支出 | B28: 23 | C28: 400 | D28: 200 | E28: 5 | F28: =E28/D28 -> 0.025 | G28: =(E28-B28)/B28 -> -0.7826087
A29: 本年支出合计 | B29: =SUM(B6:B28) -> 732374 | C29: =SUM(C6:C28) -> 747734 | D29: =SUM(D6:D28) -> 682240 | E29: =SUM(E6:E28) -> 678646 | F29: =E29/D29 -> 0.99473206 | G29: =(E29-B29)/B29 -> -0.073361425
A30: 转移性支出 | B30: =SUM(B31:B37) -> 766152 | C30: =SUM(C31:C37) -> 536343 | D30: =SUM(D31:D37) -> 417380 | E30: =SUM(E31:E37) -> 765487
A31: 地方政府一般债务还本支出 | B31: 16388 | C31: 43614 | D31: 56614 | E31: 56719
A32: 上解支出 | B32: 97133 | C32: 96000 | D32: 96000 | E32: 107784
A33: 安排预算稳定调节基金 | B33: 520844 | C33: 310000 | D33: 178037 | E33: 438037
A34: 补充预算周转金
A35: 区域间转移性支出
A36: 调出资金
A37: 结转下年支出 | B37: 131787 | C37: 86729 | D37: 86729 | E37: 162947
A38: 支出总计 | B38: =B30+B29 -> 1498526 | C38: =C30+C29 -> 1284077 | D38: =D30+D29 -> 1099620 | E38: =E30+E29 -> 1444133

Sheet 6
A1: 表6
A2: 2025年文登区税收返还执行情况表
D3: 单位：万元
A4: 地 区 | B4: 合 计 | C4: 所得税基数返还 | D4: 成品油税费改革税收返还 | E4: 增值税税收返还 | F4: 消费税税收返还 | G4: 增值税“五五分享”税收返还 | H4: 其他返还
A5: 文登区 | B5: =SUM(C5:H5) -> 58833 | C5: 10299 | D5: 308 | E5: 9809 | F5: 129 | G5: 37197 | H5: 1091

Sheet 7
A1: 表7
A2: 2025年文登区一般性转移支付执行情况表
A3: 单位：万元
A4: 区 市 | B4: 合 计 | C4: 公共安全财政共同事权转移支付 | D4: 教育共同财政事权转移支付 | E4: 社会保障和就业共同财政事权转移支付 | F4: 医疗卫生共同财政事权转移支付 | G4: 农林水共同财政事权转移支付 | H4: 交通运输共同财政事权转移支付 | I4: 自然资源海洋气象等共同财政事权转移支付 | J4: 住房保障共同财政事权转移支付 | K4: 其他各项一般性转移支付
A5: 文登区 | B5: =SUM(C5:K5) -> 162881 | C5: 203 | D5: 3949 | E5: 25378 | F5: 10493 | G5: 29381 | H5: 170 | I5: 0 | J5: 2142 | K5: 91165

Sheet 9
A1: 表9
A2: 2025年文登区一般公共预算收支执行情况表
A3: 单位：万元
A4: 地 区 | B4: 一般公共预算收入 | E4: 一般公共预算支出
B5: 2024年 决算数 | C5: 2025年 执行数 | D5: 比上年 增长 | E5: 2024年 决算数 | F5: 2025年 执行数 | G5: 比上年 增长
A6: 文登区 | B6: 428755 | C6: 440675 | D6: =ROUND((C6-B6)/B6,3) -> 0.028 | E6: 732374 | F6: 678646 | G6: =ROUND((F6-E6)/E6,3) -> -0.073

Sheet 8
A1: 表8
A2: 2025年文登区专项转移支付执行情况表
A3: 单位：万元
A4: 区市 | B4: 合计 | C4: 一般公共服务 | D4: 公共安全 | E4: 教育 | F4: 科学技术 | G4: 文化旅游体育与传媒 | H4: 社会保障和就业 | I4: 卫生健康 | J4: 节能 环保 | K4: 城乡社区 | L4: 农林水 | M4: 交通 运输 | N4: 工业商业金融等 | O4: 自然资源海洋气象等 | P4: 住房 保障 | Q4: 其他各项专项转移支付
A5: 文登区 | B5: =SUM(C5:Q5) -> 12712 | C5: 279 | D5: 0 | E5: 314 | F5: 0 | G5: 0 | H5: 70 | I5: 198 | J5: 2159 | K5: 35 | L5: 2280 | M5: 628 | N5: 1283 | O5: 600 | P5: 0 | Q5: 4866

Sheet 10
A1: 表10
A2: 2026年文登区一般公共预算收入草案表
A3: 单位：万元
A4: 项 目 | B4: 2025年执行数 | C4: 2026年预算数 | D4: 比上年增长
A5: 一、税收收入 | B5: =SUM(B6:B19) -> 236381 | C5: =SUM(C6:C19) -> 238743 | D5: =(C5-B5)/B5 -> 0.0099923429
A6: 国内增值税 | B6: ='1一般'!E7 -> 72153 | C6: 72875 | D6: =(C6-B6)/B6 -> 0.010006514
A7: 企业所得税 | B7: ='1一般'!E8 -> 21949 | C7: 22168 | D7: =(C7-B7)/B7 -> 0.0099776755
A8: 个人所得税 | B8: ='1一般'!E9 -> 8167 | C8: 8249 | D8: =(C8-B8)/B8 -> 0.010040407
A9: 资源税 | B9: ='1一般'!E10 -> 3625 | C9: 3661 | D9: =(C9-B9)/B9 -> 0.0099310345
A10: 城市维护建设税 | B10: ='1一般'!E11 -> 9249 | C10: 9341 | D10: =(C10-B10)/B10 -> 0.0099470213
A11: 房产税 | B11: ='1一般'!E12 -> 19012 | C11: 19202 | D11: =(C11-B11)/B11 -> 0.0099936882
A12: 印花税 | B12: ='1一般'!E13 -> 5249 | C12: 5301 | D12: =(C12-B12)/B12 -> 0.0099066489
A13: 城镇土地使用税 | B13: ='1一般'!E14 -> 58809 | C13: 59397 | D13: =(C13-B13)/B13 -> 0.0099984696
A14: 土地增值税 | B14: ='1一般'!E15 -> 2280 | C14: 2303 | D14: =(C14-B14)/B14 -> 0.010087719
A15: 车船税 | B15: ='1一般'!E16 -> 6543 | C15: 6608 | D15: =(C15-B15)/B15 -> 0.0099342809
A16: 耕地占用税 | B16: ='1一般'!E17 -> 807 | C16: 815 | D16: =(C16-B16)/B16 -> 0.009913259
A17: 契税 | B17: ='1一般'!E18 -> 26916 | C17: 27185 | D17: =(C17-B17)/B17 -> 0.0099940556
A18: 环境保护税 | B18: ='1一般'!E19 -> 1622 | C18: 1638 | D18: =(C18-B18)/B18 -> 0.009864365
A19: 其他税收收入
A20: 二、非税收入 | B20: =SUM(B21:B28) -> 204294 | C20: =SUM(C21:C28) -> 210749 | D20: =(C20-B20)/B20 -> 0.031596621
A21: 专项收入 | B21: ='1一般'!E22 -> 9838 | C21: 10149 | D21: =(C21-B21)/B21 -> 0.031612116
A22: 行政事业性收费收入 | B22: ='1一般'!E23 -> 4429 | C22: 4569 | D22: =(C22-B22)/B22 -> 0.031609844
A23: 罚没收入 | B23: ='1一般'!E24 -> 37986 | C23: 39186 | D23: =(C23-B23)/B23 -> 0.031590586
A24: 国有资本经营收入
A25: 国有资源(资产)有偿使用收入 | B25: ='1一般'!E26 -> 152003 | C25: 156806 | D25: =(C25-B25)/B25 -> 0.031598061
A26: 捐赠收入
A27: 政府住房基金收入 | B27: ='1一般'!E28 -> 31 | C27: 32 | D27: =(C27-B27)/B27 -> 0.032258065
A28: 其他收入 | B28: 7 | C28: 7 | D28: =(C28-B28)/B28 -> 0
A29: 收入合计 | B29: =SUM(B5,B20) -> 440675 | C29: =SUM(C5,C20) -> 449492 | D29: =(C29-B29)/B29 -> 0.020007942
A30: 转移性收入 | B30: =SUM(B31:B37) -> 1003458 | C30: =SUM(C31:C37) -> 682515
A31: 地方政府一般债务转贷收入 | B31: ='1一般'!E32 -> 52250 | C31: 28735
A32: 返还性收入 | B32: ='1一般'!E33 -> 58833 | C32: 58833
A33: 一般性转移支付收入 | B33: ='1一般'!E34 -> 162881 | C33: 160000
A34: 专项转移支付收入 | B34: ='1一般'!E35 -> 12712 | C34: 12000
A35: 调入资金 | B35: ='1一般'!E36 -> 324151 | C35: 130000
A36: 动用预算稳定调节基金 | B36: ='1一般'!E37 -> 260844 | C36: 130000
A37: 上年结转收入 | B37: ='1一般'!E38 -> 131787 | C37: 162947
A38: 收入总计 | B38: =B29+B30 -> 1444133 | C38: =C29+C30 -> 1132007

Sheet 11
A1: 表11
A2: 2026年文登区一般公共预算支出草案表
A3: 单位：万元
A4: 项 目 | B4: 2025年执行数 | C4: 2026年预算数 | D4: 比上年增长
A5: 一、一般公共服务支出 | B5: 45849 | C5: 60387 | D5: =(C5-B5)/B5 -> 0.31708434
A6: 二、国防支出 | B6: 245 | C6: 424 | D6: =(C6-B6)/B6 -> 0.73061224
A7: 三、公共安全支出 | B7: 3617 | C7: 6447 | D7: =(C7-B7)/B7 -> 0.78241637
A8: 四、教育支出 | B8: 192013 | C8: 192020 | D8: =(C8-B8)/B8 -> 3.6455865e-05
A9: 五、科学技术支出 | B9: 1638 | C9: 944 | D9: =(C9-B9)/B9 -> -0.42368742
A10: 六、文化旅游体育与传媒支出 | B10: 5853 | C10: 7956 | D10: =(C10-B10)/B10 -> 0.35930292
A11: 七、社会保障和就业支出 | B11: 165915 | C11: 148434 | D11: =(C11-B11)/B11 -> -0.10536118
A12: 八、卫生健康支出 | B12: 64393 | C12: 64901 | D12: =(C12-B12)/B12 -> 0.0078890563
A13: 九、节能环保支出 | B13: 2220 | C13: 4385 | D13: =(C13-B13)/B13 -> 0.97522523
A14: 十、城乡社区支出 | B14: 41355 | C14: 31205 | D14: =(C14-B14)/B14 -> -0.24543586
A15: 十一、农林水支出 | B15: 84790 | C15: 84790 | D15: =(C15-B15)/B15 -> 0
A16: 十二、交通运输支出 | B16: 2274 | C16: 9345 | D16: =(C16-B16)/B16 -> 3.1094987
... A18: 十四、商业服务业等支出 | B18: 1138 | C18: 1314 | D18: =(C18-B18)/B18 -> 0.15465729
A19: 十五、金融支出 | B19: 0 | C19: 48
A20: 十六、援助其他地区支出 | B20: 0 | C20: 363
A21: 十七、自然资源海洋气象等支出 | B21: 3081 | C21: 5150 | D21: =(C21-B21)/B21 -> 0.67153522
A22: 十八、住房保障支出 | B22: 48127 | C22: 32042 | D22: =(C22-B22)/B22 -> -0.33421988
A23: 十九、粮油物资储备支出 | B23: 780 | C23: 300 | D23: =(C23-B23)/B23 -> -0.61538462
A24: 二十、灾害防治及应急管理支出 | B24: 3238 | C24: 5541 | D24: =(C24-B24)/B24 -> 0.71124151
A25: 二十一、预备费 | B25: 0 | C25: 8500
A26: 二十二、债务付息支出 | B26: 11431 | C26: 10606 | D26: =(C26-B26)/B26 -> -0.072172163
A27: 二十三、其他支出 | B27: 5 | C27: 32 | D27: =(C27-B27)/B27 -> 5.4
A28: 支出合计 | B28: =SUM(B5:B27) -> 678646 | C28: =SUM(C5:C27) -> 677741 | D28: =(C28-B28)/B28 -> -0.0013335377
A29: 转移性支出 | B29: =SUM(B30:B36) -> 765487 | C29: =SUM(C30:C36) -> 454266
A30: 地方政府一般债务还本支出 | B30: 56719 | C30: 32107
A31: 上解支出 | B31: 107784 | C31: 114000
A32: 安排预算稳定调节基金 | B32: 438037 | C32: 208159
A33: 补充预算周转金 | B33: ='2'!E34 -> 0 | C33: 0
A34: 区域间转移性支出 | B34: ='2'!E35 -> 0 | C34: 0
A35: 调出资金 | C35: 0
A36: 结转下年支出 | B36: 162947 | C36: 100000
A37: 支出总计 | B37: =B28+B29 -> 1444133 | C37: =C28+C29 -> 1132007

Sheet 12
A1: 表12
A2: 2026年文登区本级一般公共预算收入草案表
D3: 单位：万元
A4: 项 目 | B4: 2025年执行数 | C4: 2026年预算数 | D4: 比上年增长
A5: 税收收入 | B5: =SUM(B6:B19) -> 236381 | C5: =SUM(C6:C19) -> 238743 | D5: =(C5-B5)/B5 -> 0.0099923429
A6: 国内增值税 | B6: 72153 | C6: 72875 | D6: =(C6-B6)/B6 -> 0.010006514
A7: 企业所得税 | B7: 21949 | C7: 22168 | D7: =(C7-B7)/B7 -> 0.0099776755
A8: 个人所得税 | B8: 8167 | C8: 8249 | D8: =(C8-B8)/B8 -> 0.010040407
A9: 资源税 | B9: 3625 | C9: 3661 | D9: =(C9-B9)/B9 -> 0.0099310345
A10: 城市维护建设税 | B10: 9249 | C10: 9341 | D10: =(C10-B10)/B10 -> 0.0099470213
A11: 房产税 | B11: 19012 | C11: 19202 | D11: =(C11-B11)/B11 -> 0.0099936882
A12: 印花税 | B12: 5249 | C12: 5301 | D12: =(C12-B12)/B12 -> 0.0099066489
A13: 城镇土地使用税 | B13: 58809 | C13: 59397 | D13: =(C13-B13)/B13 -> 0.0099984696
A14: 土地增值税 | B14: 2280 | C14: 2303 | D14: =(C14-B14)/B14 -> 0.010087719
A15: 车船税 | B15: 6543 | C15: 6608 | D15: =(C15-B15)/B15 -> 0.0099342809
A16: 耕地占用税 | B16: 807 | C16: 815 | D16: =(C16-B16)/B16 -> 0.009913259
A17: 契税 | B17: 26916 | C17: 27185 | D17: =(C17-B17)/B17 -> 0.0099940556
A18: 环境保护税 | B18: 1622 | C18: 1638 | D18: =(C18-B18)/B18 -> 0.009864365
A19: 其他税收收入
A20: 非税收入 | B20: =SUM(B21:B28) -> 204294 | C20: =SUM(C21:C28) -> 210749 | D20: =(C20-B20)/B20 -> 0.031596621
A21: 专项收入 | B21: 9838 | C21: 10149 | D21: =(C21-B21)/B21 -> 0.031612116
A22: 行政事业性收费收入 | B22: 4429 | C22: 4569 | D22: =(C22-B22)/B22 -> 0.031609844
A23: 罚没收入 | B23: 37986 | C23: 39186 | D23: =(C23-B23)/B23 -> 0.031590586
A24: 国有资本经营收入
A25: 国有资源(资产)有偿使用收入 | B25: 152003 | C25: 156806 | D25: =(C25-B25)/B25 -> 0.031598061
A26: 捐赠收入
A27: 政府住房基金收入 | B27: 31 | C27: 32 | D27: =(C27-B27)/B27 -> 0.032258065
A28: 其他收入 | B28: 7 | C28: 7 | D28: =(C28-B28)/B28 -> 0
A29: 本年收入合计 | B29: =B20+B5 -> 440675 | C29: =C20+C5 -> 449492 | D29: =(C29-B29)/B29 -> 0.020007942
A30: 转移性收入 | B30: =SUM(B31:B38) -> 1003458 | C30: =SUM(C31:C38) -> 682515
A31: 地方政府一般债务转贷收入 | B31: 52250 | C31: 28735
A32: 返还性收入 | B32: 58833 | C32: 58833
A33: 一般性转移支付收入 | B33: 162881 | C33: 160000
A34: 专项转移支付收入 | B34: 12712 | C34: 12000
A35: 下级上解收入
A36: 调入资金 | B36: 324151 | C36: 130000
A37: 动用预算稳定调节基金 | B37: 260844 | C37: 130000
A38: 上年结转收入 | B38: 131787 | C38: 162947
A39: 收入总计 | B39: =B29+B30 -> 1444133 | C39: =C29+C30 -> 1132007

Sheet 13
A1: 表13
A2: 2026年文登区本级一般公共预算支出草案表（按功能分类）
A3: 单位：万元
A4: 项 目 | B4: 2025年执行数 | C4: 2026年预算数 | D4: 比上年增长
A5: 一、一般公共服务支出 | B5: ='5'!E6 -> 45849 | C5: 60387 | D5: =(C5-B5)/B5 -> 0.31708434
A6: 二、国防支出 | B6: ='5'!E7 -> 245 | C6: 424 | D6: =(C6-B6)/B6 -> 0.73061224
A7: 三、公共安全支出 | B7: ='5'!E8 -> 3617 | C7: 6447 | D7: =(C7-B7)/B7 -> 0.78241637
A8: 四、教育支出 | B8: ='5'!E9 -> 192013 | C8: 192020 | D8: =(C8-B8)/B8 -> 3.6455865e-05
A9: 五、科学技术支出 | B9: ='5'!E10 -> 1638 | C9: 944 | D9: =(C9-B9)/B9 -> -0.42368742
A10: 六、文化旅游体育与传媒支出 | B10: ='5'!E11 -> 5853 | C10: 7956 | D10: =(C10-B10)/B10 -> 0.35930292
A11: 七、社会保障和就业支出 | B11: ='5'!E12 -> 165915 | C11: 148434 | D11: =(C11-B11)/B11 -> -0.10536118
A12: 八、卫生健康支出 | B12: ='5'!E13 -> 64393 | C12: 64901 | D12: =(C12-B12)/B12 -> 0.0078890563
A13: 九、节能环保支出 | B13: ='5'!E14 -> 2220 | C13: 4385 | D13: =(C13-B13)/B13 -> 0.97522523
A14: 十、城乡社区支出 | B14: ='5'!E15 -> 41355 | C14: 31205 | D14: =(C14-B14)/B14 -> -0.24543586
A15: 十一、农林水支出 | B15: ='5'!E16 -> 84790 | C15: 84790 | D15: =(C15-B15)/B15 -> 0
A16: 十二、交通运输支出 | B16: ='5'!E17 -> 2274 | C16: 9345 | D16: =(C16-B16)/B16 -> 3.1094987
... A18: 十四、商业服务业等支出 | B18: ='5'!E19 -> 1138 | C18: 1314 | D18: =(C18-B18)/B18 -> 0.15465729
A19: 十五、金融支出 | B19: ='5'!E20 -> 0 | C19: 48
A20: 十六、援助其他地区支出 | B20: ='5'!E21 -> 0 | C20: 363
A21: 十七、自然资源海洋气象等支出 | B21: ='5'!E22 -> 3081 | C21: 5150 | D21: =(C21-B21)/B21 -> 0.67153522
A22: 十八、住房保障支出 | B22: ='5'!E23 -> 48127 | C22: 32042 | D22: =(C22-B22)/B22 -> -0.33421988
A23: 十九、粮油物资储备支出 | B23: ='5'!E24 -> 780 | C23: 300 | D23: =(C23-B23)/B23 -> -0.61538462
A24: 二十、灾害防治及应急管理支出 | B24: ='5'!E25 -> 3238 | C24: 5541 | D24: =(C24-B24)/B24 -> 0.71124151
A25: 二十一、预备费 | B25: ='5'!E26 -> 0 | C25: 8500
A26: 二十二、债务付息支出 | B26: ='5'!E27 -> 11431 | C26: 10606 | D26: =(C26-B26)/B26 -> -0.072172163
A27: 二十三、其他支出 | B27: ='5'!E28 -> 5 | C27: 32 | D27: =(C27-B27)/B27 -> 5.4
A28: 支出合计 | B28: =SUM(B5:B27) -> 678646 | C28: =SUM(C5:C27) -> 677741 | D28: =(C28-B28)/B28 -> -0.0013335377
A29: 转移性支出 | B29: =SUM(B30:B38) -> 765487 | C29: =SUM(C30:C38) -> 454266
A30: 地方政府一般债务还本支出 | B30: ='5'!E31 -> 56719 | C30: 32107
A31: 上解支出 | B31: ='5'!E32 -> 107784 | C31: 114000
A32: 返还性支出
A33: 补助下级支出
A34: 债务转贷支出
A35: 补充预算周转金
A36: 安排预算稳定调节基金 | B36: 438037 | C36: 208159
A37: 调出资金
A38: 结转下年支出 | B38: ='5'!E37 -> 162947 | C38: 100000
A39: 支出总计 | B39: =B28+B29 -> 1444133 | C39: =C28+C29 -> 1132007

Sheet 14
A1: 表14
A2: 2026年文登区本级一般公共预算支出草案表（按经济分类）
A3: 单位:万元
A4: 科目名称 | B4: 2026年预算数
B5: 合 计
A6: 合 计 | B6: =B7+B12+B23+B32+B35+B38+B42+B48+B50+B52+B54+B56 -> 677741
A7: 一、机关工资福利支出 | B7: =SUM(B8:B11) -> 34013
A8: 工资奖金津补贴 | B8: 23182
A9: 社会保障缴费 | B9: 5462
A10: 住房公积金 | B10: 1944
A11: 其他工资福利支出 | B11: 3425
A12: 二、机关商品和服务支出 | B12: 73183
A13: 办公经费 | B13: 7471
A14: 会议费 | B14: 120
A15: 培训费 | B15: 195
A16: 专用材料购置费 | B16: 68
A17: 委托业务费 | B17: 2702
A18: 公务接待费 | B18: 77
A19: 因公出国（境）费用 | B19: 106
... A22: 其他商品和服务支出 | B22: 61798
A23: 三、机关资本性支出（一） | B23: =SUM(B24:B28) -> 13365
A24: 基础设施建设 | B24: 8966
A25: 公务用车购置 | B25: 0
A26: 设备购置 | B26: 433
A27: 大型修缮 | B27: 267
A28: 其他资本性支出 | B28: 3699
A29: 四、机关资本性支出（二） | B29: =SUM(B30:B31) -> 0
A30: 基础设施建设 | B30: 0
A31: 设备购置 | B31: 0
A32: 五、对事业单位经常性补助 | B32: =SUM(B33:B34) -> 275081
A33: 工资福利支出 | B33: 174771
A34: 商品和服务支出 | B34: 100310
A35: 六、对事业单位资本性补助 | B35: =SUM(B36:B37) -> 14586
A36: 资本性支出（一） | B36: 14571
A37: 资本性支出（基本建设） | B37: 15
A38: 七、对企业补助 | B38: =SUM(B39:B41) -> 8675
A39: 费用补贴 | B39: 173
A40: 利息补贴 | B40: 120
A41: 其他对企业补助 | B41: 8382
A42: 八、对个人和家庭的补助 | B42: =SUM(B43:B47) -> 53765
A43: 社会福利和救助 | B43: 26518
A44: 助学金 | B44: 334
A45: 个人农业生产补贴 | B45: 4416
A46: 离退休费 | B46: 3327
A47: 其他对个人和家庭补助 | B47: 19170
A48: 九、对社会保障基金补助 | B48: =SUM(B49) -> 102622
A49: 对社会保险基金补助 | B49: 102622
A50: 十、债务利息及费用支出 | B50: =SUM(B51:B51) -> 10606
A51: 国内债务付息 | B51: 10606
A52: 十一、转移性支出 | B52: =SUM(B53) -> 38526
A53: 上下级政府间转移性支出 | B53: 38526
A54: 十二、预备费及预留 | B54: =SUM(B55) -> 8500
A55: 预备费 | B55: 8500
A56: 十三、其他支出 | B56: =SUM(B57:B58) -> 44819
A57: 对民间非营利组织和群众性自治组织补贴 | B57: 12000
A58: 其他支出 | B58: 32819

Sheet 15
A1: 表15
A2: 2026年文登区本级财力安排的税收返还 及一般性转移支付分项目草案表
B3: 单位:万元
A4: 项 目 | B4: 2026年预算数
A5: 合 计 | B5: =B6+B13 -> 0
A6: 一、税收返还 | B6: =SUM(B7:B12) -> 0
A7: 其中：所得税基数返还
A8: 成品油税费改革税收返还
A9: 增值税税收返还
A10: 消费税税收返还
A11: 增值税“五五分享”税收返还
A12: 其他税收返还
A13: 二、一般性转移支付 | B13: =SUM(B14:B17) -> 0
A14: （一）农林水共同财政事权转移支付
A15: （二）社会保障和就业共同财政事权转移支付
A16: （三）医疗卫生共同财政事权转移支付
A17: （四）其他各类一般性转移支付
A18: 注：2026年文登区无本级财力安排的对下级税收返还和一般性转移支付。

Sheet 16
A1: 表16
A2: 2026年文登区本级财力安排的专项转移支付分项目草案表
B3: 单位：万元
A4: 项 目 | B4: 金 额
A5: 合 计 | B5: =SUM(B6:B20) -> 0
A6: 一、一般公共服务
A7: 二、公共安全
A8: 三、教育
A9: 四、科学技术
A10: 五、文化旅游体育与传媒
A11: 六、社会保障和就业
A12: 七、卫生健康
A13: 八、节能环保
A14: 九、城乡社区
A15: 十、农林水
A16: 十一、交通运输
A17: 十二、工业商业金融等
... A21: 注：2026年文登区无本级财力安排的对下级专项转移支付。

Sheet 17
A1: 表17
A2: 2026年文登区本级财力安排的税收返还和转移支付分镇街草案表
A3: 单位：万元
A4: 项 目 | B4: 2026年预算数
B5: 税收返还 | C5: 一般性转移支付 | D5: 专项转移支付
A6: 合 计 | B6: =SUM(B7:B13) -> 0 | C6: =SUM(C7:C13) -> 0 | D6: =SUM(D7:D13) -> 0
A7: 威海市文登区大水泊镇人民政府
A8: 威海市文登区高村镇人民政府
A9: 威海市文登区葛家镇人民政府
A10: 威海市文登区侯家镇人民政府
A11: 威海市文登区界石镇人民政府
A12: 威海市文登区米山镇人民政府
A13: 威海市文登区宋村镇人民政府
A14: 威海市文登区泽库镇人民政府
A15: 威海市文登区泽头镇人民政府
A16: 威海市文登区张家产镇人民政府
A17: 威海市文登区文登营镇人民政府
A18: 威海市文登区天福街道办事处
... A21: 注：2026年文登区无本级财力安排的对下级税收返还和一般性转移支付。

Sheet 18
A1: 表18
A2: 2026年文登区本级一般公共预算支出预算明细表（按功能分类）
A3: 单位：万元
A4: 类 | B4: 款 | C4: 项 | D4: 科目名称 | E4: 金额
A5: 201 | D5: 一般公共服务支出 | E5: =E6+E13+E18+E25+E30+E37+E42+E44+E47+E53+E62+E64+E67+E69+E71+E73+E78+E82+E86+E90+E95+E97+E104+E109+E111+E113 -> 60386.911
B6: 01 | D6: 人大事务 | E6: =SUM(E7:E12) -> 1860
C7: 01 | D7: 行政运行 | E7: 737
C8: 02 | D8: 一般行政管理事务 | E8: 260
C9: 04 | D9: 人大会议 | E9: 78
C10: 07 | D10: 人大代表履职能力提升 | E10: 0
C11: 50 | D11: 事业运行 | E11: 690
C12: 99 | D12: 其他人大事务支出 | E12: 95
B13: 02 | D13: 政协事务 | E13: 689
C14: 01 | D14: 行政运行 | E14: 513
C15: 04 | D15: 政协会议 | E15: 49.815
C16: 50 | D16: 事业运行 | E16: 69
C17: 99 | D17: 其他政协事务支出 | E17: 57
B18: 03 | D18: 政府办公厅（室）及相关机构事务 | E18: 19076
C19: 01 | D19: 行政运行 | E19: 10920
C20: 03 | D20: 机关服务 | E20: 1833
C21: 05 | D21: 专项业务及机关事务管理 | E21: 5
C22: 06 | D22: 政务公开审批 | E22: 108
C23: 50 | D23: 事业运行 | E23: 3888
C24: 99 | D24: 其他政府办公厅（室）及相关机构事务支出 | E24: 2322
B25: 04 | D25: 发展与改革事务 | E25: 3896.0808
C26: 01 | D26: 行政运行 | E26: 1786.141
C27: 08 | D27: 物价管理 | E27: 31
C28: 50 | D28: 事业运行 | E28: 1612
C29: 99 | D29: 其他发展与改革事务支出 | E29: 467
B30: 05 | D30: 统计信息事务 | E30: 470
C31: 01 | D31: 行政运行 | E31: 170
C32: 04 | D32: 信息事务 | E32: 0
C33: 05 | D33: 专项统计业务 | E33: 0
C34: 07 | D34: 专项普查活动 | E34: 15
C35: 08 | D35: 统计抽样调查 | E35: 37
C36: 50 | D36: 事业运行 | E36: 248
B37: 06 | D37: 财政事务 | E37: 4065
C38: 01 | D38: 行政运行 | E38: 1336
C39: 08 | D39: 财政委托业务支出 | E39: 523
C40: 50 | D40: 事业运行 | E40: 1749
C41: 99 | D41: 其他财政事务支出 | E41: 457
B42: 07 | D42: 税收事务 | E42: 2316
C43: 01 | D43: 行政运行 | E43: 2316
B44: 08 | D44: 审计事务 | E44: 760
C45: 01 | D45: 行政运行 | E45: 269
C46: 50 | D46: 事业运行 | E46: 491
B47: 11 | D47: 纪检监察事务 | E47: 2122
C48: 01 | D48: 行政运行 | E48: 1729
C49: 04 | D49: 大案要案查处 | E49: 200
C50: 06 | D50: 巡视工作 | E50: 45
C51: 50 | D51: 事业运行 | E51: 110
C52: 99 | D52: 其他纪检监察事务支出 | E52: 38
B53: 13 | D53: 商贸事务 | E53: 2085
C54: 01 | D54: 行政运行 | E54: 225
C55: 02 | D55: 一般行政管理事务 | E55: 207
C56: 04 | D56: 对外贸易管理 | E56: 298
C57: 05 | D57: 国际经济合作 | E57: 41
C58: 07 | D58: 国内贸易管理 | E58: 73
C59: 08 | D59: 招商引资 | E59: 121
C60: 50 | D60: 事业运行 | E60: 973
C61: 99 | D61: 其他商贸事务支出 | E61: 147
B62: 14 | D62: 知识产权事务 | E62: 177
C63: 99 | D63: 其他知识产权事务支出 | E63: 177
B64: 23 | D64: 民族事务 | E64: 0
C65: 01 | D65: 行政运行 | E65: 0
C66: 99 | D66: 其他民族事务支出 | E66: 0
B67: 25 | D67: 港澳台事务 | E67: 101
C68: 01 | D68: 行政运行 | E68: 101
B69: 26 | D69: 档案事务 | E69: 223
C70: 04 | D70: 档案馆 | E70: 223
B71: 28 | D71: 民主党派及工商联事务 | E71: 170
C72: 01 | D72: 行政运行 | E72: 170
B73: 29 | D73: 群众团体事务 | E73: 579
C74: 01 | D74: 行政运行 | E74: 169
C75: 06 | D75: 工会事务 | E75: 51
C76: 50 | D76: 事业运行 | E76: 227
C77: 99 | D77: 其他群众团体事务支出 | E77: 132
B78: 31 | D78: 党委办公厅（室）及相关机构事务 | E78: 2358
C79: 01 | D79: 行政运行 | E79: 1103
C80: 50 | D80: 事业运行 | E80: 867
C81: 99 | D81: 其他党委办公厅（室）及相关机构事务支出 | E81: 388
B82: 32 | D82: 组织事务 | E82: 3550
C83: 01 | D83: 行政运行 | E83: 227
C84: 50 | D84: 事业运行 | E84: 631
C85: 99 | D85: 其他组织事务支出 | E85: 2692
B86: 33 | D86: 宣传事务 | E86: 1272
C87: 01 | D87: 行政运行 | E87: 233
C88: 50 | D88: 事业运行 | E88: 277
C89: 99 | D89: 其他宣传事务支出 | E89: 762
B90: 34 | D90: 统战事务 | E90: 482
C91: 01 | D91: 行政运行 | E91: 218
C92: 04 | D92: 宗教事务 | E92: 0.24
C93: 05 | D93: 华侨事务 | E93: 0
C94: 50 | D94: 事业运行 | E94: 264
B95: 36 | D95: 其他共产党事务支出 | E95: 194
C96: 99 | D96: 其他共产党事务支出 | E96: 194
B97: 38 | D97: 市场监督管理事务 | E97: 4476
C98: 01 | D98: 行政运行 | E98: 2704
C99: 05 | D99: 市场秩序执法 | E99: 400
C100: 10 | D100: 质量基础 | E100: 34
...

Sheet 19
A1: 表19
A2: 2026年文登区本级一般公共预算重点项目支出表
C3: 单位：万元
A4: 序号 | B4: 项目名称 | C4: 金 额
A5: 合 计 | C5: =C6+C10+C13+C17+C23 -> 39609
A6: 一、支农支出重点项目 | C6: =SUM(C7:C9) -> 14633
A7: 1 | B7: 村级组织运转经费 | C7: 12000
A8: 2 | B8: 产业项目和小型公益性设施建设 | C8: 2104
A9: 3 | B9: 种植业保险保费补贴 | C9: 529
A10: 二、科技、人才和支持经济发展支出重点项目 | C10: =SUM(C11:C12) -> 1770
A11: 1 | B11: 全区人才工作经费 | C11: 1270
A12: 2 | B12: 人才经费 | C12: 500
A13: 三、文体教育支出重点项目 | C13: =SUM(C14:C16) -> 2350
A14: 1 | B14: 校车运营费 | C14: 1450
A15: 2 | B15: 教育事业经费（含教师专项经费、督导经费等） | C15: 800
A16: 3 | B16: 公共文化服务体系建设 | C16: 100
A17: 四、社会保障、卫生、民政支出重点项目 | C17: =SUM(C18:C22) -> 19656
A18: 1 | B18: 基本药物零差补助 | C18: 11944
A19: 2 | B19: 优抚对象抚恤和生活补助 | C19: 2200
A20: 3 | B20: 农村特困供养资金 | C20: 2400
A21: 4 | B21: 农村低保保障资金 | C21: 2045
A22: 5 | B22: 计划生育特别扶助 | C22: 1067
A23: 五、其他支出重点项目 | C23: =SUM(C24:C24) -> 1200
A24: 1 | B24: 松材线虫病防治 | C24: 1200

Sheet 20基金
A1: 表20
A2: 2025年文登区政府性基金预算收入执行情况表
G3: 单位：万元
A4: 项 目 | B4: 2024年 决算数 | C4: 2025年 预算数 | D4: 2025年 调整预算数 | E4: 2025年执行数
E5: 金额 | F5: 占调整 预算 | G5: 比上年 增长
A6: 一、国有土地使用权出让收入 | B6: 404222 | C6: 800000 | D6: 454282 | E6: 404820 | F6: =E6/D6 -> 0.89112049 | G6: =(E6-B6)/B6 -> 0.0014793851
A7: 二、彩票公益金收入 | B7: 384 | C7: 200 | D7: 314 | E7: 446 | F7: =E7/D7 -> 1.4203822 | G7: =(E7-B7)/B7 -> 0.16145833
A8: 三、城市基础设施配套费收入 | B8: 29486 | C8: 26000 | D8: 70000 | E8: 58325 | F8: =E8/D8 -> 0.83321429 | G8: =(E8-B8)/B8 -> 0.97805738
A9: 四、污水处理费收入 | B9: 1012 | C9: 1000 | D9: 1432 | E9: 1524 | F9: =E9/D9 -> 1.0642458 | G9: =(E9-B9)/B9 -> 0.50592885
A10: 五、彩票发行机构和彩票销售机构的业务费用 | B10: 0 | C10: 0 | D10: 0 | F10: 0 | G10: 0
A11: 六、其他政府性基金收入 | F11: 0 | G11: 0
A12: 七、专项债券对应项目专项收入 | B12: 39432 | C12: 40432 | D12: 86799 | E12: 86799 | F12: =E12/D12 -> 1 | G12: =(E12-B12)/B12 -> 1.2012325
A13: 本年收入合计 | B13: =SUM(B6:B12) -> 474536 | C13: =SUM(C6:C12) -> 867632 | D13: =SUM(D6:D12) -> 612827 | E13: =SUM(E6:E12) -> 551914 | F13: =E13/D13 -> 0.90060327 | G13: =(E13-B13)/B13 -> 0.16306034
A14: 转移性收入 | B14: =SUM(B15:B18) -> 855797 | C14: =SUM(C15:C18) -> 926979 | D14: =SUM(D15:D18) -> 1062679 | E14: =SUM(E15:E18) -> 1059408
A15: 地方政府专项债务转贷收入 | B15: 747863 | C15: 849680 | D15: 985380 | E15: 985380
A16: 上级补助收入 | B16: 24281 | C16: 24000 | D16: 24000 | E16: 20729
A17: 调入资金 | B17: 51302
A18: 上年结转收入 | B18: 32351 | C18: 53299 | D18: 53299 | E18: 53299
A19: 收入总计 | B19: =B13+B14 -> 1330333 | C19: =C13+C14 -> 1794611 | D19: =D13+D14 -> 1675506 | E19: =E13+E14 -> 1611322

Sheet 21
A1: 表21
A2: 2025年文登区政府性基金预算支出执行情况表
G3: 单位：万元
A4: 项 目 | B4: 2024年 决算数 | C4: 2025年 预算数 | D4: 2025年 调整预算数 | E4: 2025年执行数
E5: 金额 | F5: 占调整 预算 | G5: 比上年 增长
A6: 一、文化旅游体育传媒支出 | D6: =D7+D8 -> 60 | E6: =E7+E8 -> 59 | F6: =E6/D6 -> 0.98333333
A7: 国家电影事业发展专项资金收入安排的支出 | D7: 60 | E7: 59 | F7: =E7/D7 -> 0.98333333
A8: 旅游发展基金支出
A9: 二、节能环保支出 | E9: =E10 -> 120
A10: 超长期特别国债安排的支出 | E10: 120
A11: 三、城乡社区支出 | B11: =SUM(B12:B20) -> 596099 | C11: =SUM(C12:C20) -> 700437 | D11: =SUM(D12:D20) -> 800839 | E11: =SUM(E12:E20) -> 447519 | F11: =E11/D11 -> 0.5588127 | G11: =(E11-B11)/B11 -> -0.2492539
A12: 国有土地使用权出让收入安排的支出 | B12: 412125 | C12: 500837 | D12: 481239 | E12: 341832 | F12: =E12/D12 -> 0.7103165 | G12: =(E12-B12)/B12 -> -0.17056233
A13: 国有土地收益基金安排的支出
A14: 农业土地开发资金安排的支出
A15: 城市基础设施配套费安排的支出 | B15: 31974 | C15: 1600 | D15: 1600 | E15: 74387 | F15: =E15/D15 -> 46.491875 | G15: =(E15-B15)/B15 -> 1.326484
A16: 污水处理费安排的支出
A17: 土地储备专项债券收入安排的支出 | D17: 21000 | E17: 21000
A18: 棚户区改造专项债券收入安排的支出
A19: 国有土地使用权出让收入对应专项债务收入安 排的支出 | B19: 152000 | C19: 198000 | D19: 293000
A20: 超长期特别国债安排的支出 | D20: 4000 | E20: 10300
A21: 四、农林水支出 | B21: =B22+B23 -> 604 | C21: =C22+C23 -> 610 | D21: =D22+D23 -> 889 | E21: =E22+E23 -> 2013 | F21: =E21/D21 -> 2.264342 | G21: =(E21-B21)/B21 -> 2.3327815
A22: 国家重大水利工程建设基金安排的支出 | B22: 30 | C22: 30 | D22: 30 | E22: 115 | F22: =E22/D22 -> 3.8333333 | G22: =(E22-B22)/B22 -> 2.8333333
A23: 大中型水库移民后期扶持基金支出 | B23: 574 | C23: 580 | D23: 859 | E23: 1898 | F23: =E23/D23 -> 2.209546 | G23: =(E23-B23)/B23 -> 2.3066202
A24: 五、资源勘探工业信息等支出 | E24: =E25 -> 240
A25: 超长期特别国债安排的支出 | E25: 240
A26: 六、其他支出 | B26: =SUM(B27:B29) -> 391739 | C26: =SUM(C27:C29) -> 350135 | D26: =SUM(D27:D29) -> 376119 | E26: =SUM(E27:E29) -> 355277 | F26: =E26/D26 -> 0.94458669 | G26: =(E26-B26)/B26 -> -0.093077278
A27: 其他政府性基金及对应专项债务收入安排的支出 | B27: 391000 | C27: 350000 | D27: 375700 | E27: 354700 | F27: =E27/D27 -> 0.94410434 | G27: =(E27-B27)/B27 -> -0.092838875
A28: 彩票发行销售机构业务费安排的支出
A29: 彩票公益金安排的支出 | B29: 739 | C29: 135 | D29: 419 | E29: 577 | F29: =E29/D29 -> 1.3770883 | G29: =(E29-B29)/B29 -> -0.21921516
A30: 七、债务付息支出 | B30: =SUM(B31:B35) -> 68894 | C30: 77629 | D30: 86799 | E30: 86799 | F30: =E30/D30 -> 1 | G30: =(E30-B30)/B30 -> 0.25989201
A31: 国有土地使用权出让金债务付息支出 | B31: 29775 | C31: 37196 | D31: 43015 | E31: 43015 | F31: =E31/D31 -> 1 | G31: =(E31-B31)/B31 -> 0.44466835
A32: 土地储备专项债券付息支出
A33: 棚户区改造专项债券付息支出 | B33: 10783 | C33: 4182 | D33: 4182 | E33: 4182 | F33: =E33/D33 -> 1 | G33: 0
A34: 其他地方自行试点项目收益专项债券付息支出 | B34: 28336 | C34: 36251 | D34: 39602 | E34: 39602 | F34: =E34/D34 -> 1 | G34: 0
A35: 其他政府性基金债务付息支出
A36: 本年支出合计 | B36: =B6+B9+B11+B24+B26+B30+B21 -> 1057336 | C36: =C6+C9+C11+C24+C26+C30+C21 -> 1128811 | D36: =D6+D9+D11+D24+D26+D30+D21 -> 1264706 | E36: =E6+E9+E11+E24+E26+E30+E21 -> 892027 | F36: =E36/D36 -> 0.70532361 | G36: =(E36-B36)/B36 -> -0.15634481
A37: 转移性支出 | B37: =SUM(B38:B41) -> 272997 | C37: =SUM(C38:C41) -> 665800 | D37: =SUM(D38:D41) -> 410800 | E37: =SUM(E38:E41) -> 719295
A38: 地方政府专项债务还本支出 | B38: 219100 | C38: 335200 | D38: 350200 | E38: 643200
A39: 上解支出 | B39: 598 | C39: 600 | D39: 600 | E39: 2160
A40: 调出资金 | C40: 310000 | E40: 50120
A41: 结转下年支出 | B41: 53299 | C41: 20000 | D41: 60000 | E41: 23815
A42: 支出总计 | B42: =B36+B37 -> 1330333 | C42: =C36+C37 -> 1794611 | D42: =D36+D37 -> 1675506 | E42: =E36+E37 -> 1611322

Sheet 22
A1: 表22
A2: 2025年文登区本级政府性基金预算收入执行情况表
A3: 单位：万元
A4: 项 目 | B4: 2024年 决算数 | C4: 2025年 预算数 | D4: 2025年 调整预算数 | E4: 2025年执行数
E5: 金额 | F5: 占调整 预算 | G5: 比上年 增长
A6: 一、国有土地使用权出让收入 | B6: 404222 | C6: 800000 | D6: 454282 | E6: 404820 | F6: =E6/D6 -> 0.89112049 | G6: =(E6-B6)/B6 -> 0.0014793851
A7: 二、彩票公益金收入 | B7: 384 | C7: 200 | D7: 314 | E7: 446 | F7: =E7/D7 -> 1.4203822 | G7: =(E7-B7)/B7 -> 0.16145833
A8: 三、城市基础设施配套费收入 | B8: 29486 | C8: 26000 | D8: 70000 | E8: 58325 | F8: =E8/D8 -> 0.83321429 | G8: =(E8-B8)/B8 -> 0.97805738
A9: 四、污水处理费收入 | B9: 1012 | C9: 1000 | D9: 1432 | E9: 1524 | F9: =E9/D9 -> 1.0642458 | G9: =(E9-B9)/B9 -> 0.50592885
A10: 五、彩票发行机构和彩票销售机构的业务费用
A11: 六、其他政府性基金收入
A12: 七、专项债券对应项目专项收入 | B12: 39432 | C12: 40432 | D12: 86799 | E12: 86799 | F12: 1 | G12: 1.2012325
A13: 本年收入合计 | B13: 474536 | C13: 867632 | D13: 612827 | E13: 551914 | F13: 0.90060327 | G13: 0.16306034
A14: 转移性收入 | B14: 855797 | C14: 926979 | D14: 1062679 | E14: 1059408
A15: 地方政府专项债务转贷收入 | B15: 747863 | C15: 849680 | D15: 985380 | E15: 985380
A16: 上级补助收入 | B16: 24281 | C16: 24000 | D16: 24000 | E16: 20729
A17: 上解收入
A18: 调入资金 | B18: 51302
A19: 上年结转收入 | B19: 32351 | C19: 53299 | D19: 53299 | E19: 53299
A20: 收入总计 | B20: =B14+B13 -> 1330333 | C20: =C14+C13 -> 1794611 | D20: =D14+D13 -> 1675506 | E20: =E14+E13 -> 1611322

Sheet 23
A1: 表23
A2: 2025年文登区本级政府性基金预算支出执行情况表
G3: 单位：万元
A4: 项 目 | B4: 2024年 决算数 | C4: 2025年 预算数 | D4: 2025年 调整预算数 | E4: 2025年执行数
E5: 金额 | F5: 占调整 预算 | G5: 比上年 增长
A6: 一、文化旅游体育传媒支出 | B6: =B7+B9 -> 0 | C6: =C7+C9 -> 0 | D6: =D7+D9 -> 60 | E6: =E7+E9 -> 59 | F6: =E6/D6 -> 0.98333333
A7: 国家电影事业发展专项资金安排的支出 | D7: 60 | E7: 59 | F7: =E7/D7 -> 0.98333333
A8: 其他国家电影事业发展专项资金支出 | D8: 60 | E8: 59 | F8: =E8/D8 -> 0.98333333
A9: 旅游发展基金支出
A10: 地方旅游开发项目补助
A11: 二、节能环保支出 | B11: =B12 -> 0 | C11: =C12 -> 0 | D11: =D12 -> 0 | E11: =E12 -> 120
A12: 超长期特别国债安排的支出 | E12: 120
A13: 其他节能环保支出 | E13: 120
A14: 三、城乡社区支出 | B14: =B15+B24+B26+B27+B31+B36+B39+B34+B41 -> 596099 | C14: =C15+C24+C26+C27+C31+C36+C39+C34+C41 -> 700437 | D14: =D15+D24+D26+D27+D31+D36+D39+D34+D41 -> 507839 | E14: =E15+E24+E26+E27+E31+E36+E39+E34+E41 -> 447519 | F14: =E14/D14 -> 0.8812222 | G14: =(E14-B14)/B14 -> -0.2492539
A15: 国有土地使用权出让收入安排的支出 | B15: =B16+B17+B18+B19+B20+B21+B22+B23 -> 412125 | C15: =C16+C17+C18+C19+C20+C21+C22+C23 -> 500837 | D15: =D16+D17+D18+D19+D20+D21+D22+D23 -> 481239 | E15: =E16+E17+E18+E19+E20+E21+E22+E23 -> 341832 | F15: =E15/D15 -> 0.7103165 | G15: =(E15-B15)/B15 -> -0.17056233
A16: 征地和拆迁补偿支出 | B16: 369505 | C16: 371258 | D16: 371258 | E16: 270307 | F16: =E16/D16 -> 0.72808397 | G16: =(E16-B16)/B16 -> -0.26846186
A17: 土地开发支出 | B17: 1726 | D17: 0 | E17: 671 | G17: =(E17-B17)/B17 -> -0.61123986
A18: 城市建设支出 | B18: 3352 | C18: 64231 | D18: 64231 | E18: 8781 | F18: =E18/D18 -> 0.13670969 | G18: =(E18-B18)/B18 -> 1.6196301
A19: 农村基础设施建设支出 | B19: 36783 | C19: 919 | D19: 919 | E19: 54644 | F19: =E19/D19 -> 59.460283 | G19: =(E19-B19)/B19 -> 0.48557758
A20: 补助被征地农民支出
A21: 土地出让业务支出 | B21: 759 | D21: 0 | E21: 30 | G21: =(E21-B21)/B21 -> -0.96047431
A22: 农村社会事业支出
A23: 其他国有土地使用权出让收入安排的支 出 | C23: 64429 | D23: 44831 | E23: 7399 | F23: =E23/D23 -> 0.16504205
A24: 国有土地收益基金安排的支出
A25: 其他国有土地收益基金支出
A26: 农业土地开发资金安排的支出
A27: 城市基础设施配套费安排的支出 | B27: =B28+B29+B30 -> 31974 | C27: =C28+C29+C30 -> 1600 | D27: =D28+D29+D30 -> 1600 | E27: =E28+E29+E30 -> 74387 | F27: =E27/D27 -> 46.491875 | G27: =(E27-B27)/B27 -> 1.326484
A28: 城市公共设施 | B28: 30875
A29: 城市环境卫生 | B29: 246 | C29: 321 | D29: 321 | E29: 0 | F29: =E29/D29 -> 0 | G29: =(E29-B29)/B29 -> -1
A30: 其他城市基础设施配套费安排的支出 | B30: 853 | C30: 1279 | D30: 1279 | E30: 74387 | F30: =E30/D30 -> 58.160281 | G30: =(E30-B30)/B30 -> 86.206331
A31: 污水处理费收入安排的支出
A32: 污水处理设施建设和运营
A33: 其他污水处理费安排的支出
A34: 土地储备专项债券收入安排的支出 | B34: =B35 -> 0 | C34: =C35 -> 0 | D34: =D35 -> 21000 | E34: =E35 -> 21000 | F34: =E34/D34 -> 1
A35: 其他土地储备专项债券收入安排的支出 | D35: 21000 | E35: 21000 | F35: =E35/D35 -> 1
A36: 棚户区改造专项债券收入安排的支出
A37: 征地和拆迁补偿支出
A38: 其他棚户区改造专项债券收入安排的支 出
A39: 国有土地使用权出让收入对应专项债务收 入安排的支出 | B39: 152000 | C39: =C40 -> 198000 | G39: =(E39-B39)/B39 -> -1
A40: 其他国有土地使用权出让收入对应专项 债务收入安排的支出 | B40: 152000 | C40: 198000 | G40: =(E40-B40)/B40 -> -1
A41: 超长期特别国债安排的支出 | C41: 0 | D41: 4000 | E41: 10300 | F41: =E41/D41 -> 2.575
A42: 城乡社区公共设施 | C42: 0 | D42: 4000 | E42: 10300 | F42: =E42/D42 -> 2.575
A43: 四、农林水支出 | B43: =B44+B47+B49 -> 604 | C43: =C44+C47+C49 -> 610 | D43: =D44+D47+D49 -> 889 | E43: =E44+E47+E49 -> 2013 | F43: =E43/D43 -> 2.264342 | G43: =(E43-B43)/B43 -> 2.3327815
A44: 国家重大水利工程建设基金安排的支出 | B44: =B45+B46 -> 30 | C44: =C45+C46 -> 0 | D44: =D45+D46 -> 0 | E44: =E45+E46 -> 115 | G44: =(E44-B44)/B44 -> 2.8333333
A45: 三峡后续工作 | B45: 30 | C45: 0 | D45: 0 | E45: 115 | G45: =(E45-B45)/B45 -> 2.8333333
A46: 其他重大水利工程建设基金支出
A47: 地方重大水利工程建设 | C47: 30 | D47: 30 | F47: =E47/D47 -> 0
A48: 其他地方重大水利工程建设基金支出 | C48: 30 | D48: 30 | F48: =E48/D48 -> 0
A49: 大中型水库移民后期扶持基金支出 | B49: =B50+B51+B52 -> 574 | C49: =C50+C51+C52 -> 580 | D49: =D50+D51+D52 -> 859 | E49: =E50+E51+E52 -> 1898 | F49: =E49/D49 -> 2.209546 | G49: =(E49-B49)/B49 -> 2.3066202
A50: 移民补助 | B50: 574 | E50: 472 | G50: =(E50-B50)/B50 -> -0.17770035
A51: 基础设施建设和经济发展 | C51: 463 | D51: 742 | E51: 1426 | F51: =E51/D51 -> 1.9218329
A52: 其他大中型水库移民后期扶持基金支出 | C52: 117 | D52: 117 | E52: 0 | F52: =E52/D52 -> 0
A53: 五、资源勘探工业信息等支出 | B53: 0 | C53: 0 | D53: 0 | E53: 240
A54: 超长期特别国债安排的支出 | E54: 240
A55: 移制造业 | E55: 240
A56: 六、其他支出 | B56: =B57+B59+B62 -> 391739 | C56: =C57+C59+C62 -> 350135 | D56: =D57+D59+D62 -> 376119 | E56: =E57+E59+E62 -> 355277 | F56: =E56/D56 -> 0.94458669 | G56: =(E56-B56)/B56 -> -0.093077278
A57: 其他政府性基金及对应专项债务收入 安排的支出 | B57: 391000 | C57: 350000 | D57: 375700 | E57: 354700 | F57: =E57/D57 -> 0.94410434 | G57: =(E57-B57)/B57 -> -0.092838875
A58: 其他地方自行试点项目收益专项债券收 入安排的支出 | B58: 391000 | C58: 350000 | D58: 375700 | E58: 354700 | F58: =E58/D58 -> 0.94410434 | G58: =(E58-B58)/B58 -> -0.092838875
A59: 彩票发行销售机构业务费安排的支出
A60: 福利彩票销售机构的业务费支出
A61: 彩票市场调控资金支出
A62: 彩票公益金安排的支出 | B62: =B63+B64+B65+B66+B67+B68+B69 -> 739 | C62: =C63+C64+C65+C66+C67+C68+C69 -> 135 | D62: =D63+D64+D65+D66+D67+D68+D69 -> 419 | E62: =E63+E64+E65+E66+E67+E68+E69 -> 577 | F62: =E62/D62 -> 1.3770883 | G62: =(E62-B62)/B62 -> -0.21921516
A63: 用于社会福利的彩票公益金支出 | B63: 168 | C63: 0 | D63: 0 | E63: 285 | G63: =(E63-B63)/B63 -> 0.69642857
A64: 用于体育事业的彩票公益金支出 | B64: 493 | C64: 135 | D64: 419 | E64: 139 | F64: =E64/D64 -> 0.33174224 | G64: =(E64-B64)/B64 -> -0.71805274
A65: 用于教育事业的彩票公益金支出
A66: 用于红十字事业的彩票公益金支出
A67: 用于残疾人事业的彩票公益金支出 | B67: 41 | C67: 0 | D67: 0 | E67: 103 | G67: =(E67-B67)/B67 -> 1.5121951
A68: 用于城乡医疗救助的彩票公益金支出
A69: 用于其他社会公益事业的彩票公益金支 出 | B69: 37 | C69: 0 | D69: 0 | E69: 50 | G69: =(E69-B69)/B69 -> 0.35135135
A70: 七、债务付息支出 | B70: =B71 -> 68894 | C70: =C71 -> 77629 | D70: =D71 -> 86799 | E70: =E71 -> 86799 | F70: =E70/D70 -> 1 | G70: =(E70-B70)/B70 -> 0.25989201
A71: 地方政府专项债务付息支出 | B71: =B72+B73+B74+B75 -> 68894 | C71: =C72+C73+C74+C75 -> 77629 | D71: =D72+D73+D74+D75 -> 86799 | E71: =E72+E73+E74+E75 -> 86799 | F71: =E71/D71 -> 1 | G71: =(E71-B71)/B71 -> 0.25989201
A72: 国有土地使用权出让金债务付息支出 | B72: 29775 | C72: 37196 | D72: 43015 | E72: 43015 | F72: =E72/D72 -> 1 | G72: =(E72-B72)/B72 -> 0.44466835
A73: 土地储备专项债券付息支出
A74: 棚户区改造专项债券付息支出 | B74: 10783 | C74: 4182 | D74: 4182 | E74: 4182 | F74: =E74/D74 -> 1 | G74: =(E74-B74)/B74 -> -0.6121673
A75: 其他地方自行试点项目收益专项债券付 息支出 | B75: 28336 | C75: 36251 | D75: 39602 | E75: 39602 | F75: =E75/D75 -> 1 | G75: =(E75-B75)/B75 -> 0.39758611
A76: 本年支出合计 | B76: =B6+B11+B14+B43+B56+B53+B70 -> 1057336 | C76: =C6+C11+C14+C43+C56+C53+C70 -> 1128811 | D76: =D6+D11+D14+D43+D56+D53+D70 -> 971706 | E76: =E6+E11+E14+E43+E56+E53+E70 -> 892027 | F76: =E76/D76 -> 0.91800092 | G76: =(E76-B76)/B76 -> -0.15634481
A77: 转移性支出 | B77: =SUM(B78:B83) -> 272997 | C77: =SUM(C78:C83) -> 665800 | D77: =SUM(D78:D83) -> 703800 | E77: =SUM(E78:E83) -> 719295
A78: 地方政府专项债务还本支出 | B78: 219100 | C78: 335200 | D78: 643200 | E78: 643200
A79: 上解支出 | B79: 598 | C79: 600 | D79: 600 | E79: 2160
A80: 补助下级支出
A81: 债务转贷支出
A82: 调出资金 | C82: 310000 | D82: 0 | E82: 50120
A83: 结转下年支出 | B83: 53299 | C83: 20000 | D83: 60000 | E83: 23815
A84: 支出总计 | B84: =B77+B76 -> 1330333 | C84: =C77+C76 -> 1794611 | D84: =D77+D76 -> 1675506 | E84: =E77+E76 -> 1611322

Sheet 24
A1: 表24
A2: 2025年文登区政府性基金预算转移支付分镇街分项目执行情况表
A3: 单位：万元
A4: 地 区 | B4: 合 计 | C4: 大中型水库移民 后期扶持基金 | D4: 国有土地使用权 出让收入 | E4: 彩票公益金等 其他项目
A5: 合 计 | B5: =SUM(B6:B12) -> 0 | C5: =SUM(C6:C12) -> 0 | D5: =SUM(D6:D12) -> 0 | E5: =SUM(E6:E12) -> 0
A6: 威海市文登区大水泊镇人民政府
A7: 威海市文登区高村镇人民政府
A8: 威海市文登区葛家镇人民政府
A9: 威海市文登区侯家镇人民政府
A10: 威海市文登区界石镇人民政府
A11: 威海市文登区米山镇人民政府
A12: 威海市文登区宋村镇人民政府
A13: 威海市文登区泽库镇人民政府
A14: 威海市文登区泽头镇人民政府
A15: 威海市文登区张家产镇人民政府
A16: 威海市文登区文登营镇人民政府
A17: 威海市文登区天福街道办事处
... A20: 注：2025年文登区无对下政府性基金预算转移支付。

Sheet 25
A1: 表25
A2: 2025年文登区政府性基金预算收支执行情况表
G3: 单位：万元
A4: 地 区 | B4: 政府性基金预算收入 | E4: 政府性基金预算支出
B5: 2024年决算数 | C5: 2025年执行数 | D5: 比上年增长 | E5: 2024年决算数 | F5: 2025年执行数 | G5: 比上年增长
A6: 文登区 | B6: 1330333 | C6: 1611322 | D6: =ROUND((C6-B6)/B6,3) -> 0.211 | E6: 1330333 | F6: 1611322 | G6: =ROUND((F6-E6)/E6,3) -> 0.211

Sheet 26
A1: 表26
A2: 2026年文登区政府性基金预算收入草案表
D3: 单位：万元
A4: 项 目 | B4: 2025年执行数 | C4: 2026年预算数 | D4: 比上年增长
A5: 一、国有土地使用权出让收入 | B5: ='20基金'!E6 -> 404820 | C5: 600000 | D5: =(C5-B5)/B5 -> 0.48214021
A6: 二、彩票公益金收入 | B6: ='20基金'!E7 -> 446 | C6: 450 | D6: =(C6-B6)/B6 -> 0.0089686099
A7: 三、城市基础设施配套费收入 | B7: ='20基金'!E8 -> 58325 | C7: 70000 | D7: =(C7-B7)/B7 -> 0.20017145
A8: 四、污水处理费收入 | B8: ='20基金'!E9 -> 1524 | C8: 1500 | D8: =(C8-B8)/B8 -> -0.015748031
A9: 五、彩票发行机构和彩票销售机构的业务费用
A10: 六、其他政府性基金收入
A11: 七、专项债券对应项目专项收入 | B11: ='20基金'!E12 -> 86799 | C11: 47930 | D11: =(C11-B11)/B11 -> -0.4478047
A12: 本年收入合计 | B12: =SUM(B5:B11) -> 551914 | C12: =SUM(C5:C11) -> 719880 | D12: =(C12-B12)/B12 -> 0.30433365
A13: 转移性收入 | B13: =SUM(B14:B17) -> 1059408 | C13: =SUM(C14:C17) -> 633908
A14: 地方政府专项债务转贷收入 | B14: ='20基金'!E15 -> 985380 | C14: 589093
A15: 上级补助收入 | B15: ='20基金'!E16 -> 20729 | C15: 21000
A16: 调入资金 | B16: ='20基金'!E17 -> 0
A17: 上年结转收入 | B17: ='20基金'!E18 -> 53299 | C17: 23815
A18: 收入总计 | B18: =B12+B13 -> 1611322 | C18: =C12+C13 -> 1353788

Sheet 27
A1: 表27
A2: 2026年文登区政府性基金预算支出草案表
D3: 单位：万元
A4: 项 目 | B4: 2025年执行数 | C4: 2026年预算数 | D4: 比上年增长
A5: 一、文化体育传媒支出 | B5: =SUM(B6:B7) -> 59 | C5: =SUM(C6:C7) -> 110 | D5: =(C5-B5)/B5 -> 0.86440678
A6: 国家电影事业发展专项资金安排的支出 | B6: ='21'!E7 -> 59 | C6: 110 | D6: =(C6-B6)/B6 -> 0.86440678
A7: 旅游发展基金支出
A8: 二、节能环保支出 | B8: =B9 -> 120 | D8: =(C8-B8)/B8 -> -1
A9: 超长期特别国债安排的支出 | B9: ='21'!E10 -> 120 | D9: =(C9-B9)/B9 -> -1
A10: 三、城乡社区支出 | B10: =SUM(B11:B19) -> 447519 | C10: =SUM(C11:C19) -> 509496 | D10: =(C10-B10)/B10 -> 0.13849021
A11: 国有土地使用权出让收入安排的支出 | B11: ='21'!E12 -> 341832 | C11: 507896 | D11: =(C11-B11)/B11 -> 0.48580589
A12: 国有土地收益基金安排的支出
A13: 农业土地开发资金安排的支出
A14: 城市基础设施配套费安排的支出 | B14: ='21'!E15 -> 74387 | C14: 1600 | D14: =(C14-B14)/B14 -> -0.97849087
A15: 污水处理费安排的支出
A16: 土地储备专项债券收入安排的支出 | B16: ='21'!E17 -> 21000
A17: 棚户区改造专项债券收入安排的支出
A18: 国有土地使用权出让收入对应专项债务收入安排的支出
A19: 超长期特别国债安排的支出 | B19: ='21'!E20 -> 10300
A20: 四、农林水支出 | B20: =B21+B22 -> 2013 | C20: =C21+C22 -> 2540 | D20: =(C20-B20)/B20 -> 0.26179831
A21: 国家重大水利工程建设基金安排的支出 | B21: ='21'!E22 -> 115 | C21: 140 | D21: =(C21-B21)/B21 -> 0.2173913
A22: 大中型水库移民后期扶持基金支出 | B22: ='21'!E23 -> 1898 | C22: 2400 | D22: =(C22-B22)/B22 -> 0.26448894
A23: 五、资源勘探工业信息等支出 | B23: ='21'!E24 -> 240 | C23: =SUM(C24:C24) -> 0 | D23: =(C23-B23)/B23 -> -1
A24: 超长期特别国债安排的支出 | B24: ='21'!E25 -> 240 | D24: =(C24-B24)/B24 -> -1
A25: 六、住房保障支出 | C25: 480
A26: 超长期特别国债安排的支出 | C26: 480
A27: 七、其他支出 | B27: =SUM(B28:B30) -> 355277 | C27: =SUM(C28:C30) -> 352900 | D27: =(C27-B27)/B27 -> -0.0066905541
A28: 其他政府性基金及对应专项债务收入安排的支出 | B28: ='21'!E27 -> 354700 | C28: 350000 | D28: =(C28-B28)/B28 -> -0.013250634
A29: 彩票发行销售机构业务费安排的支出
A30: 彩票公益金及对应专项债务收入安排的支出 | B30: ='21'!E29 -> 577 | C30: 2900 | D30: =(C30-B30)/B30 -> 4.0259965
A31: 八、债务付息支出 | B31: =SUM(B32:B36) -> 86799 | C31: =SUM(C32:C36) -> 83492 | D31: =(C31-B31)/B31 -> -0.038099517
A32: 国有土地使用权出让金债务付息支出 | B32: ='21'!E31 -> 43015 | D32: =(C32-B32)/B32 -> -1
A33: 土地储备专项债券付息支出
A34: 棚户区改造专项债券付息支出 | B34: ='21'!E33 -> 4182 | D34: =(C34-B34)/B34 -> -1
A35: 其他地方自行试点项目收益专项债券付息支出 | B35: ='21'!E34 -> 39602 | C35: 83492 | D35: =(C35-B35)/B35 -> 1.1082774
A36: 其他政府性基金债务付息支出
A37: 本年支出合计 | B37: =B5+B8+B10+B20+B27+B31+B23+B25 -> 892027 | C37: =C5+C8+C10+C20+C27+C31+C23+C25 -> 949018 | D37: =(C37-B37)/B37 -> 0.063889322
A38: 转移性支出 | B38: =SUM(B39:B42) -> 719295 | C38: =SUM(C39:C42) -> 404770
A39: 地方政府专项债务还本支出 | B39: ='21'!E38 -> 643200 | C39: 252770
A40: 上解支出 | B40: ='21'!E39 -> 2160 | C40: 2000
A41: 调出资金 | B41: ='21'!E40 -> 50120 | C41: 130000
A42: 结转下年支出 | B42: ='21'!E41 -> 23815 | C42: 20000
A43: 支出总计 | B43: =B37+B38 -> 1611322 | C43: =C37+C38 -> 1353788

Sheet 28
A1: 表28
A2: 2026年文登区本级政府性基金预算收入草案表
A3: 单位：万元
A4: 项 目 | B4: 2025年执行数 | C4: 2026年预算数 | D4: 比上年增长
A5: 一、国有土地使用权出让收入 | B5: ='22'!E6 -> 404820 | C5: 600000 | D5: =(C5-B5)/B5 -> 0.48214021
A6: 二、彩票公益金收入 | B6: ='22'!E7 -> 446 | C6: 450 | D6: =(C6-B6)/B6 -> 0.0089686099
A7: 三、城市基础设施配套费收入 | B7: ='22'!E8 -> 58325 | C7: 70000 | D7: =(C7-B7)/B7 -> 0.20017145
A8: 四、污水处理费收入 | B8: ='22'!E9 -> 1524 | C8: 1500 | D8: =(C8-B8)/B8 -> -0.015748031
A9: 五、彩票发行机构和彩票销售机构的业务费用 | B9: ='22'!E10 -> 0 | D9: 0
A10: 六、其他政府性基金收入 | B10: ='22'!E11 -> 0 | D10: 0
A11: 七、专项债券对应项目专项收入 | B11: ='22'!E12 -> 86799 | C11: 47930 | D11: =(C11-B11)/B11 -> -0.4478047
A12: 本年基金收入合计 | B12: =SUM(B5:B11) -> 551914 | C12: =SUM(C5:C11) -> 719880 | D12: =(C12-B12)/B12 -> 0.30433365
A13: 转移性收入 | B13: =SUM(B14:B18) -> 1059408 | C13: =SUM(C14:C18) -> 633908
A14: 地方政府专项债务转贷收入 | B14: ='22'!E15 -> 985380 | C14: 589093
A15: 上级补助收入 | B15: ='22'!E16 -> 20729 | C15: 21000
A16: 上解收入 | B16: ='22'!E17 -> 0
A17: 调入资金 | B17: ='22'!E18 -> 0 | D17: 0
A18: 上年结转收入 | B18: ='22'!E19 -> 53299 | C18: 23815
A19: 收入总计 | B19: =B12+B13 -> 1611322 | C19: =C12+C13 -> 1353788

Sheet 29
A1: 表29
A2: 2026年文登区本级政府性基金预算支出草案表（按功能分类）
D3: 单位：万元
A4: 项 目 | B4: 2025年执行数 | C4: 2026年预算数 | D4: 比上年增长
A5: 一、文化旅游体育传媒支出 | B5: =B6+B8 -> 59 | C5: =C6+C8 -> 110 | D5: =(C5-B5)/B5 -> 0.86440678
A6: 国家电影事业发展专项资金安排的支出 | B6: ='23'!E7 -> 59 | C6: 110 | D6: =(C6-B6)/B6 -> 0.86440678
A7: 其他国家电影事业发展专项资金支出 | B7: ='23'!E8 -> 59 | C7: 110 | D7: =(C7-B7)/B7 -> 0.86440678
A8: 旅游发展基金支出
A9: 地方旅游开发项目补助
A10: 二、节能环保支出 | B10: =B11 -> 120
A11: 超长期特别国债安排的支出 | B11: ='23'!E12 -> 120
A12: 其他节能环保支出 | B12: ='23'!E13 -> 120
A13: 三、城乡社区支出 | B13: =B14+B23+B25+B26+B30+B33+B40 -> 447519 | C13: =C14+C26 -> 509496 | D13: =(C13-B13)/B13 -> 0.13849021
A14: 国有土地使用权出让收入安排的支出 | B14: ='23'!E15 -> 341832 | C14: =SUM(C15:C22) -> 507896 | D14: =(C14-B14)/B14 -> 0.48580589
A15: 征地和拆迁补偿支出 | B15: ='23'!E16 -> 270307 | C15: 200000 | D15: =(C15-B15)/B15 -> -0.26010055
A16: 土地开发支出 | B16: ='23'!E17 -> 671
A17: 城市建设支出 | B17: ='23'!E18 -> 8781 | C17: 21424 | D17: =(C17-B17)/B17 -> 1.4398132
A18: 农村基础设施建设支出 | B18: ='23'!E19 -> 54644 | C18: 75 | D18: =(C18-B18)/B18 -> -0.99862748
A19: 补助被征地农民支出
A20: 土地出让业务支出 | B20: ='23'!E21 -> 30 | D20: =(C20-B20)/B20 -> -1
A21: 农村社会事业支出 | C21: 162
A22: 其他国有土地使用权出让收入安排的支 出 | B22: ='23'!E23 -> 7399 | C22: 286235
A23: 国有土地收益基金安排的支出
A24: 其他国有土地收益基金支出
A25: 农业土地开发资金安排的支出
A26: 城市基础设施配套费安排的支出 | B26: ='23'!E27 -> 74387 | C26: 1600
A27: 城市公共设施
A28: 城市环境卫生
A29: 其他城市基础设施配套费安排的支出 | B29: ='23'!E30 -> 74387 | C29: 1600
A30: 污水处理费收入安排的支出
A31: 污水处理设施建设和运营
A32: 其他污水处理费安排的支出
A33: 土地储备专项债券收入安排的支出 | B33: ='23'!E34 -> 21000
A34: 其他土地储备专项债券收入安排的支出 | B34: ='23'!E35 -> 21000
A35: 棚户区改造专项债券收入安排的支出
A36: 征地和拆迁补偿支出
A37: 其他棚户区改造专项债券收入安排的支 出
A38: 国有土地使用权出让收入对应专项债务收 入安排的支出
A39: 其他国有土地使用权出让收入对应专项 债务收入安排的支出
A40: 超长期特别国债安排的支出 | B40: ='23'!E41 -> 10300
A41: 城乡社区公共设施 | B41: ='23'!E42 -> 10300
A42: 四、农林水支出 | B42: =B45+B48+B43 -> 2013 | C42: =C45+C48+C43 -> 2540 | D42: =(C42-B42)/B42 -> 0.26179831
A43: 国家重大水利工程建设基金安排的支出 | B43: ='23'!E44 -> 115 | C43: =C44 -> 22 | D43: =(C43-B43)/B43 -> -0.80869565
A44: 三峡后续工作 | B44: ='23'!E45 -> 115 | C44: 22 | D44: =(C44-B44)/B44 -> -0.80869565
A45: 其他重大水利工程建设基金支出 | C45: 118
A46: 地方重大水利工程建设
A47: 其他地方重大水利工程建设基金支出
A48: 大中型水库移民后期扶持基金支出 | B48: ='23'!E49 -> 1898 | C48: =SUM(C49:C51) -> 2400 | D48: =(C48-B48)/B48 -> 0.26448894
A49: 移民补助 | B49: ='23'!E50 -> 472 | C49: 327 | D49: =(C49-B49)/B49 -> -0.30720339
A50: 基础设施建设和经济发展 | B50: ='23'!E51 -> 1426 | C50: 130 | D50: =(C50-B50)/B50 -> -0.9088359
A51: 其他大中型水库移民后期扶持基金支出 | C51: 1943
A52: 五、资源勘探工业信息等支出 | B52: =B53 -> 240
A53: 超长期特别国债安排的支出 | B53: ='23'!E54 -> 240
A54: 制造业 | B54: ='23'!E55 -> 240
A55: 五、住房保障支出 | C55: 480
A56: 超长期特别国债安排的支出 | C56: 480
A57: 其他住房保障支出 | C57: 480
A58: 六、其他支出 | B58: =B59+B61+B64 -> 355277 | C58: =C59+C61+C64 -> 352900 | D58: =(C58-B58)/B58 -> -0.0066905541
A59: 其他政府性基金及对应专项债务收入 安排的支出 | B59: ='23'!E57 -> 354700 | C59: =C60 -> 350000 | D59: =(C59-B59)/B59 -> -0.013250634
A60: 其他地方自行试点项目收益专项债券收 入安排的支出 | B60: ='23'!E58 -> 354700 | C60: 350000 | D60: =(C60-B60)/B60 -> -0.013250634
A61: 彩票发行销售机构业务费安排的支出
A62: 福利彩票销售机构的业务费支出
A63: 彩票市场调控资金支出
A64: 彩票公益金安排的支出 | B64: ='23'!E62 -> 577 | C64: =C65+C66+C69+C71 -> 2900 | D64: =(C64-B64)/B64 -> 4.0259965
A65: 用于社会福利的彩票公益金支出 | B65: ='23'!E63 -> 285 | C65: 1969 | D65: =(C65-B65)/B65 -> 5.9087719
A66: 用于体育事业的彩票公益金支出 | B66: ='23'!E64 -> 139 | C66: 640 | D66: =(C66-B66)/B66 -> 3.6043165
A67: 用于教育事业的彩票公益金支出
A68: 用于红十字事业的彩票公益金支出
A69: 用于残疾人事业的彩票公益金支出 | B69: ='23'!E67 -> 103 | C69: 100 | D69: =(C69-B69)/B69 -> -0.029126214
A70: 用于城乡医疗救助的彩票公益金支出
A71: 用于其他社会公益事业的彩票公益金支 出 | B71: ='23'!E69 -> 50 | C71: 191 | D71: =(C71-B71)/B71 -> 2.82
A72: 七、债务付息支出 | B72: =B73 -> 86799 | C72: =C73 -> 83492 | D72: =(C72-B72)/B72 -> -0.038099517
A73: 地方政府专项债务付息支出 | B73: ='23'!E71 -> 86799 | C73: 83492 | D73: =(C73-B73)/B73 -> -0.038099517
A74: 国有土地使用权出让金债务付息支出 | B74: ='23'!E72 -> 43015
A75: 土地储备专项债券付息支出
A76: 棚户区改造专项债券付息支出 | B76: ='23'!E74 -> 4182
A77: 其他地方自行试点项目收益专项债券付 息支出 | B77: ='23'!E75 -> 39602 | C77: 83492 | D77: =(C77-B77)/B77 -> 1.1082774
A78: 本年基金支出合计 | B78: =B5+B10+B13+B42+B52+B58+B72+B55 -> 892027 | C78: =C5+C10+C13+C42+C52+C58+C72+C55 -> 949018 | D78: =(C78-B78)/B78 -> 0.063889322
A79: 转移性支出 | B79: =SUM(B80:B85) -> 719295 | C79: =SUM(C80:C85) -> 404770
A80: 地方政府专项债务还本支出 | B80: ='23'!E78 -> 643200 | C80: 252770
A81: 上解支出 | B81: ='23'!E79 -> 2160 | C81: 2000
A82: 补助下级支出
A83: 债务转贷支出
A84: 调出资金 | B84: 50120 | C84: 130000
A85: 结转下年支出 | B85: ='23'!E83 -> 23815 | C85: 20000
A86: 支出总计 | B86: =B78+B79 -> 1611322 | C86: =C78+C79 -> 1353788

Sheet 30
A1: 表30
A2: 2026年文登区本级政府性基金预算支出草案表（按经济分类）
A3: 单位:万元
A4: 科目名称 | B4: 2026年预算数
A5: 合 计 | B5: =SUM(B6:B35)/2 -> 949018
A6: 一、机关商品和服务支出 | B6: =SUM(B7:B13) -> 11489
A7: 办公经费
A8: 会议费
A9: 培训费
A10: 专用材料购置费
A11: 委托业务费
A12: 维修（护）费 | B12: 201
A13: 其他商品和服务支出 | B13: 11288
A14: 二、机关资本性支出（一） | B14: =SUM(B15:B19) -> 434377
A15: 基础设施建设 | B15: 1682
A16: 土地征迁补偿和安置支出 | B16: 200000
A17: 设备购置
A18: 大型修缮
A19: 其他资本性支出 | B19: 232695
A20: 三、对事业单位经常性补助 | B20: =SUM(B21:B22) -> 11738
A21: 工资福利支出
A22: 商品和服务支出 | B22: 11738
A23: 四、对事业单位资本性补助 | B23: =B24+B25 -> 9050
A24: 资本性支出（一） | B24: 9050
A25: 资本性支出（基本建设）
A26: 五、对企业补助 | B26: =SUM(B27:B28) -> 0
A27: 其他对企业补助
A28: 其他对企业资本性支出
A29: 六、对个人和家庭的补助 | B29: =SUM(B30:B31) -> 2446
A30: 社会福利和救助 | B30: 2069
A31: 其他对个人和家庭补助 | B31: 377
A32: 七、债务利息及费用支出 | B32: =SUM(B33) -> 83492
A33: 国内债务付息 | B33: 83492
A34: 八、其他支出 | B34: =SUM(B35:B36) -> 396426
A35: 其他支出 | B35: 396426

Sheet 31
A1: 表31
A2: 2026年文登区政府性基金预算转移支付分镇街分项目草案表
A3: 单位：万元
A4: 地 区 | B4: 合 计 | C4: 大中型水库移民 后期扶持基金 | D4: 国有土地使用权 出让收入 | E4: 彩票公益金等 其他项目
A5: 合 计 | B5: =SUM(B6:B12) -> 0 | C5: =SUM(C6:C12) -> 0 | D5: =SUM(D6:D12) -> 0 | E5: =SUM(E6:E12) -> 0
A6: 威海市文登区大水泊镇人民政府
A7: 威海市文登区高村镇人民政府
A8: 威海市文登区葛家镇人民政府
A9: 威海市文登区侯家镇人民政府
A10: 威海市文登区界石镇人民政府
A11: 威海市文登区米山镇人民政府
A12: 威海市文登区宋村镇人民政府
A13: 威海市文登区泽库镇人民政府
A14: 威海市文登区泽头镇人民政府
A15: 威海市文登区张家产镇人民政府
A16: 威海市文登区文登营镇人民政府
A17: 威海市文登区天福街道办事处
... A20: 注：2026年文登区无对下政府性基金预算转移支付。

Sheet 32国资
A1: 表32
A2: 2025年文登区国有资本经营预算收入执行情况表
E3: 单位：万元
A4: 项 目 | B4: 2024年 决算数 | C4: 2025年 预算数 | D4: 2025年执行数
D5: 金额 | E5: 占预算 | F5: 比上年 增长
A6: 一、利润收入 | B6: =SUM(B7:B9) -> 0 | C6: =SUM(C7:C9) -> 0 | D6: =SUM(D7:D9) -> 0
A7: 石油石化企业利润收入
A8: 房地产企业利润收入
A9: 其他国有资本经营预算企业利润收入
A10: 二、股利、股息收入 | B10: =B11 -> 0 | C10: =C11 -> 0 | D10: =D11 -> 0
A11: 国有参股公司股利、股息收入
A12: 本年收入合计 | B12: =B6+B10 -> 0 | C12: =C6+C10 -> 0 | D12: =D6+D10 -> 0 | E12: 0 | F12: 0
A13: 转移性收入 | B13: =SUM(B14:B15) -> 34 | C13: =SUM(C14:C15) -> 0 | D13: =SUM(D14:D15) -> 34
A14: 上级补助收入 | B14: 34 | C14: 0 | D14: 34
A15: 上年结转收入
A16: 收入总计 | B16: =B13+B12 -> 34 | C16: =C13+C12 -> 0 | D16: =D13+D12 -> 34

Sheet 33
A1: 表33
A2: 2025年文登区国有资本经营预算支出执行情况表
A3: 单位：万元
A4: 项 目 | B4: 2024年 决算数 | C4: 2025年 预算数 | D4: 2025年执行数
D5: 金额 | E5: 占预算 | F5: 比上年 增长
A6: 国有资本经营预算支出 | B6: =B7+B8+B10+B9 -> 34 | C6: =C7+C8+C10+C9 -> 0 | D6: =D7+D8+D10+D9 -> 34 | E6: 0 | F6: =(D6-B6)/B6 -> 0
A7: 解决历史遗留问题及改革成本支出 | B7: 34 | C7: 0 | D7: 34 | E7: 0 | F7: 0
A8: 国有企业资本金注入
A9: 国有企业政策性补贴
A10: 其他国有资本经营预算支出
A11: 本年支出合计 | B11: =+B6 -> 34 | C11: =+C6 -> 0 | D11: =+D6 -> 34 | E11: 0 | F11: =(D11-B11)/B11 -> 0
A12: 转移性支出 | B12: =SUM(B13:B14) -> 0 | C12: =SUM(C13:C14) -> 0 | D12: =SUM(D13:D14) -> 0
A13: 调出资金
A14: 结转下年支出
A15: 支出总计 | B15: =B12+B11 -> 34 | C15: =C12+C11 -> 0 | D15: =D12+D11 -> 34

Sheet 34
A1: 表34
A2: 2025年文登区本级国有资本经营预算收入执行情况表
A3: 单位：万元
A4: 项 目 | B4: 2024年 决算数 | C4: 2025年 预算数 | D4: 2025年执行数
D5: 金额 | E5: 占预算 | F5: 比上年 增长
A6: 一、利润收入 | B6: =SUM(B7:B9) -> 0 | C6: =SUM(C7:C9) -> 0 | D6: =SUM(D7:D9) -> 0
A7: 石油石化企业利润收入
A8: 房地产企业利润收入
A9: 其他国有资本经营预算企业利润收入
A10: 二、股利、股息收入 | B10: =SUM(B11:B11) -> 0 | C10: =SUM(C11:C11) -> 0 | D10: =SUM(D11:D11) -> 0
A11: 国有参股公司股利、股息收入
A12: 本年收入合计 | B12: =B6+B10 -> 0 | C12: =C6+C10 -> 0 | D12: =D6+D10 -> 0
A13: 转移性收入 | B13: =SUM(B14:B15) -> 34 | C13: =SUM(C14:C15) -> 0 | D13: =SUM(D14:D15) -> 34
A14: 上级补助收入 | B14: 34 | C14: 0 | D14: 34
A15: 上年结转收入
A16: 收入总计 | B16: =B12+B13 -> 34 | C16: =C12+C13 -> 0 | D16: =D12+D13 -> 34

Sheet 35
A1: 表35
A2: 2025年文登区本级国有资本经营预算支出执行情况表
A3: 单位：万元
A4: 项 目 | B4: 2024年 决算数 | C4: 2025年 预算数 | D4: 2025年执行数
D5: 金额 | E5: 占预算 | F5: 比上年 增长
A6: 国有资本经营预算支出 | B6: =B8+B10+B9+B7 -> 34 | C6: =C8+C10+C9+C7 -> 0 | D6: =D8+D10+D9+D7 -> 34 | E6: 0 | F6: =(D6-B6)/B6 -> 0
A7: 解决历史遗留问题及改革成本支出 | B7: 34 | C7: 0 | D7: 34 | E7: 0 | F7: =(D7-B7)/B7 -> 0
A8: 国有企业资本金注入
A9: 国有企业政策性补贴
A10: 其他国有资本经营预算支出
A11: 本年支出合计 | B11: =B6 -> 34 | C11: =C6 -> 0 | D11: =D6 -> 34 | E11: 0 | F11: =(D11-B11)/B11 -> 0
A12: 转移性支出 | B12: =SUM(B13:B15) -> 0 | C12: =SUM(C13:C15) -> 0 | D12: =SUM(D13:D15) -> 0 | E12: 0 | F12: 0
A13: 调出资金
A14: 补助下级支出
A15: 结转下年支出
A16: 支出总计 | B16: =B11+B12 -> 34 | C16: =C11+C12 -> 0 | D16: =D11+D12 -> 34 | E16: 0 | F16: 0

Sheet 36
A1: 表36
A2: 2025年文登区国有资本经营预算转移支付分镇街分项目执行情况表
A3: 单位：万元
A4: 地 区 | B4: 国有企业退休人员 社会化管理支出
A5: 合 计 | B5: =SUM(B6:B12) -> 0
A6: 威海市文登区大水泊镇人民政府
A7: 威海市文登区高村镇人民政府
A8: 威海市文登区葛家镇人民政府
A9: 威海市文登区侯家镇人民政府
A10: 威海市文登区界石镇人民政府
A11: 威海市文登区米山镇人民政府
A12: 威海市文登区宋村镇人民政府
A13: 威海市文登区泽库镇人民政府
A14: 威海市文登区泽头镇人民政府
A15: 威海市文登区张家产镇人民政府
A16: 威海市文登区文登营镇人民政府
A17: 威海市文登区天福街道办事处
... A20: 注：2025年文登区无对下国有资本经营预算转移支付。

Sheet 37
A1: 表37
A2: 2026年文登区国有资本经营预算收入草案表
D3: 单位：万元
A4: 项 目 | B4: 2025年 执行数 | C4: 2026年 预算数 | D4: 比上年增长
A5: 一、利润收入
A6: 其他国有资本经营预算企业利润收入
A7: 二、股利、股息收入
A8: 国有参股公司股利、股息收入
A9: 其他国有资本经营预算企业股利、股息收入
A10: 本年收入合计
A11: 转移性收入 | B11: =B12+B13 -> 34
A12: 上级补助收入 | B12: 34
A13: 上年结转收入
A14: 收入总计 | B14: =B11+B10 -> 34
A15: 备注：根据国发〔2021〕5号文件规定，我区不编制2026年国有资本经营预算。

Sheet 38
A1: 表38
A2: 2026年文登区国有资本经营预算支出草案表
D3: 单位：万元
A4: 项 目 | B4: 2025年 执行数 | C4: 2026年 预算数 | D4: 比上年增长
A5: 国有资本经营预算支出
A6: 解决历史遗留问题及改革成本支出 | B6: 34
A7: 国有企业资本金注入
A8: 国有企业政策性补贴
A9: 其他国有资本经营预算支出
A10: 本年支出合计 | B10: =SUM(B6:B9) -> 34 | C10: 0
A11: 转移性支出 | B11: =B12 -> 0 | C11: =C12 -> 0
A12: 调出资金
A13: 结转下年支出
A14: 支出总计 | B14: =B10 -> 34 | C14: =C10 -> 0
A15: 备注：根据国发〔2021〕5号文件规定，我区不编制2026年国有资本经营预算。

Sheet 39
A1: 表39
A2: 2026年文登区区本级国有资本经营预算收入草案表
D3: 单位：万元
A4: 项 目 | B4: 2025年 执行数 | C4: 2026年 预算数 | D4: 比上年增长
A5: 一、利润收入
A6: 其他国有资本经营预算企业利润收入
A7: 二、股利、股息收入
A8: 国有参股公司股利、股息收入
A9: 其他国有资本经营预算企业股利、股息收入
A10: 本年收入合计
A11: 转移性收入 | B11: 34
A12: 上级补助收入 | B12: 34
A13: 上年结转收入
A14: 收入总计
A15: 备注：根据国发〔2021〕5号文件规定，我区不编制2026年国有资本经营预算。

Sheet 40
A1: 表40
A2: 2026年文登区本级国有资本经营预算支出草案表（按功能分类）
D3: 单位：万元
A4: 项 目 | B4: 2025年 执行数 | C4: 2026年 预算数 | D4: 比上年增长
A5: 国有资本经营预算支出
A6: 解决历史遗留问题及改革成本支出 | B6: 34 | C6: 0
A7: 国有企业资本金注入
A8: 国有企业政策性补贴
A9: 其他国有资本经营预算支出
A10: 本年支出合计 | B10: 34 | C10: 0
A11: 转移性支出
A12: 调出资金
A13: 补助下级支出
A14: 结转下年支出
A15: 支出总计
A16: 备注：根据国发〔2021〕5号文件规定，我区不编制2026年国有资本经营预算。

Sheet 41社保
A1: 表41
A2: 2025年文登区社会保险基金预算收入执行情况表
F3: 单位：万元
A4: 项 目 | B4: 2024年 决算数 | C4: 2025年 预算数 | D4: 2025年 调整预算数 | E4: 2025年执行数
E5: 金额 | F5: 占调整 预算 | G5: 比上年 增长
A6: 一、机关事业单位基本养老保险基金收入 | B6: =SUM(B7:B11) -> 74050.9 | C6: =SUM(C7:C11) -> 79846.12 | D6: =SUM(D7:D11) -> 82261.12 | E6: =SUM(E7:E11) -> 76226.84 | F6: =E6/D6 -> 0.92664481 | G6: =(E6-B6)/B6 -> 0.029384383
A7: 保险费收入 | B7: 21380.45 | C7: 32790.62 | D7: 52005.62 | E7: 35076 | F7: =E7/D7 -> 0.67446557 | G7: =(E7-B7)/B7 -> 0.64056416
A8: 利息收入 | B8: 5.28 | C8: 30.5 | D8: 30.5 | E8: 3.84 | F8: =E8/D8 -> 0.12590164 | G8: =(E8-B8)/B8 -> -0.27272727
A9: 财政补贴收入 | B9: 51911.16 | C9: 46630 | D9: 26630 | E9: 37120 | F9: =E9/D9 -> 1.3939166 | G9: =(E9-B9)/B9 -> -0.28493218
A10: 其他收入 | B10: 441.78 | C10: 15 | D10: 3215 | E10: 3227 | F10: =E10/D10 -> 1.0037325 | G10: =(E10-B10)/B10 -> 6.3045407
A11: 转移收入 | B11: 312.23 | C11: 380 | D11: 380 | E11: 800 | F11: =E11/D11 -> 2.1052632 | G11: =(E11-B11)/B11 -> 1.5622138
A12: 二、居民基本养老保险基金收入 | B12: =SUM(B13:B18) -> 0 | C12: =SUM(C13:C18) -> 0 | D12: =SUM(D13:D18) -> 0 | E12: =SUM(E13:E18) -> 0 | F12: 0 | G12: 0
A13: 保险费收入
A14: 利息收入
A15: 财政补贴收入
A16: 委托投资收益
A17: 其他收入
A18: 转移收入
A19: 三、职工基本医疗保险基金收入 | B19: =SUM(B20:B24) -> 0 | C19: =SUM(C20:C24) -> 0 | D19: =SUM(D20:D24) -> 0 | E19: =SUM(E20:E24) -> 0 | F19: 0 | G19: 0
A20: 保险费收入
A21: 利息收入
A22: 财政补贴收入
A23: 其他收入
A24: 转移收入
A25: 四、居民基本医疗保险基金收入 | B25: =SUM(B26:B29) -> 0 | C25: =SUM(C26:C29) -> 0 | D25: =SUM(D26:D29) -> 0 | E25: =SUM(E26:E29) -> 0 | F25: 0 | G25: 0
A26: 保险费收入
A27: 利息收入
A28: 财政补贴收入
A29: 其他收入
A30: 五、工伤保险基金收入 | B30: =SUM(B31:B33) -> 0 | C30: =SUM(C31:C33) -> 0 | D30: =SUM(D31:D33) -> 0 | E30: =SUM(E31:E33) -> 0 | F30: 0 | G30: 0
A31: 保险费收入
A32: 利息收入
A33: 其他收入
A34: 六、失业保险基金收入 | B34: =SUM(B35:B39) -> 0 | C34: =SUM(C35:C39) -> 0 | D34: =SUM(D35:D39) -> 0 | E34: =SUM(E35:E39) -> 0 | F34: 0 | G34: 0
A35: 保险费收入
A36: 利息收入
A37: 其他收入
A38: 转移收入
A39: 上级补助收入
A40: 社会保险基金收入合计 | B40: =B6+B12+B19+B25+B30+B34 -> 74050.9 | C40: =C6+C12+C19+C25+C30+C34 -> 79846.12 | D40: =D6+D12+D19+D25+D30+D34 -> 82261.12 | E40: =E6+E12+E19+E25+E30+E34 -> 76226.84 | F40: =E40/D40 -> 0.92664481 | G40: =(E40-B40)/B40 -> 0.029384383
A41: 上年结转收入 | B41: 49.16 | C41: 8685.59 | D41: 657.62 | E41: 657.62
A42: 收入总计 | B42: =B40+B41 -> 74100.06 | C42: =C40+C41 -> 88531.71 | D42: =D40+D41 -> 82918.74 | E42: =E40+E41 -> 76884.46

Sheet 42
A1: 表42
A2: 2025年文登区社会保险基金预算支出执行情况表
F3: 单位：万元
A4: 项 目 | B4: 2024年 决算数 | C4: 2025年 预算数 | D4: 2025年 调整预算数 | E4: 2025年执行数
E5: 金额 | F5: 占调整 预算 | G5: 比上年 增长
A6: 一、机关事业单位基本养老保险基金支出 | B6: =SUM(B7:B9) -> 73442.44 | C6: =SUM(C7:C9) -> 79819.75 | D6: =SUM(D7:D9) -> 79819.75 | E6: =SUM(E7:E9) -> 76219 | F6: =E6/D6 -> 0.95488898 | G6: =(E6-B6)/B6 -> 0.037805933
A7: 基本养老金支出 | B7: 73290.23 | C7: 79709.75 | D7: 79709.75 | E7: 76154 | F7: =E7/D7 -> 0.95539128 | G7: =(E7-B7)/B7 -> 0.039074376
A8: 转移支出 | B8: 152.21 | C8: 110 | D8: 110 | E8: 65 | F8: =E8/D8 -> 0.59090909 | G8: =(E8-B8)/B8 -> -0.57295841
A9: 其他支出
A10: 二、居民基本养老保险基金支出 | B10: =SUM(B11:B14) -> 0 | C10: =SUM(C11:C14) -> 0 | D10: =SUM(D11:D14) -> 0 | E10: =SUM(E11:E14) -> 0 | F10: 0 | G10: 0
A11: 基础养老金支出
A12: 个人账户养老金支出
A13: 转移支出
A14: 其他支出
A15: 三、职工基本医疗保险基金支出 | B15: =SUM(B16:B21) -> 0 | C15: =SUM(C16:C21) -> 0 | D15: =SUM(D16:D21) -> 0 | E15: =SUM(E16:E21) -> 0 | F15: 0 | G15: 0
A16: 基本医疗保险待遇支出—住院支出
A17: 基本医疗保险待遇支出—门诊支出
A18: 生育医疗费用支出
A19: 生育津贴支出
A20: 其他支出
A21: 转移支出
A22: 四、居民基本医疗保险基金支出 | B22: =SUM(B23:B26) -> 0 | C22: =SUM(C23:C26) -> 0 | D22: =SUM(D23:D26) -> 0 | E22: =SUM(E23:E26) -> 0 | F22: 0 | G22: 0
A23: 基本医疗保险待遇支出—住院支出
A24: 基本医疗保险待遇支出—门诊支出
A25: 大病保险支出
A26: 其他支出
A27: 五、工伤保险基金支出 | B27: =SUM(B28:B31) -> 0 | C27: =SUM(C28:C31) -> 0 | D27: =SUM(D28:D31) -> 0 | E27: =SUM(E28:E31) -> 0 | F27: 0 | G27: 0
A28: 工伤保险待遇支出
A29: 劳动能力鉴定支出
A30: 工伤预防费用支出
A31: 上解上级支出
A32: 六、失业保险基金支出 | B32: =SUM(B33:B42) -> 0 | C32: =SUM(C33:C42) -> 0 | D32: =SUM(D33:D42) -> 0 | E32: =SUM(E33:E42) -> 0 | F32: 0 | G32: 0
A33: 失业保险金支出
A34: 基本医疗保险费支出
A35: 丧葬抚恤金和补助金支出
A36: 其他费用支出
A37: 上解上级支出
A38: 稳定岗位补贴支出
A39: 技能提升补贴支出
A40: 转移支出
A41: 其他支出
A42: 职业培训补贴支出
A43: 社会保险基金支出合计 | B43: =B32+B27+B22+B15+B10+B6 -> 73442.44 | C43: =C32+C27+C22+C15+C10+C6 -> 79819.75 | D43: =D32+D27+D22+D15+D10+D6 -> 79819.75 | E43: =E32+E27+E22+E15+E10+E6 -> 76219 | F43: =E43/D43 -> 0.95488898 | G43: =(E43-B43)/B43 -> 0.037805933
A44: 年终结转结余 | B44: 657.62 | C44: 8711.96 | D44: 3098.99 | E44: 665
A45: 其中：当年结转结余 | B45: 608.46 | C45: 26.37 | D45: 2441.3 | E45: 7
A46: 支出总计 | B46: =B43+B44 -> 74100.06 | C46: =C43+C44 -> 88531.71 | D46: =D43+D44 -> 82918.74 | E46: =E43+E44 -> 76884 | F46: =E46/D46 -> 0.92722104 | G46: =(E46-B46)/B46 -> 0.03757001

Sheet 44
A1: 表44
A2: 2025年文登区本级社会保险基金预算收入执行情况表
A3: 单位：万元
A4: 项 目 | B4: 2024年 决算数 | C4: 2025年 预算数 | D4: 2025年 调整预算数 | E4: 2025年执行数
E5: 金额 | F5: 占调整 预算 | G5: 比上年 增长
A6: 一、机关事业单位基本养老保险基金收入 | B6: =SUM(B7:B11) -> 74050.9 | C6: =SUM(C7:C11) -> 79846.12 | D6: =SUM(D7:D11) -> 82261.12 | E6: =SUM(E7:E11) -> 76226.84 | F6: =E6/D6 -> 0.92664481 | G6: =(E6-B6)/B6 -> 0.029384383
A7: 保险费收入 | B7: 21380.45 | C7: 32790.62 | D7: 52005.62 | E7: 35076 | F7: =E7/D7 -> 0.67446557 | G7: =(E7-B7)/B7 -> 0.64056416
A8: 利息收入 | B8: 5.28 | C8: 30.5 | D8: 30.5 | E8: 3.84 | F8: =E8/D8 -> 0.12590164 | G8: =(E8-B8)/B8 -> -0.27272727
A9: 财政补贴收入 | B9: 51911.16 | C9: 46630 | D9: 26630 | E9: 37120 | F9: =E9/D9 -> 1.3939166 | G9: =(E9-B9)/B9 -> -0.28493218
A10: 其他收入 | B10: 441.78 | C10: 15 | D10: 3215 | E10: 3227 | F10: =E10/D10 -> 1.0037325 | G10: =(E10-B10)/B10 -> 6.3045407
A11: 转移收入 | B11: 312.23 | C11: 380 | D11: 380 | E11: 800 | F11: =E11/D11 -> 2.1052632 | G11: =(E11-B11)/B11 -> 1.5622138
A12: 二、居民基本养老保险基金收入 | B12: =SUM(B13:B18) -> 0 | C12: =SUM(C13:C18) -> 0 | D12: =SUM(D13:D18) -> 0 | E12: =SUM(E13:E18) -> 0 | F12: 0 | G12: 0
A13: 保险费收入
A14: 利息收入
A15: 财政补贴收入
A16: 委托投资收益
A17: 其他收入
A18: 转移收入
A19: 三、职工基本医疗保险基金收入 | B19: =SUM(B20:B24) -> 0 | C19: =SUM(C20:C24) -> 0 | D19: =SUM(D20:D24) -> 0 | E19: =SUM(E20:E24) -> 0 | F19: 0 | G19: 0
A20: 保险费收入
A21: 利息收入
A22: 财政补贴收入
A23: 其他收入
A24: 转移收入
A25: 四、居民基本医疗保险基金收入 | B25: =SUM(B26:B29) -> 0 | C25: =SUM(C26:C29) -> 0 | D25: =SUM(D26:D29) -> 0 | E25: =SUM(E26:E29) -> 0 | F25: 0 | G25: 0
A26: 保险费收入
A27: 利息收入
A28: 财政补贴收入
A29: 其他收入
A30: 五、工伤保险基金收入 | B30: =SUM(B31:B33) -> 0 | C30: =SUM(C31:C33) -> 0 | D30: =SUM(D31:D33) -> 0 | E30: =SUM(E31:E33) -> 0 | F30: 0 | G30: 0
A31: 保险费收入
A32: 利息收入
A33: 其他收入
A34: 六、失业保险基金收入 | B34: =SUM(B35:B39) -> 0 | C34: =SUM(C35:C39) -> 0 | D34: =SUM(D35:D39) -> 0 | E34: =SUM(E35:E39) -> 0 | F34: 0 | G34: 0
A35: 保险费收入
A36: 利息收入
A37: 其他收入
A38: 转移收入
A39: 上级补助收入
A40: 社会保险基金收入合计 | B40: =B34+B30+B25+B19+B12+B6 -> 74050.9 | C40: =C34+C30+C25+C19+C12+C6 -> 79846.12 | D40: =D34+D30+D25+D19+D12+D6 -> 82261.12 | E40: =E34+E30+E25+E19+E12+E6 -> 76226.84 | F40: =E40/D40 -> 0.92664481 | G40: =(E40-B40)/B40 -> 0.029384383
A41: 上年结转收入 | B41: 49.16 | C41: 8685.59 | D41: 657.62 | E41: 657.62
A42: 收入总计 | B42: =B40+B41 -> 74100.06 | C42: =C40+C41 -> 88531.71 | D42: =D40+D41 -> 82918.74 | E42: =E40+E41 -> 76884.46

Sheet 43
A1: 表43
A2: 2025年末文登区社会保险基金预算结余执行情况表
B3: 单位：万元
A4: 项 目 | B4: 2025年执行数
A5: 社会保险基金年末滚存结余合计 | B5: =SUM(B6:B11) -> 665
A6: 一、机关事业单位基本养老保险基金 | B6: 665
A7: 二、居民基本养老保险基金
A8: 三、职工基本医疗保险基金
A9: 四、居民基本医疗保险基金
A10: 五、工伤保险基金
A11: 六、失业保险基金

Sheet 45
A1: 表45
A2: 2025年文登区本级社会保险基金预算支出执行情况表
A3: 单位：万元
A4: 项 目 | B4: 2024年 决算数 | C4: 2025年 预算数 | D4: 2025年 调整预算数 | E4: 2025年执行数
E5: 金额 | F5: 占调整 预算 | G5: 比上年 增长
A6: 一、机关事业单位基本养老保险基金支出 | B6: =SUM(B7:B9) -> 73442.44 | C6: =SUM(C7:C9) -> 79819.75 | D6: =SUM(D7:D9) -> 79819.75 | E6: =SUM(E7:E9) -> 76219 | F6: =E6/D6 -> 0.95488898 | G6: =(E6-B6)/B6 -> 0.037805933
A7: 基本养老金支出 | B7: 73290.23 | C7: 79709.75 | D7: 79709.75 | E7: 76154 | F7: =E7/D7 -> 0.95539128 | G7: =(E7-B7)/B7 -> 0.039074376
A8: 转移支出 | B8: 152.21 | C8: 110 | D8: 110 | E8: 65 | F8: =E8/D8 -> 0.59090909 | G8: =(E8-B8)/B8 -> -0.57295841
A9: 其他支出
A10: 二、居民基本养老保险基金支出 | B10: =SUM(B11:B14) -> 0 | C10: =SUM(C11:C14) -> 0 | D10: =SUM(D11:D14) -> 0 | E10: =SUM(E11:E14) -> 0 | F10: 0 | G10: 0
A11: 基础养老金支出
A12: 个人账户养老金支出
A13: 转移支出
A14: 其他支出
A15: 三、职工基本医疗保险基金支出 | B15: =SUM(B16:B21) -> 0 | C15: =SUM(C16:C21) -> 0 | D15: =SUM(D16:D21) -> 0 | E15: =SUM(E16:E21) -> 0 | F15: 0 | G15: 0
A16: 基本医疗保险待遇支出—住院支出
A17: 基本医疗保险待遇支出—门诊支出
A18: 生育医疗费用支出
A19: 生育津贴支出
A20: 其他支出
A21: 转移支出
A22: 四、居民基本医疗保险基金支出 | B22: =SUM(B23:B26) -> 0 | C22: =SUM(C23:C26) -> 0 | D22: =SUM(D23:D26) -> 0 | E22: =SUM(E23:E26) -> 0 | F22: 0 | G22: 0
A23: 基本医疗保险待遇支出—住院支出
A24: 基本医疗保险待遇支出—门诊支出
A25: 大病保险支出
A26: 其他支出
A27: 五、工伤保险基金支出 | B27: =SUM(B28:B31) -> 0 | C27: =SUM(C28:C31) -> 0 | D27: =SUM(D28:D31) -> 0 | E27: =SUM(E28:E31) -> 0 | F27: 0 | G27: 0
A28: 工伤保险待遇支出
A29: 劳动能力鉴定支出
A30: 工伤预防费用支出
A31: 上解上级支出
A32: 六、失业保险基金支出 | B32: =SUM(B33:B42) -> 0 | C32: =SUM(C33:C42) -> 0 | D32: =SUM(D33:D42) -> 0 | E32: =SUM(E33:E42) -> 0 | F32: 0 | G32: 0
A33: 失业保险金支出
A34: 基本医疗保险费支出
A35: 丧葬抚恤金和补助金支出
A36: 其他费用支出
A37: 上解上级支出
A38: 稳定岗位补贴支出
A39: 技能提升补贴支出
A40: 转移支出
A41: 其他支出
A42: 职业培训补贴支出
A43: 社会保险基金支出合计 | B43: =B32+B27+B22+B15+B10+B6 -> 73442.44 | C43: =C32+C27+C22+C15+C10+C6 -> 79819.75 | D43: =D32+D27+D22+D15+D10+D6 -> 79819.75 | E43: =E32+E27+E22+E15+E10+E6 -> 76219 | F43: =E43/D43 -> 0.95488898 | G43: =(E43-B43)/B43 -> 0.037805933
A44: 年终结转结余 | B44: 657.62 | C44: 8711.96 | D44: 3098.99 | E44: 665
A45: 其中：当年结转结余 | B45: 608.46 | C45: 26.37 | D45: 2441.3 | E45: 7
A46: 支出总计 | B46: =B43+B44 -> 74100.06 | C46: =C43+C44 -> 88531.71 | D46: =D43+D44 -> 82918.74 | E46: =E43+E44 -> 76884

Sheet 46
A1: 表46
A2: 2025年末文登区本级社会保险基金预算结余执行情况表
A3: 单位：万元
A4: 项 目 | B4: 2025年结余数
A5: 社会保险基金年末滚存结余合计 | B5: =SUM(B6:B11) -> 665
A6: 一、机关事业单位基本养老保险基金 | B6: 665
A7: 二、居民基本养老保险基金
A8: 三、职工基本医疗保险基金
A9: 四、居民基本医疗保险基金
A10: 五、工伤保险基金
A11: 六、失业保险基金

Sheet 47
A1: 表47
A2: 2025年文登区社会保险基金预算收支执行情况表
E3: 单位：万元
A4: 地 区 | B4: 社会保险基金预算收入 | D4: 社会保险基金预算支出
B5: 金额 | C5: 比上年增长 | D5: 金额 | E5: 比上年增长
A6: 文登区 | B6: 76227 | C6: 0.0294 | D6: 76219 | E6: 0.0378

Sheet 48
A1: 表48
A2: 2026年文登区社会保险基金预算收入草案表
A3: 单位：万元
A4: 项 目 | B4: 2025年执行数 | C4: 2026年预算数 | D4: 比上年增长
A5: 一、机关事业单位基本养老保险基金收入 | B5: =SUM(B6:B10) -> 76226.84 | C5: =SUM(C6:C10) -> 82825.69 | D5: =(C5-B5)/B5 -> 0.086568589
A6: 保险费收入 | B6: 35076 | C6: 33618.99 | D6: =(C6-B6)/B6 -> -0.041538659
A7: 利息收入 | B7: 3.84 | C7: 6.7 | D7: =(C7-B7)/B7 -> 0.74479167
A8: 财政补贴收入 | B8: 37120 | C8: 48550 | D8: =(C8-B8)/B8 -> 0.30792026
A9: 其他收入 | B9: 3227 | C9: 50 | D9: =(C9-B9)/B9 -> -0.98450573
A10: 转移收入 | B10: 800 | C10: 600 | D10: =(C10-B10)/B10 -> -0.25
A11: 二、居民基本养老保险基金收入 | B11: =SUM(B12:B17) -> 0 | C11: =SUM(C12:C17) -> 0 | D11: 0
A12: 保险费收入
A13: 利息收入
A14: 财政补贴收入
A15: 委托投资收益
A16: 其他收入
A17: 转移收入
A18: 三、职工基本医疗保险基金收入 | B18: =SUM(B19:B23) -> 0 | C18: =SUM(C19:C23) -> 0 | D18: 0
A19: 保险费收入
A20: 利息收入
A21: 财政补贴收入
A22: 其他收入
A23: 转移收入
A24: 四、居民基本医疗保险基金收入 | B24: =SUM(B25:B28) -> 0 | C24: =SUM(C25:C28) -> 0 | D24: 0
A25: 保险费收入
A26: 利息收入
A27: 财政补贴收入
A28: 其他收入
A29: 五、工伤保险基金收入 | B29: =SUM(B30:B32) -> 0 | C29: =SUM(C30:C32) -> 0 | D29: 0
A30: 保险费收入
A31: 利息收入
A32: 其他收入
A33: 六、失业保险基金收入 | B33: =SUM(B34:B38) -> 0 | C33: =SUM(C34:C38) -> 0 | D33: 0
A34: 保险费收入
A35: 利息收入
A36: 其他收入
A37: 转移收入
A38: 上级补助收入
A39: 社会保险基金收入合计 | B39: =B33+B29+B24+B18+B11+B5 -> 76226.84 | C39: =C33+C29+C24+C18+C11+C5 -> 82825.69 | D39: =(C39-B39)/B39 -> 0.086568589
A40: 上年结转收入 | B40: 657.62 | C40: 665
A41: 收入总计 | B41: =B39+B40 -> 76884.46 | C41: =C39+C40 -> 83490.69
A42: 备注：自2023年起，失业保险基金实施省级统筹。

Sheet 49
A1: 表49
A2: 2026年文登区社会保险基金预算支出草案表
A3: 单位：万元
A4: 项 目 | B4: 2025年执行数 | C4: 2026年预算数 | D4: 比上年增长
A5: 一、机关事业单位基本养老保险基金支出 | B5: =B6+B7+B8 -> 76219 | C5: =C6+C7+C8 -> 82578.71 | D5: =(C5-B5)/B5 -> 0.083439956
A6: 基本养老金支出 | B6: 76154 | C6: 82508.21 | D6: =(C6-B6)/B6 -> 0.083438953
A7: 转移支出 | B7: 65 | C7: 70.5 | D7: =(C7-B7)/B7 -> 0.084615385
A8: 其他支出
A9: 二、居民基本养老保险基金支出 | B9: =SUM(B10:B12) -> 0 | C9: =SUM(C10:C12) -> 0 | D9: 0
A10: 基础养老金支出
A11: 个人账户养老金支出
A12: 转移支出
A13: 三、职工基本医疗保险基金支出 | B13: =SUM(B14:B19) -> 0 | C13: =SUM(C14:C19) -> 0 | D13: 0
A14: 基本医疗保险待遇支出—住院支出
A15: 基本医疗保险待遇支出—门诊支出
A16: 生育医疗费用支出
A17: 生育津贴支出
A18: 其他支出
A19: 转移支出
A20: 四、居民基本医疗保险基金支出 | B20: =SUM(B21:B24) -> 0 | C20: =SUM(C21:C24) -> 0 | D20: 0
A21: 基本医疗保险待遇支出—住院支出
A22: 基本医疗保险待遇支出—门诊支出
A23: 大病保险支出
A24: 其他支出
A25: 五、工伤保险基金支出 | B25: =SUM(B26:B29) -> 0 | C25: =SUM(C26:C29) -> 0 | D25: 0
A26: 工伤保险待遇支出
A27: 劳动能力鉴定支出
A28: 工伤预防费用支出
A29: 上解上级支出
A30: 六、失业保险基金支出 | B30: =SUM(B31:B40) -> 0 | C30: =SUM(C31:C39) -> 0 | D30: 0
A31: 失业保险金支出
A32: 基本医疗保险费支出
A33: 丧葬抚恤金和补助金支出
A34: 其他费用支出
A35: 上解上级支出
A36: 稳定岗位补贴支出
A37: 技能提升补贴支出
A38: 转移支出
A39: 其他支出
A40: 职业培训支出
A41: 社会保险基金支出合计 | B41: =B30+B25+B20+B13+B9+B5 -> 76219 | C41: =C30+C25+C20+C13+C9+C5 -> 82578.71 | D41: =(C41-B41)/B41 -> 0.083439956
A42: 年终结转结余 | B42: 665 | C42: 912
A43: 其中：当年结转结余 | B43: 7 | C43: 247
A44: 支出总计 | B44: =B41+B42 -> 76884 | C44: =C41+C42 -> 83490.71
A45: 备注：自2023年起，失业保险基金实施省级统筹。

Sheet 50
A1: 表50
A2: 2026年末文登区社会保险基金预算结余草案表
A3: 单位：万元
A4: 项 目 | B4: 2026年预算数
A5: 社会保险基金年末滚存结余合计 | B5: =SUM(B6:B11) -> 912
A6: 一、机关事业单位基本养老保险基金 | B6: 912
A7: 二、居民基本养老保险基金
A8: 三、职工基本医疗保险基金
A9: 四、居民基本医疗保险基金
A10: 五、工伤保险基金
A11: 六、失业保险基金
A12: 备注：自2023年起，失业保险基金实施省级统筹。

Sheet 51
A1: 表51
A2: 2026年文登区本级社会保险基金预算收入草案表
A3: 单位：万元
A4: 项 目 | B4: 2025年执行数 | C4: 2026年预算数 | D4: 比上年增长
A5: 一、机关事业单位基本养老保险基金收入 | B5: =SUM(B6:B10) -> 76226.84 | C5: =SUM(C6:C10) -> 82825.69 | D5: =(C5-B5)/B5 -> 0.086568589
A6: 保险费收入 | B6: 35076 | C6: 33618.99 | D6: =(C6-B6)/B6 -> -0.041538659
A7: 利息收入 | B7: 3.84 | C7: 6.7 | D7: =(C7-B7)/B7 -> 0.74479167
A8: 财政补贴收入 | B8: 37120 | C8: 48550 | D8: =(C8-B8)/B8 -> 0.30792026
A9: 其他收入 | B9: 3227 | C9: 50 | D9: =(C9-B9)/B9 -> -0.98450573
A10: 转移收入 | B10: 800 | C10: 600 | D10: =(C10-B10)/B10 -> -0.25
A11: 二、居民基本养老保险基金收入 | B11: =SUM(B12:B17) -> 0 | C11: =SUM(C12:C17) -> 0 | D11: 0
A12: 保险费收入
A13: 利息收入
A14: 财政补贴收入
A15: 委托投资收益
A16: 其他收入
A17: 转移收入
A18: 三、职工基本医疗保险基金收入 | B18: =SUM(B19:B23) -> 0 | C18: =SUM(C19:C23) -> 0 | D18: 0
A19: 保险费收入
A20: 利息收入
A21: 财政补贴收入
A22: 其他收入
A23: 转移收入
A24: 四、居民基本医疗保险基金收入 | B24: =SUM(B25:B28) -> 0 | C24: =SUM(C25:C28) -> 0 | D24: 0
A25: 保险费收入
A26: 利息收入
A27: 财政补贴收入
A28: 其他收入
A29: 五、工伤保险基金收入 | B29: =SUM(B30:B32) -> 0 | C29: =SUM(C30:C32) -> 0 | D29: 0
A30: 保险费收入
A31: 利息收入
A32: 其他收入
A33: 六、失业保险基金收入 | B33: =SUM(B34:B38) -> 0 | C33: =SUM(C34:C38) -> 0 | D33: 0
A34: 保险费收入
A35: 利息收入
A36: 其他收入
A37: 转移收入
A38: 上级补助收入
A39: 社会保险基金收入合计 | B39: =B33+B29+B24+B18+B11+B5 -> 76226.84 | C39: =C33+C29+C24+C18+C11+C5 -> 82825.69 | D39: =(C39-B39)/B39 -> 0.086568589
A40: 上年结转收入 | B40: 657.62 | C40: 665
A41: 收入总计 | B41: =B39+B40 -> 76884.46 | C41: =C39+C40 -> 83490.69
A42: 备注：自2023年起，失业保险基金实施省级统筹。

Sheet 52
A1: 表52
A2: 2026年文登区本级社会保险基金预算支出草案表
A3: 单位：万元
A4: 项 目 | B4: 2025年执行数 | C4: 2026年预算数 | D4: 比上年增长
A5: 一、机关事业单位基本养老保险基金支出 | B5: =B6+B7+B8 -> 76219 | C5: =C6+C7+C8 -> 82578.71 | D5: =C5/B5-1 -> 0.083439956
A6: 基本养老金支出 | B6: 76154 | C6: 82508.21 | D6: =C6/B6-1 -> 0.083438953
A7: 转移支出 | B7: 65 | C7: 70.5 | D7: =C7/B7-1 -> 0.084615385
A8: 其他支出
A9: 二、居民基本养老保险基金支出 | B9: =SUM(B10:B13) -> 0 | C9: =SUM(C10:C13) -> 0
A10: 基础养老金支出
A11: 个人账户养老金支出
A12: 转移支出
A13: 其他支出
A14: 三、职工基本医疗保险基金支出 | B14: =SUM(B15:B20) -> 0 | C14: =SUM(C15:C20) -> 0
A15: 基本医疗保险待遇支出—住院支出
A16: 基本医疗保险待遇支出—门诊支出
A17: 生育医疗费用支出
A18: 生育津贴支出
A19: 其他支出
A20: 转移支出
A21: 四、居民基本医疗保险基金支出 | B21: =SUM(B22:B25) -> 0 | C21: =SUM(C22:C25) -> 0
A22: 基本医疗保险待遇支出—住院支出
A23: 基本医疗保险待遇支出—门诊支出
A24: 大病保险支出
A25: 其他支出
A26: 五、工伤保险基金支出 | B26: =SUM(B27:B30) -> 0 | C26: =SUM(C27:C30) -> 0
A27: 工伤保险待遇支出
A28: 劳动能力鉴定支出
A29: 工伤预防费用支出
A30: 上解上级支出
A31: 六、失业保险基金支出 | B31: =SUM(B32:B41) -> 0 | C31: =SUM(C32:C40) -> 0
A32: 失业保险金支出
A33: 基本医疗保险费支出
A34: 丧葬抚恤金和补助金支出
A35: 其他费用支出
A36: 上解上级支出
A37: 稳定岗位补贴支出
A38: 技能提升补贴支出
A39: 转移支出
A40: 其他支出
A41: 职业培训补贴支出
A42: 社会保险基金支出合计 | B42: =B31+B26+B21+B14+B9+B5 -> 76219 | C42: =C31+C26+C21+C14+C9+C5 -> 82578.71 | D42: =C42/B42-1 -> 0.083439956
A43: 年终结转结余 | B43: 665 | C43: 912
A44: 其中：当年结转结余 | B44: 7 | C44: 246.98
A45: 支出总计 | B45: =B42+B43 -> 76884 | C45: =C42+C43 -> 83490.71
A46: 备注：自2023年起，失业保险基金实施省级统筹。

Sheet 53
A1: 表53
A2: 2026年末文登区本级社会保险基金预算结余草案表
A3: 单位：万元
A4: 项 目 | B4: 2026年预算数
A5: 社会保险基金年末滚存结余合计 | B5: =SUM(B6:B11) -> 912
A6: 一、机关事业单位基本养老保险基金 | B6: 912
A7: 二、居民基本养老保险基金
A8: 三、职工基本医疗保险基金
A9: 四、居民基本医疗保险基金
A10: 五、工伤保险基金
A11: 六、失业保险基金
A12: 备注：自2023年起，失业保险基金实施省级统筹。

Sheet 54债务
A1: 表54
A2: 2025年文登区本级地方政府债务限额余额及还本付息情况表
A3: 单位：万元
A4: 项 目 | B4: 文登区本级
A5: 一、2024年末地方政府债务余额 | B5: =SUM(B6:B7) -> 2877815.2
A6: 其中：一般债务 | B6: 352078.21
A7: 专项债务 | B7: 2525737
A8: 二、2025年地方政府债务举借额 | B8: =B9+B14 -> 1037630
A9: （一）政府债券 | B9: =SUM(B10:B13) -> 1037630
A10: 新增一般债券发行额 | B10: 0
A11: 再融资一般债券发行额 | B11: 52250
A12: 新增专项债券发行额 | B12: 375700
A13: 再融资专项债券发行额 | B13: 609680
A14: （二）外债举借额 | B14: 0
A15: 三、2025年地方政府债务还本额 | B15: =B16+B18 -> 699919
A16: 其中：一般债务还本额 | B16: 56719
A17: 其中：向外国政府及国际组织借款还本额 | B17: 104.89673
A18: 专项债务还本额 | B18: 643200
A19: 四、2025年地方政府债务付息 | B19: =B20+B22 -> 98230
A20: 其中：一般债务付息 | B20: 11431
A21: 其中：向外国政府及国际组织借款付息 | B21: 49.877744
A22: 专项债务付息 | B22: 86799
A23: 五、2025年末地方政府债务余额 | B23: =B24+B25 -> 3537553
A24: 其中：一般债务 | B24: 361636
A25: 专项债务 | B25: 3175917
A26: 六、2025年地方政府债务限额 | B26: =B27+B28 -> 3699932
A27: 其中：一般债务 | B27: 366838
A28: 专项债务 | B28: 3333094

Sheet 55
A1: 表55
A2: 2025年文登区地方政府债务限额及余额分区市执行情况明细表
M3: 单位：万元
A4: 地 区 | B4: 2024年政府债务余额 | E4: 2025年新增债务限额 | H4: 2025年政府债务限额 | K4: 2025年政府债务余额
B5: 合 计 | C5: 一般债务 | D5: 专项债务 | E5: 合 计 | F5: 一般债务 | G5: 专项债务 | H5: 合 计 | I5: 一般债务 | J5: 专项债务 | K5: 合 计 | L5: 一般债务 | M5: 专项债务
A6: 文登区 | B6: =SUM(C6:D6) -> 2877815 | C6: 352078 | D6: 2525737 | E6: =SUM(F6:G6) -> 403700 | F6: 13000 | G6: 390700 | H6: =SUM(I6:J6) -> 3699932 | I6: 366838 | J6: 3333094 | K6: =SUM(L6:M6) -> 3537553 | L6: 361636 | M6: 3175917

Sheet 56
A1: 表56
A2: 2025年文登区地方政府债券分配情况表
A3: 单位：万元
A4: 地 区 | B4: 合 计 | C4: 一般债券额度 | F4: 专项债券额度
C5: 小 计 | D5: 新增 一般债券 | E5: 再融资 一般债券 | F5: 小 计 | G5: 新增 专项债券 | H5: 再融资 专项债券
A6: 文登区 | B6: =C6+F6 -> 1037630 | C6: =SUM(D6:E6) -> 52250 | E6: 52250 | F6: =SUM(G6:H6) -> 985380 | G6: 375700 | H6: 609680

Sheet 57
A1: 表57
A2: 2025年文登区地方政府债券发行情况表
A3: 单位：万元
A4: 债券类型 | B4: 发行日期 | C4: 债券种类 | D4: 年限 | E4: 利率 | F4: 发行量
A5: 合 计 | F5: =F6+F19 -> 1037630
A6: 新增债券小计 | F6: =SUM(F7:F18) -> 375700
A7: 新增债券 | B7: 45712 | C7: 专项债券 | D7: 30年 | E7: 0.0215 | F7: 68200
B8: 45740 | C8: 专项债券 | D8: 30年 | E8: 0.0229 | F8: 39000
C9: 专项债券 | D9: 10年 | E9: 0.0207 | F9: 51700
B10: 45769 | C10: 专项债券 | D10: 15年 | E10: 0.0208 | F10: 48900
C11: 专项债券 | D11: 30年 | E11: 0.0213 | F11: 47200
B12: 45831 | C12: 专项债券 | D12: 15年 | E12: 0.0194 | F12: 30000
C13: 专项债券 | D13: 15年 | E13: 0.0194 | F13: 34400
B14: 45866 | C14: 专项债券 | D14: 7年 | E14: 0.0172 | F14: 21000
C15: 专项债券 | D15: 15年 | E15: 0.02 | F15: 6000
B16: 45889 | C16: 专项债券 | D16: 15年 | E16: 0.0228 | F16: 3600
B17: 45950 | C17: 专项债券 | D17: 15年 | E17: 0.0232 | F17: 1700
B18: 45621 | C18: 专项债券 | D18: 15年 | E18: 0.0231 | F18: 24000
A19: 再融资债券小计 | F19: =SUM(F20:F39) -> 661930
A20: 再融资债券 | B20: 45679 | C20: 专项债券 | D20: 10年 | E20: 0.017 | F20: 6200
C21: 专项债券 | D21: 15年 | E21: 0.0196 | F21: 9700
C22: 专项债券 | D22: 20年 | E22: 0.0205 | F22: 35000
C23: 专项债券 | D23: 30年 | E23: 0.0204 | F23: 36100
B24: 45740 | C24: 专项债券 | D24: 10年 | E24: 0.021 | F24: 5670
C25: 专项债券 | D25: 15年 | E25: 0.0226 | F25: 29500
C26: 专项债券 | D26: 30年 | E26: 0.0229 | F26: 29500
B27: 45769 | C27: 专项债券 | D27: 15年 | E27: 0.0209 | F27: 11400
C28: 专项债券 | D28: 30年 | E28: 0.0213 | F28: 10600
B29: 45789 | C29: 一般债券 | D29: 10年 | E29: 0.0178 | F29: 13647
C30: 专项债券 | D30: 10年 | E30: 0.0182 | F30: 295110
B31: 45799 | C31: 一般债券 | D31: 10年 | E31: 0.0182 | F31: 10924
C32: 专项债券 | D32: 10年 | E32: 0.0185 | F32: 900
C33: 专项债券 | D33: 15年 | E33: 0.0205 | F33: 63700
C34: 专项债券 | D34: 30年 | E34: 0.0211 | F34: 37100
B35: 45821 | C35: 专项债券 | D35: 15年 | E35: 0.02 | F35: 18700
C36: 专项债券 | D36: 30年 | E36: 0.0206 | F36: 5500
B37: 45905 | C37: 一般债券 | D37: 10年 | E37: 0.0201 | F37: 14679
B38: 45996 | C38: 一般债券 | D38: 10年 | E38: 0.0205 | F38: 13000
C39: 专项债券 | D39: 10年 | E39: 0.0205 | F39: 15000

Sheet 58
A1: 表58
A2: 2025年末文登区地方政府债券年限情况表
A3: 单位：万元
A4: 地 区 | B4: 项 目 | C4: 类 型 | D4: 2025年末 余额 | E4: 债务期限
E5: 5年期 | F5: 7年期 | G5: 10年期 | H5: 15年期 | I5: 20年期 | J5: 30年期
A6: 全市 | B6: 一般债券 | C6: 合 计 | D6: =SUM(D7:D9) -> 0 | E6: =SUM(E7:E9) -> 0 | F6: =SUM(F7:F9) -> 0 | G6: =SUM(G7:G9) -> 0 | H6: =SUM(H7:H9) -> 0 | I6: =SUM(I7:I9) -> 0 | J6: =SUM(J7:J9) -> 0
C7: 新增债券 | D7: =SUM(E7:J7) -> 0
C8: 置换债券 | D8: =SUM(E8:J8) -> 0
C9: 再融资债券 | D9: =SUM(E9:J9) -> 0
B10: 专项债券 | C10: 合 计 | D10: =SUM(D11:D13) -> 0 | E10: =SUM(E11:E13) -> 0 | F10: =SUM(F11:F13) -> 0 | G10: =SUM(G11:G13) -> 0 | H10: =SUM(H11:H13) -> 0 | I10: =SUM(I11:I13) -> 0 | J10: =SUM(J11:J13) -> 0
C11: 新增债券 | D11: =SUM(E11:J11) -> 0
C12: 置换债券 | D12: =SUM(E12:J12) -> 0
C13: 再融资债券 | D13: =SUM(E13:J13) -> 0
A14: 区本级 | B14: 一般债券 | C14: 合 计 | D14: =SUM(D15:D17) -> 358973 | E14: =SUM(E15:E17) -> 9167 | F14: =SUM(F15:F17) -> 188718 | G14: =SUM(G15:G17) -> 104464 | H14: =SUM(H15:H17) -> 0 | I14: =SUM(I15:I17) -> 7694 | J14: =SUM(J15:J17) -> 48930
C15: 新增债券 | D15: =SUM(E15:J15) -> 2200 | G15: 2200
C16: 置换债券 | D16: =SUM(E16:J16) -> 30420 | F16: 0 | G16: 30420
C17: 再融资债券 | D17: =SUM(E17:J17) -> 326353 | E17: 9167 | F17: 188718 | G17: 71844 | I17: 7694 | J17: 48930
B18: 专项债券 | C18: 合 计 | D18: =SUM(D19:D21) -> 3175917 | E18: =SUM(E19:E21) -> 38000 | F18: =SUM(F19:F21) -> 807187 | G18: =SUM(G19:G21) -> 557512 | H18: =SUM(H19:H21) -> 532986 | I18: =SUM(I19:I21) -> 347142 | J18: =SUM(J19:J21) -> 893090
C19: 新增债券 | D19: =SUM(E19:J19) -> 1753520 | E19: 38000 | F19: 212720 | G19: 155800 | H19: 353900 | I19: 264600 | J19: 728500
C20: 置换债券 | D20: =SUM(E20:J20) -> 55450 | G20: 55450
C21: 再融资债券 | D21: =SUM(E21:J21) -> 1366947 | F21: 594467 | G21: 346262 | H21: 179086 | I21: 82542 | J21: 164590

Sheet 59
A1: 表59
A2: 2025年文登区本级地方政府新增一般债券使用情况表
A3: 单位：万元
A4: 项 目 | B4: 区本级
A5: 合 计
A6: 1.铁路
A7: 2.公路
A8: 3.机场
A9: 4.市政建设
A10: 5.保障性住房
A11: 其中：棚户区改造
A12: 6.生态建设和环境保护
A13: 7.政权建设
A14: 8.教育
A15: 9.科学
A16: 10.文化
... A22: 2025年我区未发行新增一般债券。

Sheet 60
A1: 表60
A2: 2025年文登区本级地方政府新增专项债券使用情况表
A3: 单位：万元
A4: 项 目 | B4: 文登区
A5: 合 计 | B5: =SUM(B6:B21)-B11 -> 375700
A6: 1.铁路
A7: 2.公路
A8: 3.机场
A9: 4.市政建设 | B9: 122500
A10: 5.保障性住房
A11: 其中：棚户区改造
A12: 6.生态建设和环境保护
A13: 7.政权建设
A14: 8.教育 | B14: 6000
A15: 9.科学
A16: 10.文化 | B16: 12500
A17: 11.医疗卫生
A18: 12.社会保障
A19: 13.农林水利建设 | B19: 94300
A20: 14.自然灾害防治体系建设
A21: 15.其他 | B21: 140400

Sheet 61
A1: 表61
A2: 2025年文登区本级新增政府债券和政府外贷分项目安排情况表
A3: 单位：万元
A4: 地 区 | B4: 新增债券和政府外贷安排情况 | I4: 实际支出金额
B5: 合计 | C5: 地方政府新增债券小计 | D5: 新增一般 债券 | E5: 新增专项债券 | H5: 政府外贷
E6: 小计 | F6: 其他专项 | G6: 棚户区 改造
A7: 合 计 | B7: =SUM(B8:B8) -> 375700 | C7: =SUM(C8:C8) -> 375700 | D7: =SUM(D8:D8) -> 0 | E7: =SUM(E8:E8) -> 375700 | F7: =SUM(F8:F8) -> 375700 | G7: =SUM(G8:G8) -> 0 | H7: =SUM(H8:H8) -> 0 | I7: =SUM(I8:I8) -> 375700
A8: 文登区 | B8: =C8+H8 -> 375700 | C8: =D8+E8 -> 375700 | E8: =F8+G8 -> 375700 | F8: 375700 | I8: 375700

Sheet 62
A1: 表62
A2: 2026年文登区政府债务收支计划表
A3: 单位：万元
A4: 项 目 | B4: 金 额
A5: 一、2026年初全区政府债务余额 | B5: =B6+B7 -> 3537553
A6: 其中：市本级
A7: 文登区合计 | B7: 3537553
A8: 二、2026年全区政府债务（转贷）收入 | B8: =B9+B12 -> 617828
A9: 1.发行新增政府债券（转贷）收入 | B9: 350000
A10: 其中：新增一般债券
A11: 新增专项债券 | B11: 350000
A12: 2.发行再融资政府债券（转贷）收入 | B12: =B13+B14 -> 267828
A13: 其中：再融资一般债券 | B13: 28735
A14: 再融资专项债券 | B14: 239093
A15: 三、2026年全区政府债务支出 | B15: =SUM(B16:B18) -> 518697
A16: 1.新增一般债券列入一般公共预算项目支出
A17: 2.新增专项债券列入政府性基金预算项目支出 | B17: 350000
A18: 3.当年政府债务还本支出 | B18: 168697
A19: 其中：一般公共预算安排债务还本支出（不含再融资） | B19: 3192
A20: 政府性基金预算安排债务还本支出（不含再融资） | B20: 13677
A21: 再融资一般债券还本支出 | B21: 28735
A22: 再融资专项债券还本支出 | B22: 123093
A23: 四、2026年全区政府债务付息及发行费支出 | B23: =SUM(B24:B27) -> 94790
A24: 其中：政府一般债务付息支出 | B24: 10526
A25: 政府专项债务付息支出 | B25: 83492
A26: 政府一般债务发行费用支出 | B26: 23
A27: 政府专项债务发行费用支出 | B27: 749
A28: 五、2026年末全区地方政府债务余额 | B28: =SUM(B29:B30) -> 3986684
A29: 其中：市本级
A30: 文登区合计 | B30: =B5+B8-B18 -> 3986684
A31: 六、2026年全区地方政府债务限额 | B31: =SUM(B32:B33) -> 4049932
A32: 其中：市本级
A33: 区市合计 | B33: 4049932
A34: 备注：年末全区政府债务余额=年初政府债务余额+当年政府债务收入-当年政府债务还本支出

Sheet 63
A1: 表63
A2: 2026年文登区政府债务（转贷）收入计划表
A3: 单位：万元
A4: 地 区 | B4: 合 计 | C4: 一般债务转贷收入 | F4: 专项债务转贷收入
C5: 小 计 | D5: 新增 一般债券 | E5: 再融资 一般债券 | F5: 小 计 | G5: 新增 专项债券 | H5: 再融资 专项债券
A6: 文登区 | B6: =C6+F6 -> 617828 | C6: =SUM(D6:E6) -> 28735 | E6: 28735 | F6: =SUM(G6:H6) -> 589093 | G6: 350000 | H6: 239093

Sheet 64
A1: 表64
A2: 2026年文登区本级政府债务收支计划表
A3: 单位：万元
A4: 项 目 | B4: 金 额
A5: 一、2026年初区本级政府债务余额 | B5: 3537553
A6: 二、2026年区本级政府债务（转贷）收入 | B6: =B7+B10 -> 617828
A7: 1.新增政府债务（转贷）收入 | B7: 350000
A8: 其中：新增一般债券
A9: 新增专项债券 | B9: 350000
A10: 2.发行再融资债券（转贷）收入 | B10: =B11+B12 -> 267828
A11: 其中：再融资一般债券 | B11: 28735
A12: 再融资专项债券 | B12: 239093
A13: 三、2026年区本级政府债务支出 | B13: =B14+B15+B33+B38 -> 518697
A14: 1.新增一般债券列入区本级一般公共预算项目支出 | B14: 0
A15: 2.新增专项债券列入区本级政府性基金预算项目支出 | B15: =SUM(B16:B32) -> 350000
A16: 其中：文登区化工园区扩区基础设施建设项目 | B16: 50500
A17: 威海市长会口水库工程（文登段） | B17: 55700
A18: 威海南海新区半导体产业园提升改造项目 | B18: 39200
A19: 威海南海新区新能源装备制造产业园基础设施配套项目一期 | B19: 38000
A20: 威海市文登区五垒岛湾蓝海海洋牧场一期建设项目 | B20: 31500
A21: 威海市文登区人民医院金山分院建设项目 | B21: 5000
A22: 威海市文登区装备制造产业园区建设项目 | B22: 21300
A23: 威海市文登区污水管网等地下管线和设施改造二期项目 | B23: 16000
A24: 威海南海新区新能源新材料产业园二期基础设施提升项目 | B24: 3000
A25: 威海市文登区城乡供水一体化工程 | B25: 30000
A26: 山东省文登第一中学综合教学楼建设项目 | B26: 3500
A27: 威海市文登区供水基础设施建设项目 | B27: 2700
... A33: 3.转贷区区政府债务支出 | B33: 0
A34: 其中：转贷区区新增一般债券支出
A35: 转贷区区新增专项债券支出
A36: 转贷区区再融资一般债券支出
A37: 转贷区区再融资专项债券支出
A38: 4.区本级债务还本支出 | B38: =SUM(B39:B42) -> 168697
A39: 其中：一般公共预算安排债务还本支出（不含再融资） | B39: 3192
A40: 政府性基金预算安排债务还本支出（不含再融资） | B40: 13677
A41: 再融资一般债券还本支出 | B41: 28735
A42: 再融资专项债券还本支出 | B42: 123093
A43: 四、2026年区本级政府债务付息及发行费支出 | B43: =SUM(B44:B47) -> 94790
A44: 其中：政府一般债务付息支出 | B44: 10526
A45: 政府专项债务付息支出 | B45: 83492
A46: 政府一般债务发行费用支出 | B46: 23
A47: 政府专项债务发行费用支出 | B47: 749
A48: 五、2026年末区本级地方政府债务余额 | B48: 3986684
A49: 六、2026年区本级地方政府债务限额 | B49: 4049932
A50: 备注：年末区本级政府债务余额=年初区本级政府债务余额+当年政府债务收入-转贷区区政府债务支出-区本级债务还本支出

Sheet 65
A1: 表65
A2: 2026年文登区本级地方政府新增政府债券安排重大建设项目情况表
A3: 单位：万元
A4: 项目名称 | B4: 投资 总规模 | C4: 资金来源 | K4: 项目必要性和 可行性说明
C5: 1.政府补助 | J5: 2.自筹 资金
C6: 合计 | D6: 一般公共预算 | G6: 政府性基金预算
D7: 小计 | E7: 新增一般债券 | F7: 其他一般公共预算资金安排 | G7: 小计 | H7: 新增专项债券 | I7: 其他政府性基金预算安排
A8: 威海市长会口水库工程（文登段） | B8: 403981 | C8: 92700 | G8: 92700 | H8: 92700 | J8: 311281 | K8: 建设长会口水库，可有效缓解威海市水资源供需矛盾，对保障威海市供水安全、提高农业灌溉保证率、促进经济社会发展与生态文明建设具有重要意义，同时可兼作南水北调二期的调蓄水库，提高威海市客水调蓄能力。项目可以通过自筹、发行专项债券、银行贷款等方式完成资金筹措，为本项目提供足够的资金支持，保证本项目的顺利施工。
A9: 备注：主要选取投资规模较大和对本地区有重要影响的重大建设项目。

Sheet 66
A1: 表66
A2: 文登区地方政府债券分年偿还计划情况表
I3: 单位：万元
A4: 债券类型 | B4: 地区 | C4: 余额 | D4: 2026年 | E4: 2027年 | F4: 2028年 | G4: 2029年 | H4: 2030年及以后 年度 | I4: 偿还资金来源
A5: 一般债券 | B5: 合计 | C5: =SUM(C6:C8) -> 358973 | D5: =SUM(D6:D8) -> 31927 | E5: =SUM(E6:E8) -> 0 | F5: =SUM(F6:F8) -> 73316 | G5: =SUM(G6:G8) -> 86492 | H5: =SUM(H6:H8) -> 167238 | I5: 一般公共预算
B6: 新增债券 | C6: =SUM(D6:H6) -> 4200 | D6: 2200 | E6: 0 | F6: 0 | G6: 0 | H6: 2000
B7: 置换债券 | C7: =SUM(D7:H7) -> 17660 | D7: 17660 | E7: 0 | F7: 0 | G7: 0 | H7: 0
B8: 再融资债券 | C8: =SUM(D8:H8) -> 337113 | D8: 12067 | E8: 0 | F8: 73316 | G8: 86492 | H8: 165238
A9: 专项债券 | B9: 合计 | C9: =SUM(C10:C12) -> 3175917 | D9: =SUM(D10:D12) -> 136770 | E9: =SUM(E10:E12) -> 0 | F9: =SUM(F10:F12) -> 167479 | G9: =SUM(G10:G12) -> 192920 | H9: =SUM(H10:H12) -> 2678748 | I9: 政府性基金预算
B10: 新增债券 | C10: =SUM(D10:H10) -> 1703300 | D10: 46600 | F10: 38000 | G10: 59500 | H10: 1559200
B11: 置换债券 | C11: =SUM(D11:H11) -> 48550 | D11: 48550
B12: 再融资债券 | C12: =SUM(D12:H12) -> 1424067 | D12: 41620 | F12: 129479 | G12: 133420 | H12: 1119548

Sheet 67
A1: 表67
A2: 2025年文登区本级重点绩效评价情况表
A4: 项目名称 | B4: 市业务主管部门 | C4: 绩效等级
A5: 2017至2024年节地生态安葬补助 | B5: 威海市文登区殡葬事务服务中心 | C5: 中
A6: 2023年-2025年3月基本殡葬服务费免除补助 | B6: 威海市文登区殡葬事务服务中心 | C6: 良
A7: 智改数转诊断费 | B7: 威海市文登区工业和信息化局 | C7: 良
A8: 市政设施维护费 | B8: 威海市文登区城市管理综合服务中心 | C8: 良
A9: 校车运营费 | B9: 威海市文登区教育和体育局 | C9: 良
A10: 住房租赁补贴 | B10: 威海市文登区住房和城乡建设局 | C10: 良
A11: 0-17岁残疾儿童康复训练经费和0-12岁残疾儿童送训补助 | B11: 威海市文登区残疾人联合会 | C11: 优
A12: 地方粮食储备相关费用 | B12: 威海市文登区发展和改革局 | C12: 良
A13: 网格运行费 | B13: 威海市文登区社会治理服务中心 | C13: 良
A14: 小麦完全成本保险 | B14: 威海市文登区农业农村局 | C14: 良
A15: 检测费 | B15: 威海市文登区检验检测中心 | C15: 良
... A19: 香水河东蒸汽改高温循环水供热工程项目 | B19: 威海蓝创供热有限责任公司 | C19: 良

Sheet 68
A1: 表68
A2: 2025年文登区本级财政专户管理资金收支执行情况表
A3: 单位:万元
A4: 收入科目 | B4: 2024年 决算数 | C4: 2025年 执行数 | D4: 比上年增长 | E4: 支出科目 | F4: 2024年 决算数 | G4: 2025年 执行数 | H4: 比上年增长
A5: 一、行政事业性收费收入 (教育收费) | B5: 3315.86 | C5: 3060.06 | D5: =(C5-B5)/B5 -> -0.077144391 | E5: 一、教育支出 | F5: 3315.86 | G5: 3060.06 | H5: =(G5-F5)/F5 -> -0.077144391
A6: 二、其他收入 | E6: 二、其他各项支出
A7: 本年收入合计 | B7: =SUM(B5:B6) -> 3315.86 | C7: =SUM(C5:C6) -> 3060.06 | D7: =(C7-B7)/B7 -> -0.077144391 | E7: 本年支出合计 | F7: =SUM(F5:F6) -> 3315.86 | G7: =SUM(G5:G6) -> 3060.06 | H7: =(G7-F7)/F7 -> -0.077144391
A8: 上年结转收入 | E8: 结转下年支出
A9: 收入总计 | B9: =B7+B8 -> 3315.86 | C9: =C7+C8 -> 3060.06 | E9: 支出总计 | F9: =F7+F8 -> 3315.86 | G9: =G7+G8 -> 3060.06

Sheet 69
A1: 表69
A2: 2026年文登区本级财政专户管理资金收支计划草案表
A3: 单位:万元
A4: 收入科目 | B4: 2025年 执行数 | C4: 2026年 计划数 | D4: 比上年增长 | E4: 支出科目 | F4: 2025年 执行数 | G4: 2026年 计划数 | H4: 比上年增长
A5: 一、行政事业性收费收入 (教育收费) | B5: 3060.06 | C5: 2696.3 | D5: =(C5-B5)/B5 -> -0.11887349 | E5: 一、教育支出 | F5: 3060.06 | G5: 2696.3 | H5: =(G5-F5)/F5 -> -0.11887349
A6: 二、其他收入 | E6: 二、其他各项支出
A7: 本年收入合计 | B7: =SUM(B5:B6) -> 3060.06 | C7: =SUM(C5:C6) -> 2696.3 | D7: =(C7-B7)/B7 -> -0.11887349 | E7: 本年支出合计 | F7: =SUM(F5:F6) -> 3060.06 | G7: =SUM(G5:G6) -> 2696.3 | H7: =(G7-F7)/F7 -> -0.11887349
A8: 上年结转收入 | E8: 结转下年支出
A9: 收入总计 | B9: =B7+B8 -> 3060.06 | C9: =C7+C8 -> 2696.3 | E9: 支出总计 | F9: =F7+F8 -> 3060.06 | G9: =G7+G8 -> 2696.3
